Workbook
Name \A: #REF!
Name \A: #REF!
Name \A: #REF!
Name \A: #REF!
Name \A: #REF!
Name \A: #REF!
Name \A: #REF!
Name \A: #REF!
Name \A: #REF!
Name \A: #REF!
Name \A: #REF!
Name \A: #REF!
Name \A: #REF!
Name \A: #REF!
Name \A: #REF!
Name \L: #REF!
Name \P: #REF!
Name \P: #REF!
Name \P: #REF!
Name \P: #REF!
Name \P: #REF!
Name \P: #REF!
Name \P: #REF!
Name \P: #REF!
Name \P: #REF!
Name \P: #REF!
Name \P: #REF!
Name \P: #REF!
Name \P: #REF!
Name \P: #REF!
Name \P: #REF!
Name ___LI97: #REF!
Name ___PIB01: #REF!
Name ___PIB02: #REF!
Name ___pib1: #REF!
Name ___var1: #REF!
Name __arp2: #REF!
Name __arp2: #REF!
Name __fmi1: #REF!
Name __fmi2: #REF!
Name __fmi3: #REF!
Name __fmi4: #REF!
Name __ivm2: #REF!
Name __ivm2: #REF!
Name __LI97: #REF!
Name __PIB01: #REF!
Name __PIB02: #REF!
Name __pib1: #REF!
Name __PIb2000: #REF!
Name __PIB93: #REF!
Name __PIB94: #REF!
Name __PIB95: #REF!
Name __PIB96: #REF!
Name __PIB97: #REF!
Name __PIB98: #REF!
Name __PIB99: #REF!
Name __rez2: #REF!
Name __rez3: #REF!
Name __rez4: #REF!
Name __var1: #REF!

Sheet ÍNDICE
A5: ÍNDICE DE CUADROS Y GRÁFICOS DE INGRESOS DEL PRESUPUESTO GENERAL DE LA NACIÓN-PGN
A6: Cifras a precios constantes 2026
A8: CUADROS
A9: Cuadro No. 1A. Aforo Ingresos del Presupuesto General de la Nación-PGN
A10: Cuadro No. 1B. Recaudo Ingresos del Presupuesto General de la Nación-PGN
A11: Cuadro No. 2A. Aforo Ingresos Corrientes de la Nación
A12: Cuadro No. 2B. Recaudo Ingresos Corrientes de la Nación
A13: Cuadro No. 3A. Aforo Recursos de Capital de la Nación
A14: Cuadro No. 3B. Recaudo Recursos de Capital de la Nación
A15: Cuadro No. 4A. Aforo Fondos Especiales de la Nación
A16: Cuadro No. 4B. Recaudo Fondos Especiales de la Nación
A17: Cuadro No. 5A. Aforo Contribuciones Parafiscales de la Nación
... A28: Gráfico No. 4. Recaudo Ingresos del Presupuesto Nacional

Sheet CUADRO 1A
B7: Cuadro No. 1A. Aforo Ingresos del Presupuesto General de la Nación-PGN
B8: Valores en miles de millones de pesos (precios constantes 2026)
B9: CONCEPTO | C9: 2000 | D9: 2001 | E9: 2002 | F9: 2003 | G9: 2004 | H9: 2005 1/ | I9: 2006 | J9: 2007 | K9: 2008 | L9: 2009 | M9: 2010 | N9: 2011 | O9: 2012 | P9: 2013 2/ | Q9: 2014 | R9: 2015 | S9: 2016 | T9: 2017 | U9: 2018 | V9: 2019 | W9: 2020 | X9: 2021 | Y9: 2022 | Z9: 2023 | AA9: 2024 | AB9: 2025 | AC9: 2026 3/
B10: Ingresos del Presupuesto Nacional | C10: 173214.54 | D10: 201021.72 | E10: 199930.07 | F10: 203398.4 | G10: 213387.4 | H10: 231666.86 | I10: 260508.28 | J10: 272843.08 | K10: 269459.99 | L10: 296712.81 | M10: 301490.4 | N10: 293344.65 | O10: 315223.93 | P10: 359251.66 | Q10: 363255.14 | R10: 358171.77 | S10: 341700.55 | T10: 357643.2 | U10: 354396.68 | V10: 366371.34 | W10: 450656.67 | X10: 471353.96 | Y10: 427603.57 | Z10: 470581.73 | AA10: 499494.94 | AB10: 513360.45 | AC10: 520809.04
B11: Ingresos Corrientes de la Nación | C11: 73334.541 | D11: 88501.202 | E11: 94394.807 | F11: 97036.048 | G11: 106103.78 | H11: 107265.05 | I11: 121938.45 | J11: 134689.84 | K11: 153171.34 | L11: 171085.77 | M11: 156429.17 | N11: 159186.11 | O11: 185158.26 | P11: 207181.54 | Q11: 203326.04 | R11: 202725.37 | S11: 203072.94 | T11: 208459.88 | U11: 222967.95 | V11: 224295.94 | W11: 207634.7 | X11: 219968.7 | Y11: 218901.66 | Z11: 323144.42 | AA11: 322072.67 | AB11: 324614.73 | AC11: 322818.69
B12: Recursos de Capital de la Nación | C12: 87892.395 | D12: 97526.329 | E12: 94921.367 | F12: 96214.516 | G12: 96287.345 | H12: 113789.37 | I12: 125262.93 | J12: 124391.1 | K12: 104984.5 | L12: 109948.51 | M12: 122910.64 | N12: 115659.19 | O12: 110162.88 | P12: 123245.92 | Q12: 116925.88 | R12: 117006.84 | S12: 104360.82 | T12: 122847.69 | U12: 110288.26 | V12: 122214.11 | W12: 159418.38 | X12: 194430.76 | Y12: 188119.27 | Z12: 127173.95 | AA12: 157012.4 | AB12: 166073.69 | AC12: 176244.52
B13: Contribuciones Parafiscales de la Nación | C13: 2834.5638 | D13: 3624.7682 | E13: 1210.0617 | F13: 2505.648 | G13: 1393.8005 | H13: 1482.858 | I13: 1576.8279 | J13: 1552.0738 | K13: 1692.8124 | L13: 1893.7184 | M13: 2530.5671 | N13: 1901.8955 | O13: 2160.49 | P13: 2448.3665 | Q13: 2508.0248 | R13: 2508.7334 | S13: 2703.5575 | T13: 2765.7252 | U13: 3121.9314 | V13: 3243.4909 | W13: 3427.6497 | X13: 3501.4849 | Y13: 3119.512 | Z13: 3174.0484 | AA13: 3462.5477 | AB13: 4274.924 | AC13: 4263.02
B14: Fondos Especiales de la Nación | C14: 9153.0403 | D14: 11369.425 | E14: 9403.8391 | F14: 7642.1869 | G14: 9602.4757 | H14: 9129.5734 | I14: 11730.059 | J14: 12210.063 | K14: 9611.3298 | L14: 13784.823 | M14: 19620.028 | N14: 16597.453 | O14: 17742.302 | P14: 26375.83 | Q14: 40495.188 | R14: 35930.824 | S14: 31563.234 | T14: 23569.904 | U14: 18018.532 | V14: 16617.806 | W14: 80175.928 | X14: 53453.018 | Y14: 17463.132 | Z14: 17089.312 | AA14: 16947.325 | AB14: 18397.103 | AC14: 17482.81
B15: Ingresos de los Establecimientos Públicos | C15: 15599.519 | D15: 16525.322 | E15: 16380.349 | F15: 14897.595 | G15: 22269.158 | H15: 21359.872 | I15: 18357.614 | J15: 19036.149 | K15: 20381.805 | L15: 25438.571 | M15: 27715.653 | N15: 27324.625 | O15: 27405.551 | P15: 29251.365 | Q15: 22346.619 | R15: 22478.122 | S15: 23161.101 | T15: 24348.599 | U15: 22189.764 | V15: 23104.422 | W15: 22667.171 | X15: 27154.282 | Y15: 24209.935 | Z15: 25532.363 | AA15: 30072.269 | AB15: 27915.958 | AC15: 30225.513
B16: Ingresos Corrientes | C16: 7476.0432 | D16: 8236.8883 | E16: 9338.8432 | F16: 8182.0774 | G16: 14836.75 | H16: 14608.349 | I16: 9457.3594 | J16: 8984.1042 | K16: 10123.372 | L16: 13094.26 | M16: 11920.322 | N16: 12004.402 | O16: 12159.931 | P16: 13260.388 | Q16: 13434.021 | R16: 12627.926 | S16: 12139.954 | T16: 12731.482 | U16: 11658.194 | V16: 12532.629 | W16: 12754.65 | X16: 15821.409 | Y16: 14486.558 | Z16: 12922.324 | AA16: 15155.861 | AB16: 13414.592 | AC16: 14510.812
B17: Recursos de Capital | C17: 2792.6318 | D17: 3044.4135 | E17: 1833.9616 | F17: 1455.8404 | G17: 2073.5108 | H17: 1248.0307 | I17: 2636.7471 | J17: 3286.6047 | K17: 2807.0425 | L17: 4128.3835 | M17: 6757.0212 | N17: 5631.7175 | O17: 4863.1104 | P17: 4297.2025 | Q17: 4930.1391 | R17: 4805.9816 | S17: 5309.5727 | T17: 5454.3973 | U17: 4113.7784 | V17: 4016.2119 | W17: 3400.577 | X17: 4671.9469 | Y17: 3734.3261 | Z17: 5713.5685 | AA17: 7840.4834 | AB17: 7214.6712 | AC17: 8164.3319
B18: Contribuciones Parafiscales de los Establecimientos Públicos | C18: 5330.8444 | D18: 5155.2046 | E18: 5094.4702 | F18: 5102.2624 | G18: 5247.9319 | H18: 5389.2279 | I18: 6021.2591 | J18: 6526.4526 | K18: 7221.2717 | L18: 7987.4205 | M18: 8652.1274 | N18: 9277.9601 | O18: 9935.238 | P18: 10968.531 | Q18: 3232.6472 | R18: 4307.4729 | S18: 4892.2307 | T18: 5211.8592 | U18: 5575.9015 | V18: 5732.7388 | W18: 5515.3822 | X18: 5722.1556 | Y18: 5184.6204 | Z18: 5875.2566 | AA18: 6226.3139 | AB18: 6309.8765 | AC18: 6513.0336
B19: Fondos Especiales Establecimientos Públicos | C19: 0 | D19: 88.815194 | E19: 113.07387 | F19: 157.41492 | G19: 110.96511 | H19: 114.26446 | I19: 242.24871 | J19: 238.98777 | K19: 230.11897 | L19: 228.50734 | M19: 386.18195 | N19: 410.54503 | O19: 447.2717 | P19: 725.24367 | Q19: 749.81173 | R19: 736.74133 | S19: 819.34318 | T19: 950.86039 | U19: 841.88989 | V19: 822.8427 | W19: 996.56125 | X19: 938.76993 | Y19: 804.43121 | Z19: 1021.2141 | AA19: 849.61115 | AB19: 976.81781 | AC19: 1037.3354
B20: TOTAL INGRESOS DEL PGN | C20: 188814.06 | D20: 217547.05 | E20: 216310.42 | F20: 218295.99 | G20: 235656.56 | H20: 253026.73 | I20: 278865.89 | J20: 291879.23 | K20: 289841.79 | L20: 322151.39 | M20: 329206.06 | N20: 320669.28 | O20: 342629.48 | P20: 388503.03 | Q20: 385601.75 | R20: 380649.89 | S20: 364861.65 | T20: 381991.8 | U20: 376586.44 | V20: 389475.76 | W20: 473323.84 | X20: 498508.24 | Y20: 451813.5 | Z20: 496114.09 | AA20: 529567.21 | AB20: 541276.4 | AC20: 551034.55
B21: Variación Porcentual | D21: 0.15217609 | E21: -0.0056843881 | F21: 0.0091792614 | G21: 0.079527638 | H21: 0.073709686 | I21: 0.10212028 | J21: 0.046665234 | K21: -0.0069804203 | L21: 0.11147321 | M21: 0.021898617 | N21: -0.025931422 | O21: 0.068482404 | P21: 0.13388676 | Q21: -0.0074678257 | R21: -0.012841914 | S21: -0.041477064 | T21: 0.046949709 | U21: -0.014150446 | V21: 0.034226723 | W21: 0.21528444 | X21: 0.053207549 | Y21: -0.093668931 | Z21: 0.098050607 | AA21: 0.067430296 | AB21: 0.02211087 | AC21: 0.018028031
B22: Fuente: Ministerio de Hacienda y Crédito Público. Ejecución de ingresos y gastos de las entidades que conforman el Presupuesto General de la Nación.
B23: Nota 1/: Los ingresos del Presupuesto Nacional del año 2005 no incluyen ingresos por $1,486 mm de la Ley de Financiamiento que el Congreso de la República no aprobó.
B24: Nota 2/: Los ingresos del Presupuesto Nacional del año 2013 no incluyen la sustitución de ingresos CREE contenidos en los Decretos 850 y 939 de 2013, los cuales no fueron modificados dentro de los ingresos de los Establecimientos Públicos.
B25: Nota 3/: Información a agosto de 2026.
B27: Deflactor 2026 | C27: 0.2679589 | D27: 0.28845321 | E27: 0.3086214 | F27: 0.32865513 | G27: 0.34672125 | H27: 0.36355514 | I27: 0.37983495 | J27: 0.40146451 | K27: 0.43227438 | L27: 0.44092769 | M27: 0.45491048 | N27: 0.47186356 | O27: 0.48337704 | P27: 0.49275455 | Q27: 0.51078937 | R27: 0.54536981 | S27: 0.57672857 | T27: 0.60031677 | U27: 0.61940684 | V27: 0.6429443 | W27: 0.65329571 | X27: 0.69001092 | Y27: 0.78054036 | Z27: 0.8529745 | AA27: 0.89732918 | AB27: 0.94310212 | AC27: 1

Sheet CUADRO 1B
B7: Cuadro No. 1B. Recaudo Ingresos del Presupuesto General de la Nación-PGN
B8: Valores en miles de millones de pesos (precios constantes 2026)
B9: CONCEPTO | C9: 2000 | D9: 2001 | E9: 2002 | F9: 2003 | G9: 2004 | H9: 2005 | I9: 2006 | J9: 2007 | K9: 2008 | L9: 2009 | M9: 2010 | N9: 2011 | O9: 2012 | P9: 2013 | Q9: 2014 | R9: 2015 2/ | S9: 2016 2/ | T9: 2017 | U9: 2018 | V9: 2019 | W9: 2020 | X9: 2021 | Y9: 2022 | Z9: 2023 | AA9: 2024 | AB9: 2025 | AC9: 2026 3/
B10: Ingresos del Presupuesto Nacional | C10: 163620.61 | D10: 199916.05 | E10: 174930.35 | F10: 200681.26 | G10: 194584.41 | H10: 235997.2 | I10: 245274.02 | J10: 230424.43 | K10: 260077.39 | L10: 271939.28 | M10: 248557.6 | N10: 281288.94 | O10: 291733.34 | P10: 333066.61 | Q10: 335018.73 | R10: 334775.01 | S10: 317580.7 | T10: 335320.83 | U10: 331303.98 | V10: 345653.3 | W10: 420888.47 | X10: 438066.55 | Y10: 391818.22 | Z10: 438906.48 | AA10: 413537.01 | AB10: 478905.83 | AC10: 340447.37
B11: Ingresos Corrientes de la Nación 1/ | C11: 75110.538 | D11: 87924.663 | E11: 88863.859 | F11: 96430.872 | G11: 106500.31 | H11: 117098.67 | I11: 135611.57 | J11: 143929.66 | K11: 150410.33 | L11: 148877.45 | M11: 149312.56 | N11: 179331.29 | O11: 199555.34 | P11: 200510.36 | Q11: 188726.49 | R11: 196209.29 | S11: 189272.69 | T11: 213840.36 | U11: 214150.9 | V11: 237983.3 | W11: 202897.47 | X11: 235443.69 | Y11: 273260.6 | Z11: 309720.79 | AA11: 275460.69 | AB11: 289148.18 | AC11: 201610.65
B12: Recursos de Capital de la Nación | C12: 78082.315 | D12: 105049.93 | E12: 75962.065 | F12: 94766.517 | G12: 79005.894 | H12: 108436.68 | I12: 98604.676 | J12: 72443.915 | K12: 97942.854 | L12: 113288.96 | M12: 88863.836 | N12: 88531.211 | O12: 78408.771 | P12: 108683.15 | Q12: 104741.02 | R12: 102255.68 | S12: 94510.52 | T12: 93921.797 | U12: 95361.568 | V12: 86239.804 | W12: 162772.21 | X12: 138810.64 | Y12: 94175.757 | Z12: 106390.81 | AA12: 114525.95 | AB12: 164503.31 | AC12: 123075.69
B13: Contribuciones Parafiscales de la Nación | C13: 0 | D13: 0 | E13: 2123.55 | F13: 0 | G13: 0 | H13: 0 | I13: 0 | J13: 1558.5204 | K13: 1486.3614 | L13: 477.11711 | M13: 0 | N13: 2262.9657 | O13: 1313.3741 | P13: 3595.1287 | Q13: 3904.9026 | R13: 2609.2517 | S13: 2832.0614 | T13: 2923.3779 | U13: 3215.2363 | V13: 3275.4538 | W13: 3332.4446 | X13: 3314.237 | Y13: 3425.5616 | Z13: 2996.9795 | AA13: 3975.0283 | AB13: 4167.0234 | AC13: 2886.6323
B14: Fondos Especiales de la Nación | C14: 10427.755 | D14: 6941.4526 | E14: 7980.8755 | F14: 9483.8745 | G14: 9078.2128 | H14: 10461.845 | I14: 11057.776 | J14: 12492.329 | K14: 10237.843 | L14: 9295.7465 | M14: 10381.206 | N14: 11163.47 | O14: 12455.857 | P14: 20277.973 | Q14: 37646.318 | R14: 33700.787 | S14: 30965.426 | T14: 24635.291 | U14: 18576.272 | V14: 18154.743 | W14: 51886.346 | X14: 60497.986 | Y14: 20956.299 | Z14: 19797.892 | AA14: 19575.333 | AB14: 21087.321 | AC14: 12874.398
B15: Ingresos de los Establecimientos Públicos | C15: 12776.89 | D15: 15002.918 | E15: 19379.453 | F15: 15716.531 | G15: 22407.953 | H15: 22641.646 | I15: 19445.35 | J15: 20586.402 | K15: 22466.353 | L15: 25861.707 | M15: 27132.06 | N15: 17922.583 | O15: 27107.998 | P15: 28226.446 | Q15: 24913.967 | R15: 24771.771 | S15: 25648.431 | T15: 26764.256 | U15: 25059.342 | V15: 25873.119 | W15: 23958.403 | X15: 27833.404 | Y15: 30455.581 | Z15: 29380.319 | AA15: 33246.141 | AB15: 32703.589 | AC15: 21475.807
B16: Ingresos Corrientes | C16: 7193.1957 | D16: 7752.057 | E16: 12994.278 | F16: 8469.3364 | G16: 14686.18 | H16: 15329.479 | I16: 9864.1341 | J16: 9277.4153 | K16: 11491.423 | L16: 12017.309 | M16: 11048.422 | N16: 8652.5187 | O16: 12170.048 | P16: 15199.761 | Q16: 13741.824 | R16: 13702.558 | S16: 13683.953 | T16: 13230.691 | U16: 14254.88 | V16: 14935.09 | W16: 12921.527 | X16: 15458.295 | Y16: 19159.404 | Z16: 16428.413 | AA16: 17461.645 | AB16: 16454.703 | AC16: 11325.875
B17: Recursos de Capital | C17: 1657.4123 | D17: 2022.8981 | E17: 1115.1969 | F17: 1606.074 | G17: 2095.2513 | H17: 1547.6803 | I17: 2835.1686 | J17: 4222.4591 | K17: 3363.2629 | L17: 5435.5043 | M17: 7062.3103 | N17: 3238.0296 | O17: 4600.0512 | P17: 5078.7885 | Q17: 5149.0711 | R17: 5085.651 | S17: 5866.3518 | T17: 7124.7078 | U17: 4021.6998 | V17: 4129.1755 | W17: 4274.0592 | X17: 5524.7487 | Y17: 4257.5141 | Z17: 5589.7971 | AA17: 8022.4 | AB17: 7507.225 | AC17: 4657.6578
B18: Contribuciones Parafiscales de los Establecimientos Públicos | C18: 3926.2822 | D18: 5092.4902 | E18: 5161.5972 | F18: 5243.0796 | G18: 5521.4871 | H18: 5637.9874 | I18: 6640.0053 | J18: 6971.7393 | K18: 7493.1042 | L18: 8303.1914 | M18: 8793.3295 | N18: 5932.7317 | O18: 10064.331 | P18: 7367.1492 | Q18: 5364.8421 | R18: 5338.033 | S18: 5415.938 | T18: 5567.7815 | U18: 5840.0228 | V18: 5856.7923 | W18: 5883.1731 | X18: 5951.5649 | Y18: 5923.5931 | Z18: 6156.0671 | AA18: 6495.4732 | AB18: 6727.4541 | AC18: 4312.1995
B19: Fondos Especiales Establecimientos Públicos | C19: 0 | D19: 135.47274 | E19: 108.3808 | F19: 398.04125 | G19: 105.03451 | H19: 126.49923 | I19: 106.04187 | J19: 114.78828 | K19: 118.56352 | L19: 105.70167 | M19: 227.99846 | N19: 99.303261 | O19: 273.56751 | P19: 580.74727 | Q19: 658.22921 | R19: 645.52943 | S19: 682.18851 | T19: 841.07603 | U19: 942.73921 | V19: 952.06087 | W19: 879.64339 | X19: 898.79519 | Y19: 1115.07 | Z19: 1206.0417 | AA19: 1266.6223 | AB19: 2014.2066 | AC19: 1180.0744
B20: TOTAL INGRESOS DEL PGN | C20: 176397.5 | D20: 214918.96 | E20: 194309.8 | F20: 216397.8 | G20: 216992.37 | H20: 258638.84 | I20: 264719.37 | J20: 251010.83 | K20: 282543.74 | L20: 297800.98 | M20: 275689.66 | N20: 299211.52 | O20: 318841.34 | P20: 361293.06 | Q20: 359932.7 | R20: 359546.79 | S20: 343229.13 | T20: 362085.08 | U20: 356363.32 | V20: 371526.42 | W20: 444846.87 | X20: 465899.96 | Y20: 422273.8 | Z20: 468286.8 | AA20: 446783.15 | AB20: 511609.42 | AC20: 361923.18
B21: Variación Porcentual | D21: 0.21837875 | E21: -0.095892717 | F21: 0.11367411 | G21: 0.0027475911 | H21: 0.19192599 | I21: 0.023509709 | J21: -0.051785179 | K21: 0.12562371 | L21: 0.053999578 | M21: -0.074248647 | N21: 0.085320056 | O21: 0.065605143 | P21: 0.13314373 | Q21: -0.0037652632 | R21: -0.0010721755 | S21: -0.045383956 | T21: 0.054936929 | U21: -0.01580227 | V21: 0.042549566 | W21: 0.19734922 | X21: 0.047326585 | Y21: -0.093638458 | Z21: 0.10896483 | AA21: -0.045919834 | AB21: 0.14509561 | AC21: -0.29257913
B22: Fuente: Ministerio de Hacienda y Crédito Público. Ejecución de ingresos y gastos de las entidades que conforman el Presupuesto General de la Nación.
B23: Nota 1/: La fuente de los datos de los Ingresos Corrientes de la Nación en las vigencias 2000-2021 es el Plan Financiero y el flujo de caja de la Dirección General de Crédito Público y Tesoro Nacional- DGCPTN. En las vigencias 2022-2025 es el Sistema Integrado de Información Financiera-SIIF.
B24: Nota 2/: En las vigencias 2015-2016 la suma del recaudo de la Sobretasa Impuesto sobre la Renta para la Equidad CREE y del Fondo especial Impuesto para la Renta CREE es el registrado en el SIIF.
B25: Nota 3/: Información a agosto de 2026.
B27: Deflactor 2026 | C27: ='CUADRO 1A'!C27 -> 0.2679589 | D27: ='CUADRO 1A'!D27 -> 0.28845321 | E27: ='CUADRO 1A'!E27 -> 0.3086214 | F27: ='CUADRO 1A'!F27 -> 0.32865513 | G27: ='CUADRO 1A'!G27 -> 0.34672125 | H27: ='CUADRO 1A'!H27 -> 0.36355514 | I27: ='CUADRO 1A'!I27 -> 0.37983495 | J27: ='CUADRO 1A'!J27 -> 0.40146451 | ... AC27: ='CUADRO 1A'!AC27 -> 1

Sheet CUADRO 2A
B7: Cuadro No. 2A. Aforo Ingresos Corrientes de la Nación
B8: Valores en millones de pesos (precios constantes 2026)
B9: CONCEPTO | C9: 2000 | D9: 2001 | E9: 2002 | F9: 2003 | G9: 2004 | H9: 2005 1/ | I9: 2006 | J9: 2007 | K9: 2008 | L9: 2009 | M9: 2010 | N9: 2011 | O9: 2012 | P9: 2013 2/ | Q9: 2014 | R9: 2015 | S9: 2016 | T9: 2017 | U9: 2018 | V9: 2019 | W9: 2020 | X9: 2021 | Y9: 2022 | Z9: 2023 | AA9: 2024 | AB9: 2025 | AC9: 2026 3/
B10: 1-0-00-1-01 INGRESOS TRIBUTARIOS | C10: 70875500 | D10: 85979524 | E10: 92538973 | F10: 96523843 | G10: 1.0552261e+08 | H10: 1.0666829e+08 | I10: 1.2137152e+08 | J10: 1.3412408e+08 | K10: 1.5260226e+08 | L10: 1.7021376e+08 | M10: 1.5531151e+08 | N10: 1.5826654e+08 | O10: 1.8396258e+08 | P10: 2.0612858e+08 | Q10: 2.022299e+08 | R10: 2.0103671e+08 | S10: 2.0218106e+08 | T10: 2.0730549e+08 | U10: 2.2177348e+08 | V10: 2.2223074e+08 | W10: 2.0663246e+08 | X10: 2.1792785e+08 | Y10: 2.1698652e+08 | Z10: 3.2142573e+08 | AA10: 3.2035709e+08 | AB10: 3.2326476e+08 | AC10: 3.2146262e+08
B11: 1-0-00-1-01-1 IMPUESTOS DIRECTOS | C11: 25803584 | D11: 34578023 | E11: 39045794 | F11: 40541872 | G11: 46068189 | H11: 44700622 | I11: 51084964 | J11: 58962690 | K11: 61072453 | L11: 71646996 | M11: 65819002 | N11: 70860662 | O11: 89727762 | P11: 98196243 | Q11: 96680679 | R11: 93048783 | S11: 85539345 | T11: 93038816 | U11: 97893880 | V11: 1.0154916e+08 | W11: 1.0018105e+08 | X11: 1.0562559e+08 | Y11: 1.0390014e+08 | Z11: 1.7429659e+08 | AA11: 1.6348664e+08 | AB11: 1.5846384e+08 | AC11: 165244304
B12: 1-0-00-1-01-1-01 IMPUESTO SOBRE LA RENTA Y COMPLEMENTARIOS | C12: 25803584 | D12: 34578023 | E12: 36952141 | F12: 35651672 | G12: 44802561 | H12: 43427212 | I12: 49866361 | J12: 56065796 | K12: 54179671 | L12: 66966913 | M12: 61130167 | N12: 64059038 | O12: 80890147 | P12: 89770811 | Q12: 88566939 | R12: 77029823 | S12: 69570370 | T12: 88355443 | U12: 97893880 | V12: 98609560 | W12: 98874647 | X12: 1.0394662e+08 | Y12: 1.0294219e+08 | Z12: 1.6980594e+08 | AA12: 1.5846132e+08 | AB12: 1.5442554e+08 | AC12: 151060894
B13: 1-0-00-1-01-1-02 REGIMEN IMPOSITIVO DE SUSTITUCION | C13: 0 | D13: 0 | E13: 0 | F13: 0 | G13: 0 | H13: 0 | I13: 0 | J13: 0 | K13: 0 | L13: 0 | M13: 0 | N13: 0 | O13: 0 | P13: 0 | Q13: 0 | R13: 0 | S13: 0 | T13: 0 | U13: 0 | V13: 0 | W13: 0 | X13: 0 | Y13: 0 | Z13: 0 | AA13: 0 | AB13: 0 | AC13: 0
B14: 1-0-00-1-01-1-04 IMPUESTO PARA PRESERVAR LA SEGURIDAD DEMOCRÁTICA | C14: 0 | D14: 0 | E14: 2093652.6 | F14: 4890200 | G14: 0 | H14: 0 | I14: 0 | J14: 0 | K14: 0 | L14: 0 | M14: 0 | N14: 0 | O14: 0 | P14: 0 | Q14: 0 | R14: 0 | S14: 0 | T14: 0 | U14: 0 | V14: 0 | W14: 0 | X14: 0 | Y14: 0 | Z14: 0 | AA14: 0 | AB14: 0 | AC14: 0
B15: 1-0-00-1-01-1-05 IMPUESTO AL PATRIMONIO | C15: 0 | D15: 0 | E15: 0 | F15: 0 | G15: 1265627.6 | H15: 1273410.7 | I15: 1218603 | J15: 2896893.7 | K15: 6892781.8 | L15: 4680082.6 | M15: 4688834.6 | N15: 5418560.9 | O15: 7072923.9 | P15: 6679861.2 | Q15: 6729961.9 | R15: 0 | S15: 0 | T15: 0 | U15: 0 | V15: 1244275.7 | W15: 1306399.2 | X15: 1336523.8 | Y15: 0 | Z15: 2080544 | AA15: 2197123.5 | AB15: 1494452.2 | AC15: 11109335
B16: 1-0-00-1-01-1-06 SOBRETASA IMPUESTO AL PATRIMONIO | C16: 0 | D16: 0 | E16: 0 | F16: 0 | G16: 0 | H16: 0 | I16: 0 | J16: 0 | K16: 0 | L16: 0 | M16: 0 | N16: 1383063.3 | O16: 1764690.8 | P16: 1745570.9 | Q16: 1383777.8 | R16: 0 | S16: 0 | T16: 0 | U16: 0 | V16: 0 | W16: 0 | X16: 0 | Y16: 0 | Z16: 0 | AA16: 0 | AB16: 0 | AC16: 0
B17: 1-0-00-1-01-1-08 IMPUESTO A LA RIQUEZA | C17: 0 | D17: 0 | E17: 0 | F17: 0 | G17: 0 | H17: 0 | I17: 0 | J17: 0 | K17: 0 | L17: 0 | M17: 0 | N17: 0 | O17: 0 | P17: 0 | Q17: 0 | R17: 8896284.6 | S17: 7505603.5 | T17: 4683372.4 | U17: 0 | V17: 139981.02 | W17: 0 | X17: 0 | Y17: 0 | Z17: 0 | AA17: 25969.288 | AB17: 0 | AC17: 0
B18: 1-0-00-1-01-1-08 SOBRETASA IMPUESTO SOBRE LA RENTA PARA LA EQUIDAD-CREE | C18: 0 | D18: 0 | E18: 0 | F18: 0 | G18: 0 | H18: 0 | I18: 0 | J18: 0 | K18: 0 | L18: 0 | M18: 0 | N18: 0 | O18: 0 | P18: 0 | Q18: 0 | R18: 7122675.2 | S18: 8463371.2 | T18: 0 | U18: 0 | V18: 0 | W18: 0 | X18: 0 | Y18: 0 | Z18: 0 | AA18: 0 | AB18: 0 | AC18: 0
B19: 1-0-00-1-01-1-10 IMPUESTO DE NORMALIZACIÓN TRIBUTARIA | C19: 0 | D19: 0 | E19: 0 | F19: 0 | G19: 0 | H19: 0 | I19: 0 | J19: 0 | K19: 0 | L19: 0 | M19: 0 | N19: 0 | O19: 0 | P19: 0 | Q19: 0 | R19: 0 | S19: 0 | T19: 0 | U19: 0 | V19: 1555344.7 | W19: 0 | X19: 0 | Y19: 461218.94 | Z19: 10381.319 | AA19: 0 | AB19: 0 | AC19: 0
B20: 1-0-00-1-01-1-12 IMPUESTO SIMPLE | C20: 0 | D20: 0 | E20: 0 | F20: 0 | G20: 0 | H20: 0 | I20: 0 | J20: 0 | K20: 0 | L20: 0 | M20: 0 | N20: 0 | O20: 0 | P20: 0 | Q20: 0 | R20: 0 | S20: 0 | T20: 0 | U20: 0 | V20: 0 | W20: 0 | X20: 342449.65 | Y20: 496739.21 | Z20: 2399722.4 | AA20: 2802222.5 | AB20: 2543846.5 | AC20: 3074075
B21: 1-0-00-1-01-2 IMPUESTOS INDIRECTOS | C21: 45071916 | D21: 51401500 | E21: 53493179 | F21: 55981971 | G21: 59454423 | H21: 61967670 | I21: 70286554 | J21: 75161387 | K21: 91529807 | L21: 98566768 | M21: 89492506 | N21: 87405876 | O21: 94234820 | P21: 1.0793233e+08 | Q21: 1.0554922e+08 | R21: 1.0798793e+08 | S21: 1.1664171e+08 | T21: 1.1426668e+08 | U21: 1.238796e+08 | V21: 1.2068157e+08 | W21: 1.0645141e+08 | X21: 1.1230225e+08 | Y21: 1.1308638e+08 | Z21: 1.4712914e+08 | AA21: 1.5687045e+08 | AB21: 1.6480092e+08 | AC21: 1.5621832e+08
... B44: TOTAL AFORO INGRESOS CORRIENTES DE LA NACIÓN | C44: 73334541 | D44: 88501202 | E44: 94394807 | F44: 97036048 | G44: 1.0610378e+08 | H44: 1.0726505e+08 | I44: 1.2193845e+08 | J44: 1.3468984e+08 | K44: 1.5317134e+08 | L44: 1.7108577e+08 | M44: 1.5642917e+08 | N44: 1.5918611e+08 | O44: 1.8515826e+08 | P44: 2.0718154e+08 | Q44: 2.0332604e+08 | R44: 2.0272537e+08 | S44: 2.0307294e+08 | T44: 2.0845988e+08 | U44: 2.2296795e+08 | V44: 2.2429594e+08 | W44: 2.076347e+08 | X44: 2.199687e+08 | Y44: 2.1890166e+08 | Z44: 3.2314442e+08 | AA44: 3.2207267e+08 | AB44: 3.2461473e+08 | AC44: 3.2281869e+08
B45: Variación Porcentual | D45: 0.2068147 | E45: 0.066593508 | F45: 0.027980787 | G45: 0.093447038 | H45: 0.010944687 | I45: 0.13679574 | J45: 0.10457235 | K45: 0.13721523 | L45: 0.11695675 | M45: -0.085668137 | N45: 0.017624229 | O45: 0.16315585 | P45: 0.11894305 | Q45: -0.018609287 | R45: -0.0029542526 | S45: 0.0017144918 | T45: 0.026527151 | U45: 0.069596453 | V45: 0.0059559428 | W45: -0.074282366 | X45: 0.059402371 | Y45: -0.004850881 | Z45: 0.47620821 | AA45: -0.0033166249 | AB45: 0.007892804 | AC45: -0.0055328373
B46: Fuente: Ministerio de Hacienda y Crédito Público. Ejecución de ingresos y gastos de las entidades que conforman el Presupuesto General de la Nación.
B47: Nota 1/: Los ingresos del Presupuesto Nacional del año 2005 no incluyen ingresos por $1,486 mm de la Ley de Financiamiento que el Congreso de la República no aprobó.
B48: Nota 2/: Los ingresos del Presupuesto Nacional del año 2013 no incluyen la sustitución de ingresos CREE contenidos en los Decretos 850 y 939 de 2013, los cuales no fueron modificados dentro de los ingresos de los Establecimientos Públicos.
B49: Nota 3/: Información a agosto de 2026.
B50: Nota 4/: El Impuesto Sobre las Ventas incluye el IVA Interno y Externo.
B51: ='[1]CUADRO 2A'!B48 -> #REF! | C51: ='CUADRO 1B'!C27 -> 0.2679589 | D51: ='CUADRO 1B'!D27 -> 0.28845321 | E51: ='CUADRO 1B'!E27 -> 0.3086214 | F51: ='CUADRO 1B'!F27 -> 0.32865513 | G51: ='CUADRO 1B'!G27 -> 0.34672125 | H51: ='CUADRO 1B'!H27 -> 0.36355514 | I51: ='CUADRO 1B'!I27 -> 0.37983495 | J51: ='CUADRO 1B'!J27 -> 0.40146451 | ... AC51: ='CUADRO 1B'!AC27 -> 1

Sheet CUADRO 2B
B7: Cuadro No. 2B. Recaudo Ingresos Corrientes de la Nación 1/
B8: Valores en millones de pesos (precios constantes 2026)
B9: CONCEPTO | C9: 2000 | D9: 2001 | E9: 2002 | F9: 2003 | G9: 2004 | H9: 2005 | I9: 2006 | J9: 2007 | K9: 2008 | L9: 2009 | M9: 2010 | N9: 2011 | O9: 2012 | P9: 2013 | Q9: 2014 | R9: 2015 | S9: 2016 | T9: 2017 | U9: 2018 | V9: 2019 | W9: 2020 | X9: 2021 | Y9: 2022 | Z9: 2023 | AA9: 2024 | AB9: 2025 | AC9: 2026 3/
B10: 1-0-00-1-01 INGRESOS TRIBUTARIOS | C10: 73308893 | D10: 85982731 | E10: 87802746 | F10: 95457815 | G10: 1.0595355e+08 | H10: 1.1632169e+08 | I10: 1.3500412e+08 | J10: 1.4297567e+08 | K10: 1.4884958e+08 | L10: 1.4779782e+08 | M10: 1.4793453e+08 | N10: 1.7812393e+08 | O10: 1.970837e+08 | P10: 1.9851478e+08 | Q10: 1.8750308e+08 | R10: 1.9496117e+08 | S10: 1.8814051e+08 | T10: 2.0476077e+08 | U10: 2.128166e+08 | V10: 2.3568612e+08 | W10: 2.0035955e+08 | X10: 2.3414872e+08 | Y10: 2.7186671e+08 | Z10: 3.0822404e+08 | AA10: 2.7362142e+08 | AB10: 2.8832706e+08 | AC10: 2.011547e+08
B11: 1-0-00-1-01-1 IMPUESTOS DIRECTOS | C11: 26509755 | D11: 33289202 | E11: 36795483 | F11: 39435204 | G11: 45089675 | H11: 48992122 | I11: 56827029 | J11: 61557188 | K11: 63959466 | L11: 68354408 | M11: 61966876 | N11: 79882328 | O11: 98994107 | P11: 99499465 | Q11: 81356876 | R11: 87906718 | S11: 87256685 | T11: 94346259 | U11: 98553527 | V11: 1.1312007e+08 | W11: 97280217 | X11: 1.0751619e+08 | Y11: 1.2358692e+08 | Z11: 1.6579383e+08 | AA11: 1.3343431e+08 | AB11: 1.3752028e+08 | AC11: 1.0055353e+08
B12: 1-0-00-1-01-1-01 IMPUESTO SOBRE LA RENTA Y COMPLEMENTARIOS | C12: 26509755 | D12: 33289202 | E12: 34710948 | F12: 35666556 | G12: 44371076 | H12: 47745273 | I12: 56796623 | J12: 58564550 | K12: 56531961 | L12: 63777005 | M12: 57633635 | N12: 70915767 | O12: 90337263 | P12: 90850668 | Q12: 73256102 | R12: 71028276 | S12: 69735400 | T12: 87969255 | U12: 97726121 | V12: 1.0984512e+08 | W12: 94519457 | X12: 1.0537084e+08 | Y12: 1.2230732e+08 | Z12: 1.6356427e+08 | AA12: 1.3044208e+08 | AB12: 1.3444656e+08 | AC12: 93156678
B13: 1-0-00-1-01-1-02 REGIMEN IMPOSITIVO DE SUSTITUCION | C13: 0 | D13: 0 | E13: 0 | F13: 0 | G13: 0 | H13: 0 | I13: 0 | J13: 0 | K13: 0 | L13: 0 | M13: 0 | N13: 0 | O13: 0 | P13: 0 | Q13: 0 | R13: 0 | S13: 0 | T13: 0 | U13: 0 | V13: 0 | W13: 0 | X13: 0 | Y13: 0 | Z13: 0 | AA13: 0 | AB13: 0 | AC13: 0
B14: 1-0-00-1-01-1-04 IMPUESTO PARA PRESERVAR LA SEGURIDAD DEMOCRÁTICA | C14: 0 | D14: 0 | E14: 2084535.7 | F14: 3768648.7 | G14: 718599.19 | H14: 20862.763 | I14: 7785.7486 | J14: 23868.22 | K14: 21361.668 | L14: 6134.2983 | M14: 6559.8191 | N14: 5681.2619 | O14: 5374.247 | P14: 8445.8777 | Q14: 334.10099 | R14: 1350.5395 | S14: 288.54252 | T14: 298.20879 | U14: 43.155691 | V14: 1576.7951 | W14: 0 | X14: 0 | Y14: 0 | Z14: 0 | AA14: 0 | AB14: 0 | AC14: 0
B15: 1-0-00-1-01-1-05 IMPUESTO AL PATRIMONIO | C15: 0 | D15: 0 | E15: 0 | F15: 0 | G15: 0 | H15: 1225986.6 | I15: 22620.4 | J15: 2968770 | K15: 7406143.4 | L15: 4571269.3 | M15: 4326681 | N15: 8960879.5 | O15: 8651469.4 | P15: 6924307.1 | Q15: 6466698 | R15: 210264.78 | S15: 59902.824 | T15: 33801.055 | U15: 29788.176 | V15: 1337381.5 | W15: 1422478 | X15: 1433761.7 | Y15: 93923.493 | Z15: 1420007.6 | AA15: 1634665.6 | AB15: 1316125.9 | AC15: 6064823.4
B16: 1-0-00-1-01-1-06 SOBRETASA IMPUESTO AL PATRIMONIO | C16: 0 | D16: 0 | E16: 0 | F16: 0 | G16: 0 | H16: 0 | I16: 0 | J16: 0 | K16: 0 | L16: 0 | M16: 0 | N16: 0 | O16: 0 | P16: 1716042.6 | Q16: 1633742.2 | R16: 31915.419 | S16: 6312.709 | T16: 2604.6389 | U16: 2483.4441 | V16: 1665.7935 | W16: 0 | X16: 0 | Y16: 0 | Z16: 0 | AA16: 0 | AB16: 0 | AC16: 0
B17: 1-0-00-1-01-1-08 IMPUESTO A LA RIQUEZA | C17: 0 | D17: 0 | E17: 0 | F17: 0 | G17: 0 | H17: 0 | I17: 0 | J17: 0 | K17: 0 | L17: 0 | M17: 0 | N17: 0 | O17: 0 | P17: 0 | Q17: 0 | R17: 9512236.6 | S17: 7628167 | T17: 6340299.8 | U17: 795091.1 | V17: 109212.87 | W17: 40250.756 | X17: 72499.597 | Y17: 18054.313 | Z17: 12349.297 | AA17: 6529.6392 | AB17: 9042.0833 | AC17: 3076.5516
B18: 1-0-00-1-01-1-08 SOBRETASA IMPUESTO SOBRE LA RENTA PARA LA EQUIDAD-CREE | C18: 0 | D18: 0 | E18: 0 | F18: 0 | G18: 0 | H18: 0 | I18: 0 | J18: 0 | K18: 0 | L18: 0 | M18: 0 | N18: 0 | O18: 0 | P18: 0 | Q18: 0 | R18: 7122675.6 | S18: 9826613.8 | T18: 0 | U18: 0 | V18: 0 | W18: 0 | X18: 0 | Y18: 0 | Z18: 0 | AA18: 0 | AB18: 0 | AC18: 0
B19: 1-0-00-1-01-1-10 IMPUESTO DE NORMALIZACIÓN TRIBUTARIA | C19: 0 | D19: 0 | E19: 0 | F19: 0 | G19: 0 | H19: 0 | I19: 0 | J19: 0 | K19: 0 | L19: 0 | M19: 0 | N19: 0 | O19: 0 | P19: 0 | Q19: 0 | R19: 0 | S19: 0 | T19: 0 | U19: 0 | V19: 1751802.2 | W19: 951686.63 | X19: 202238.25 | Y19: 307029.84 | Z19: 6786.9586 | AA19: 969.88433 | AB19: 1272.7583 | AC19: 319692.65
B20: 1-0-00-1-01-1-12 IMPUESTO SIMPLE | C20: 0 | D20: 0 | E20: 0 | F20: 0 | G20: 0 | H20: 0 | I20: 0 | J20: 0 | K20: 0 | L20: 0 | M20: 0 | N20: 0 | O20: 0 | P20: 0 | Q20: 0 | R20: 0 | S20: 0 | T20: 0 | U20: 0 | V20: 73309.557 | W20: 346344.53 | X20: 436850.65 | Y20: 860583.78 | Z20: 790415.32 | AA20: 1350064.2 | AB20: 1747279.1 | AC20: 1009262.1
B21: 1-0-00-1-01-2 IMPUESTOS INDIRECTOS | C21: 46799138 | D21: 52693530 | E21: 51007263 | F21: 56022612 | G21: 60863877 | H21: 67329564 | I21: 78177090 | J21: 81418483 | K21: 84890115 | L21: 79443411 | M21: 85967656 | N21: 98241600 | O21: 98089597 | P21: 99015311 | Q21: 1.0614621e+08 | R21: 1.0705445e+08 | S21: 1.0088382e+08 | T21: 1.1041451e+08 | U21: 1.1426307e+08 | V21: 1.2256605e+08 | W21: 1.0307933e+08 | X21: 1.2663253e+08 | Y21: 1.4827979e+08 | Z21: 1.424302e+08 | AA21: 1.4018711e+08 | AB21: 1.5080677e+08 | AC21: 1.0060117e+08
... B44: TOTAL RECAUDO INGRESOS CORRIENTES DE LA NACIÓN | C44: 75110538 | D44: 87924663 | E44: 88863859 | F44: 96430872 | G44: 1.0650031e+08 | H44: 1.1709867e+08 | I44: 1.3561157e+08 | J44: 1.4392966e+08 | K44: 1.5041033e+08 | L44: 1.4887745e+08 | M44: 1.4931256e+08 | N44: 1.7933129e+08 | O44: 1.9955534e+08 | P44: 2.0051036e+08 | Q44: 1.8872649e+08 | R44: 1.9620929e+08 | S44: 1.8927269e+08 | T44: 2.1384036e+08 | U44: 2.141509e+08 | V44: 2.379833e+08 | W44: 2.0289747e+08 | X44: 2.3544369e+08 | Y44: 2.732606e+08 | Z44: 3.0972079e+08 | AA44: 2.7546069e+08 | AB44: 2.8914818e+08 | AC44: 2.0161065e+08
B45: Variación Porcentual | D45: 0.17060355 | E45: 0.010681822 | F45: 0.085152882 | G45: 0.10442129 | H45: 0.099514875 | I45: 0.15809653 | J45: 0.061337661 | K45: 0.045026614 | L45: -0.010191284 | M45: 0.0029225861 | N45: 0.20104625 | O45: 0.11277477 | P45: 0.0047857539 | Q45: -0.058769357 | R45: 0.039648916 | S45: -0.035353082 | T45: 0.1298004 | U45: 0.0014521921 | V45: 0.1112879 | W45: -0.1474298 | X45: 0.1604072 | Y45: 0.16061979 | Z45: 0.13342645 | AA45: -0.11061609 | AB45: 0.049689424 | AC45: -0.30274278
B46: Fuente: Ministerio de Hacienda y Crédito Público. Ejecución de ingresos y gastos de las entidades que conforman el Presupuesto General de la Nación.
B47: Nota 1/: La fuente de los datos de los Ingresos Corrientes de la Nación en las vigencias 2000-2021 es el Plan Financiero y el flujo de caja de la Dirección General de Crédito Público y Tesoro Nacional- DGCPTN. En las vigencias 2022-2025 es el Sistema Integrado de Información Financiera-SIIF.
B48: Nota 2/: El Impuesto sobre las Ventas solo incluye el IVA Interno
B49: Nota 3/: Información a agosto de 2026
B50: Nota 4/: El Impuesto sobre Aduanas y Recargos incluye el IVA Externo y Aranceles.
B51: ='[2]CUADRO 2B'!B51 -> 0 | C51: ='CUADRO 2A'!C51 -> 0.2679589 | D51: ='CUADRO 2A'!D51 -> 0.28845321 | E51: ='CUADRO 2A'!E51 -> 0.3086214 | F51: ='CUADRO 2A'!F51 -> 0.32865513 | G51: ='CUADRO 2A'!G51 -> 0.34672125 | H51: ='CUADRO 2A'!H51 -> 0.36355514 | I51: ='CUADRO 2A'!I51 -> 0.37983495 | J51: ='CUADRO 2A'!J51 -> 0.40146451 | ... AC51: ='CUADRO 2A'!AC51 -> 1

Sheet CUADRO 3A
B7: Cuadro No. 3A. Aforo Recursos de Capital de la Nación
B8: Valores en millones de pesos (precios constantes 2026)
B9: CONCEPTO | C9: 2000 | D9: 2001 | E9: 2002 | F9: 2003 | G9: 2004 | H9: 2005 | I9: 2006 | J9: 2007 | K9: 2008 | L9: 2009 | M9: 2010 | N9: 2011 | O9: 2012 | P9: 2013 | Q9: 2014 | R9: 2015 | S9: 2016 | T9: 2017 | U9: 2018 | V9: 2019 | W9: 2020 | X9: 2021 | Y9: 2022 | Z9: 2023 | AA9: 2024 | AB9: 2025 | AC9: 2026 3/
B10: 2-0-00-2-01 DISPOSICIÓN DE ACTIVOS | C10: 9357808.2 | D10: 2903961.8 | E10: 0 | F10: 0 | G10: 865248.38 | H10: 1182764.2 | I10: 2632722.4 | J10: 958988.89 | K10: 1295473.5 | L10: 7014755.7 | M10: 3077528.6 | N10: 5858024 | O10: 10579733 | P10: 3186170.7 | Q10: 0 | R10: 0 | S10: 0 | T10: 1080429.6 | U10: 0 | V10: 3888361.7 | W10: 535745.14 | X10: 20289534 | Y10: 9096262.5 | Z10: 0 | AA10: 0 | AB10: 0 | AC10: 0
B11: 2-0-00-2-02 EXCEDENTES FINANCIEROS, DIVIDENDOS Y UTILIDADES POR OTRAS INVERSIONES DE CAPITAL | C11: 5615643.3 | D11: 6572504.3 | E11: 8820547.7 | F11: 6056111.1 | G11: 8237433.9 | H11: 6227173.7 | I11: 7067804 | J11: 18401171 | K11: 13604785 | L11: 21727497 | M11: 11012321 | N11: 14705629 | O11: 14055645 | P11: 26015527 | Q11: 26608095 | R11: 17514080 | S11: 6309205.1 | T11: 3421060.5 | U11: 4825003.3 | V11: 13531977 | W11: 17512774 | X11: 12465089 | Y11: 12763630 | Z11: 33237034 | AA11: 32863543 | AB11: 20703994 | AC11: 20437986
B12: 2-0-00-2-03 TRASLADOS FONDOS DTN | C12: 0 | D12: 0 | E12: 0 | F12: 0 | G12: 3749409.6 | H12: 3575798.7 | I12: 1303197.6 | J12: 1260385.4 | K12: 0 | L12: 0 | M12: 0 | N12: 0 | O12: 0 | P12: 0 | Q12: 0 | R12: 0 | S12: 0 | T12: 0 | U12: 0 | V12: 0 | W12: 0 | X12: 0 | Y12: 0 | Z12: 0 | AA12: 0 | AB12: 0 | AC12: 0
B13: 2-0-00-2-05 RENDIMIENTOS FINANCIEROS | C13: 1845421.1 | D13: 2354430.3 | E13: 2734725.4 | F13: 2097423.5 | G13: 1994158.7 | H13: 1728890.4 | I13: 1470913.3 | J13: 1399874.7 | K13: 1452940.6 | L13: 1527354.2 | M13: 1799282.8 | N13: 1227751.2 | O13: 1164271.3 | P13: 1330598.5 | Q13: 1756135.8 | R13: 1684473.6 | S13: 874994.07 | T13: 2861822.4 | U13: 3117340.6 | V13: 4298873.6 | W13: 3110042.7 | X13: 613699.88 | Y13: 728497.06 | Z13: 1460316.8 | AA13: 1477130.2 | AB13: 0 | AC13: 1702657
B14: 2-0-00-2-06 RECURSOS DE CRÉDITO EXTERNO | C14: 17807974 | D14: 30144939 | E14: 29085082 | F14: 34526715 | G14: 26328908 | H14: 17156705 | I14: 26129039 | J14: 23509295 | K14: 13712575 | L14: 19813682 | M14: 19512212 | N14: 16526032 | O14: 16316405 | P14: 9761452.2 | Q14: 20660899 | R14: 18139636 | S14: 24671117 | T14: 30342506 | U14: 18895439 | V14: 21275748 | W14: 61141582 | X14: 52610761 | Y14: 50365109 | Z14: 32206121 | AA14: 30569225 | AB14: 36431519 | AC14: 57726334
B15: 2-0-00-2-07 RECURSOS DE CRÉDITO INTERNO | C15: 49292386 | D15: 54963464 | E15: 51457640 | F15: 39503811 | G15: 49283509 | H15: 73767667 | I15: 75796266 | J15: 61582743 | K15: 56938373 | L15: 57833484 | M15: 57447600 | N15: 59339186 | O15: 56891408 | P15: 61595110 | Q15: 64997438 | R15: 63217655 | S15: 67695623 | T15: 69033554 | U15: 69582699 | V15: 72634597 | W15: 71560244 | X15: 80190035 | Y15: 80563186 | Z15: 54969521 | AA15: 82141540 | AB15: 1.0159027e+08 | AC15: 85250000
B16: 2-0-00-2-08 TRANSFERENCIAS DE CAPITAL | C16: 0 | D16: 0 | E16: 0 | F16: 0 | G16: 0 | H16: 0 | I16: 0 | J16: 0 | K16: 0 | L16: 0 | M16: 0 | N16: 0 | O16: 0 | P16: 0 | Q16: 0 | R16: 0 | S16: 0 | T16: 0 | U16: 0 | V16: 85971.664 | W16: 144651.82 | X16: 263416.66 | Y16: 248565.54 | Z16: 115565.8 | AA16: 86866.192 | AB16: 146503.09 | AC16: 55225.892
B17: 2-0-00-2-09 RECUPERACIÓN DE CARTERA – PRESTAMOS | C17: 616956.55 | D17: 79694.033 | E17: 260569.89 | F17: 368647.92 | G17: 401897.29 | H17: 303131.46 | I17: 321494.33 | J17: 91928.426 | K17: 80047.785 | L17: 78705.088 | M17: 53785.857 | N17: 222937.06 | O17: 409306.04 | P17: 350507.54 | Q17: 467256.99 | R17: 348800.68 | S17: 350580.5 | T17: 335019.49 | U17: 324694.22 | V17: 365081.33 | W17: 410568.19 | X17: 270286.12 | Y17: 296433.93 | Z17: 298235.22 | AA17: 194497.19 | AB17: 0 | AC17: 888035.42
B18: 2-0-00-2-10 RECURSOS DEL BALANCE | C18: 0 | D18: 0 | E18: 0 | F18: 0 | G18: 0 | H18: 0 | I18: 0 | J18: 0 | K18: 0 | L18: 0 | M18: 0 | N18: 0 | O18: 0 | P18: 0 | Q18: 0 | R18: 0 | S18: 0 | T18: 0 | U18: 0 | V18: 0 | W18: 2970881.7 | X18: 19310120 | Y18: 989058.4 | Z18: 760160.01 | AA18: 6566512.2 | AB18: 0 | AC18: 0
B19: 2-0-00-2-13 REINTEGROS Y OTROS RECURSOS NO APROPIADOS | C19: 3319507.4 | D19: 444775.77 | E19: 2545227 | F19: 706722.57 | G19: 528000.3 | H19: 402929.25 | I19: 1192831 | J19: 378992.41 | K19: 463033.58 | L19: 367865.31 | M19: 974415.09 | N19: 520186.47 | O19: 624098.57 | P19: 644314.47 | Q19: 1019791.5 | R19: 1208333.6 | S19: 1221654.9 | T19: 885267.94 | U19: 916274.58 | V19: 2828645.3 | W19: 782187.91 | X19: 2089822 | Y19: 768698.24 | Z19: 2342833.4 | AA19: 2228836.5 | AB19: 0 | AC19: 1929474
B20: 2-0-00-2-14 OTROS RECURSOS DE CAPITAL | C20: 36699.105 | D20: 62559.89 | E20: 17575.064 | F20: 12955084 | G20: 4898779.3 | H20: 9444314.4 | I20: 9348666.7 | J20: 16807723 | K20: 17437273 | L20: 1585165.2 | M20: 29033496 | N20: 17259445 | O20: 10122013 | P20: 20362243 | Q20: 1416265.3 | R20: 14893866 | S20: 3237646.3 | T20: 14888027 | U20: 12626814 | V20: 3304853 | W20: 1249707 | X20: 6327992.4 | Y20: 32299830 | Z20: 1784159.9 | AA20: 884246.73 | AB20: 7201402.2 | AC20: 8254807.9
B21: TOTAL AFORO RECURSOS DE CAPITAL DE LA NACIÓN | C21: 87892395 | D21: 97526329 | E21: 94921367 | F21: 96214516 | G21: 96287345 | H21: 1.1378937e+08 | I21: 1.2526293e+08 | J21: 1.243911e+08 | K21: 1.049845e+08 | L21: 1.0994851e+08 | M21: 1.2291064e+08 | N21: 1.1565919e+08 | O21: 1.1016288e+08 | P21: 1.2324592e+08 | Q21: 1.1692588e+08 | R21: 1.1700684e+08 | S21: 1.0436082e+08 | T21: 1.2284769e+08 | U21: 1.1028826e+08 | V21: 1.2221411e+08 | W21: 1.5941838e+08 | X21: 1.9443076e+08 | Y21: 1.8811927e+08 | Z21: 1.2717395e+08 | AA21: 1.570124e+08 | AB21: 1.6607369e+08 | AC21: 1.7624452e+08
B22: Variación Porcentual | D22: 0.10961055 | E22: -0.026710344 | F22: 0.013623367 | G22: 0.00075694959 | H22: 0.18176873 | I22: 0.10083156 | J22: -0.0069600229 | K22: -0.15601277 | L22: 0.04728323 | M22: 0.11789277 | N22: -0.058997746 | O22: -0.047521609 | P22: 0.11876091 | Q22: -0.051279931 | R22: 0.00069243679 | S22: -0.10807934 | T22: 0.17714373 | U22: -0.10223572 | V22: 0.10813339 | W22: 0.30441883 | X22: 0.21962569 | Y22: -0.032461359 | Z22: -0.32397172 | AA22: 0.23462707 | AB22: 0.057710683 | AC22: 0.061242878
B23: Fuente: Ministerio de Hacienda y Crédito Público. Ejecución de ingresos y gastos de las entidades que conforman el Presupuesto General de la Nación.
B24: Nota 1/: Información a agosto de 2026.
B26: Deflactor 2026 | C26: ='CUADRO 2B'!C51 -> 0.2679589 | D26: ='CUADRO 2B'!D51 -> 0.28845321 | E26: ='CUADRO 2B'!E51 -> 0.3086214 | F26: ='CUADRO 2B'!F51 -> 0.32865513 | G26: ='CUADRO 2B'!G51 -> 0.34672125 | H26: ='CUADRO 2B'!H51 -> 0.36355514 | I26: ='CUADRO 2B'!I51 -> 0.37983495 | J26: ='CUADRO 2B'!J51 -> 0.40146451 | ... AC26: ='CUADRO 2B'!AC51 -> 1

Sheet CUADRO 3B
B7: Cuadro No. 3B. Recaudo Recursos de Capital de la Nación
B8: Valores en millones de pesos (precios constantes 2026)
B9: CONCEPTO | C9: 2000 | D9: 2001 | E9: 2002 | F9: 2003 | G9: 2004 | H9: 2005 | I9: 2006 | J9: 2007 | K9: 2008 | L9: 2009 | M9: 2010 | N9: 2011 | O9: 2012 | P9: 2013 | Q9: 2014 | R9: 2015 | S9: 2016 | T9: 2017 | U9: 2018 | V9: 2019 | W9: 2020 | X9: 2021 | Y9: 2022 | Z9: 2023 | AA9: 2024 | AB9: 2025 | AC9: 2026 3/
B10: 2-0-00-2-01 DISPOSICIÓN DE ACTIVOS | C10: 2790293.6 | D10: 10001.959 | E10: 8836.9886 | F10: 6223.7362 | G10: 66179.168 | H10: 38296.88 | I10: 27405.005 | J10: 4674414.9 | K10: 2763575.7 | L10: 2168191.9 | M10: 30585.163 | N10: 17783.108 | O10: 1725074.9 | P10: 75441.933 | Q10: 80615.354 | R10: 33780.829 | S10: 21592.231 | T10: 21702.042 | U10: 117608.91 | V10: 550039 | W10: 82102.592 | X10: 19757465 | Y10: 216465.44 | Z10: 310.71818 | AA10: 12544.967 | AB10: 1903.0448 | AC10: 858027.77
B11: 2-0-00-2-02 EXCEDENTES FINANCIEROS, DIVIDENDOS Y UTILIDADES POR OTRAS INVERSIONES DE CAPITAL | C11: 5673955.9 | D11: 9906496 | E11: 8527981.4 | F11: 8766732.5 | G11: 7154790.3 | H11: 1520698.5 | I11: 2543184.3 | J11: 3466889.1 | K11: 3927556.8 | L11: 540716.17 | M11: 8407080 | N11: 12977923 | O11: 13758188 | P11: 27118899 | Q11: 21788871 | R11: 10519968 | S11: 2667887.7 | T11: 4091809.1 | U11: 8972081.8 | V11: 23953808 | W11: 23836926 | X11: 13130193 | Y11: 14992085 | Z11: 23803062 | AA11: 27899748 | AB11: 23122789 | AC11: 22078752
B12: 2-0-00-2-03 TRASLADOS FONDOS DTN | C12: 0 | D12: 0 | E12: 0 | F12: 0 | G12: 0 | H12: 0 | I12: 0 | J12: 0 | K12: 0 | L12: 0 | M12: 0 | N12: 0 | O12: 0 | P12: 0 | Q12: 0 | R12: 0 | S12: 0 | T12: 0 | U12: 0 | V12: 0 | W12: 0 | X12: 0 | Y12: 0 | Z12: 0 | AA12: 0 | AB12: 0 | AC12: 0
B13: 2-0-00-2-05 RENDIMIENTOS FINANCIEROS | C13: 2253601 | D13: 3259160.6 | E13: 3217138.3 | F13: 2489316.9 | G13: 618646.87 | H13: 4815857.5 | I13: 8032349.2 | J13: 9520109.8 | K13: 15467409 | L13: 21081650 | M13: 3455143.8 | N13: 171369.29 | O13: 185477.45 | P13: 575105.12 | Q13: 687500.64 | R13: 546413.27 | S13: 850237.84 | T13: 732476.9 | U13: 809255.07 | V13: 599655.59 | W13: 535444.95 | X13: 385370.57 | Y13: 561806.08 | Z13: 1149750.4 | AA13: 940390.82 | AB13: 1127980.9 | AC13: 826885.95
B14: 2-0-00-2-06 RECURSOS DE CRÉDITO EXTERNO | C14: 21455829 | D14: 40187919 | E14: 19126216 | F14: 39464458 | G14: 20530634 | H14: 19664276 | I14: 26580453 | J14: 6239306.1 | K14: 13751547 | L14: 26853477 | M14: 14140133 | N14: 11671532 | O14: 6910798.7 | P14: 17162027 | Q14: 21834453 | R14: 34199909 | S14: 25024869 | T14: 25154188 | U14: 20038969 | V14: 19098895 | W14: 74104854 | X14: 47284421 | Y14: 26565647 | Z14: 31853298 | AA14: 30177539 | AB14: 45363899 | AC14: 19888125
B15: 2-0-00-2-07 RECURSOS DE CRÉDITO INTERNO | C15: 45141961 | D15: 48557188 | E15: 43581499 | F15: 42540284 | G15: 48479228 | H15: 78937417 | I15: 60480191 | J15: 47689336 | K15: 54755653 | L15: 58613802 | M15: 60758742 | N15: 62354059 | O15: 52732668 | P15: 61692997 | Q15: 58897111 | R15: 55709401 | S15: 63483483 | T15: 62174571 | U15: 62923049 | V15: 39835428 | W15: 62117516 | X15: 56494465 | Y15: 46761915 | Z15: 45090115 | AA15: 53177103 | AB15: 90987365 | AC15: 77469284
B16: 2-0-00-2-08 TRANSFERENCIAS DE CAPITAL | C16: 0 | D16: 0 | E16: 0 | F16: 0 | G16: 0 | H16: 0 | I16: 0 | J16: 0 | K16: 0 | L16: 0 | M16: 0 | N16: 0 | O16: 0 | P16: 0 | Q16: 0 | R16: 0 | S16: 0 | T16: 0 | U16: 0 | V16: 307806.24 | W16: 210538.09 | X16: 160882.67 | Y16: 175005.88 | Z16: 49410.101 | AA16: 128254.68 | AB16: 94496.307 | AC16: 2421.382
B17: 2-0-00-2-09 RECUPERACIÓN DE CARTERA – PRESTAMOS | C17: 133664.84 | D17: 467216.84 | E17: 373185.45 | F17: 444629.19 | G17: 997162.92 | H17: 143383.77 | I17: 274911.12 | J17: 215754.74 | K17: 132268.66 | L17: 182129.43 | M17: 89806.95 | N17: 34927.584 | O17: 81648.492 | P17: 303776.73 | Q17: 285250.83 | R17: 247916.77 | S17: 716609.37 | T17: 506328.32 | U17: 918432.45 | V17: 615577.8 | W17: 427707.36 | X17: 371668.04 | Y17: 2700513.1 | Z17: 3137673.4 | AA17: 1052415.8 | AB17: 1063708.5 | AC17: 619733.29
B18: 2-0-00-2-10 RECURSOS DEL BALANCE | C18: 0 | D18: 0 | E18: 0 | F18: 0 | G18: 0 | H18: 0 | I18: 0 | J18: 0 | K18: 0 | L18: 0 | M18: 0 | N18: 0 | O18: 0 | P18: 0 | Q18: 0 | R18: 0 | S18: 0 | T18: 0 | U18: 0 | V18: 0 | W18: 0 | X18: 0 | Y18: 0 | Z18: 0 | AA18: 0 | AB18: 0 | AC18: 0
B19: 2-0-00-2-13 REINTEGROS Y OTROS RECURSOS NO APROPIADOS | C19: 609276.96 | D19: 896511.58 | E19: 1122747.1 | F19: 1040550.1 | G19: 1110508.3 | H19: 2970732.1 | I19: 634238.48 | J19: 568573.53 | K19: 1018934.5 | L19: 729438.03 | M19: 1067514.6 | N19: 1192771.8 | O19: 2245001 | P19: 1633188.7 | Q19: 845469.47 | R19: 854827.55 | S19: 1538324.1 | T19: 941110.59 | U19: 1005464.5 | V19: 1278594.7 | W19: 1457118.5 | X19: 1226175.4 | Y19: 2202319 | Z19: 1307192.4 | AA19: 1034713.6 | AB19: 2639011.1 | AC19: 1232307
B20: 2-0-00-2-14 OTROS RECURSOS DE CAPITAL | C20: 23732.99 | D20: 1765437 | E20: 4460.686 | F20: 14322.609 | G20: 48744.978 | H20: 346018.1 | I20: 31943.994 | J20: 69530.101 | K20: 6125909.8 | L20: 3119555.3 | M20: 914830.11 | N20: 110844.17 | O20: 769914.09 | P20: 121718.07 | Q20: 321744.77 | R20: 143464.36 | S20: 207516.16 | T20: 299611.71 | U20: 576707.07 | V20: 0 | W20: 0 | X20: 0 | Y20: 0 | Z20: 0 | AA20: 103242.82 | AB20: 102157.34 | AC20: 100153.3
B21: TOTAL AFORO RECURSOS DE CAPITAL DE LA NACIÓN | C21: 78082315 | D21: 1.0504993e+08 | E21: 75962065 | F21: 94766517 | G21: 79005894 | H21: 1.0843668e+08 | I21: 98604676 | J21: 72443915 | K21: 97942854 | L21: 1.1328896e+08 | M21: 88863836 | N21: 88531211 | O21: 78408771 | P21: 1.0868315e+08 | Q21: 1.0474102e+08 | R21: 1.0225568e+08 | S21: 94510520 | T21: 93921797 | U21: 95361568 | V21: 86239804 | W21: 1.6277221e+08 | X21: 1.3881064e+08 | Y21: 94175757 | Z21: 1.0639081e+08 | AA21: 1.1452595e+08 | AB21: 1.6450331e+08 | AC21: 1.2307569e+08
B22: Variación Porcentual | D22: 0.34537418 | E22: -0.27689563 | F22: 0.24755058 | G22: -0.16631004 | H22: 0.37251381 | I22: -0.090670465 | J22: -0.26530954 | K22: 0.35198181 | L22: 0.15668428 | M22: -0.21560021 | N22: -0.0037430925 | O22: -0.11433753 | P22: 0.38610965 | Q22: -0.03627185 | R22: -0.023728382 | S22: -0.075743081 | T22: -0.0062291808 | U22: 0.01532947 | V22: -0.095654509 | W22: 0.88743711 | X22: -0.1472092 | Y22: -0.32155233 | Z22: 0.12970488 | AA22: 0.076464686 | AB22: 0.43638457 | AC22: -0.25183457
B23: Fuente: Ministerio de Hacienda y Crédito Público. Ejecución de ingresos y gastos de las entidades que conforman el Presupuesto General de la Nación.
B24: Nota 1/: Información a agosto de 2026.
B26: Deflactor 2026 | C26: ='CUADRO 3A'!C26 -> 0.2679589 | D26: ='CUADRO 3A'!D26 -> 0.28845321 | E26: ='CUADRO 3A'!E26 -> 0.3086214 | F26: ='CUADRO 3A'!F26 -> 0.32865513 | G26: ='CUADRO 3A'!G26 -> 0.34672125 | H26: ='CUADRO 3A'!H26 -> 0.36355514 | I26: ='CUADRO 3A'!I26 -> 0.37983495 | J26: ='CUADRO 3A'!J26 -> 0.40146451 | ... AC26: ='CUADRO 3A'!AC26 -> 1

Sheet CUADRO 4A
B7: Cuadro No. 4A. Aforo Fondos Especiales de la Nación
B8: Valores en millones de pesos (precios constantes 2026)
B9: CONCEPTO | C9: 2000 | D9: 2001 | E9: 2002 | F9: 2003 | G9: 2004 | H9: 2005 | I9: 2006 | J9: 2007 | K9: 2008 | L9: 2009 | M9: 2010 | N9: 2011 | O9: 2012 | P9: 2013 | Q9: 2014 | R9: 2015 | S9: 2016 | T9: 2017 | U9: 2018 | V9: 2019 | W9: 2020 | X9: 2021 | Y9: 2022 | Z9: 2023 | AA9: 2024 | AB9: 2025 | AC9: 2026 3/
B10: 6-0-02 CONTRIBUCIÓN ENTIDADES VIGILADAS CONTRALORIA GENERAL NACION | C10: 483639.07 | D10: 465263.52 | E10: 465392.94 | F10: 441910.09 | G10: 448169.46 | H10: 484459.67 | I10: 500829.38 | J10: 462772.55 | K10: 492235.97 | L10: 571928.24 | M10: 621331.84 | N10: 600552.83 | O10: 725548.91 | P10: 821372.43 | Q10: 836265.45 | R10: 727801.57 | S10: 766304.56 | T10: 762341 | U10: 782053.22 | V10: 778883.95 | W10: 1124372.7 | X10: 1367221.8 | Y10: 1304784.7 | Z10: 1339691.7 | AA10: 1397613.1 | AB10: 1403963.6 | AC10: 1394971
B11: 6-0-03 CONTRIBUCIÓN ENTIDADES VIGILADAS SUPERINTENDENCIA SUBSIDIO FAMILIAR | C11: 12543.875 | D11: 12731.97 | E11: 12543.062 | F11: 10442.092 | G11: 12601.23 | H11: 12912.088 | I11: 23777.776 | J11: 29131.93 | K11: 26589.97 | L11: 46059.027 | M11: 29443.375 | N11: 29100.361 | O11: 39654.91 | P11: 74143.549 | Q11: 43318.932 | R11: 40153.06 | S11: 52875.937 | T11: 58242.279 | U11: 53229.756 | V11: 51560.39 | W11: 53277.401 | X11: 76840.541 | Y11: 64576.141 | Z11: 74730.826 | AA11: 77227.233 | AB11: 79890.776 | AC11: 86007.501
B12: 6-0-05 SUPERINTENDENCIA INDUSTRIA Y COMERCIO | C12: 67587.476 | D12: 68232.492 | E12: 73711.475 | F12: 69935.187 | G12: 63562.698 | H12: 62716.767 | I12: 62381.042 | J12: 89086.127 | K12: 0 | L12: 0 | M12: 0 | N12: 0 | O12: 0 | P12: 0 | Q12: 0 | R12: 0 | S12: 0 | T12: 0 | U12: 0 | V12: 0 | W12: 0 | X12: 0 | Y12: 0 | Z12: 0 | AA12: 0 | AB12: 0 | AC12: 0
B13: 6-0-06 SUPERINTENDENCIA NACIONAL DE VALORES | C13: 14994.065 | D13: 15028.271 | E13: 17263.547 | F13: 39566.711 | G13: 41760.835 | H13: 36448.934 | I13: 43236.033 | J13: 0 | K13: 0 | L13: 0 | M13: 0 | N13: 0 | O13: 0 | P13: 0 | Q13: 0 | R13: 0 | S13: 0 | T13: 0 | U13: 0 | V13: 0 | W13: 0 | X13: 0 | Y13: 0 | Z13: 0 | AA13: 0 | AB13: 0 | AC13: 0
B14: 6-0-07 CONTRIBUCION ENTIDADES VIGILADAS SUPERPUERTOS | C14: 68104.161 | D14: 29527.866 | E14: 24011.026 | F14: 13539.755 | G14: 23338.633 | H14: 7115.5644 | I14: 7827.3471 | J14: 8220.8264 | K14: 8024.7642 | L14: 9023.7019 | M14: 8031.2504 | N14: 7650.9404 | O14: 68130.874 | P14: 64772.411 | Q14: 61669.256 | R14: 70244.53 | S14: 0 | T14: 0 | U14: 0 | V14: 0 | W14: 0 | X14: 0 | Y14: 0 | Z14: 0 | AA14: 0 | AB14: 0 | AC14: 0
B15: 6-0-08 CONTRIBUCION PARA LA DESCENTRALIZACION | C15: 1081471.7 | D15: 0 | E15: 0 | F15: 0 | G15: 0 | H15: 0 | I15: 0 | J15: 0 | K15: 0 | L15: 0 | M15: 0 | N15: 0 | O15: 0 | P15: 0 | Q15: 0 | R15: 0 | S15: 0 | T15: 0 | U15: 0 | V15: 0 | W15: 0 | X15: 0 | Y15: 0 | Z15: 0 | AA15: 0 | AB15: 0 | AC15: 0
B16: 6-0-09 FINANCIACION SECTOR JUSTICIA | C16: 317532.97 | D16: 407047.38 | E16: 337389.83 | F16: 262964.8 | G16: 390302.56 | H16: 391106.14 | I16: 459617.26 | J16: 479153.25 | K16: 583079.53 | L16: 716004.43 | M16: 806574.85 | N16: 465824.13 | O16: 536124.1 | P16: 729445.2 | Q16: 650471.37 | R16: 734374.93 | S16: 893835.71 | T16: 1217014.1 | U16: 859825.75 | V16: 908557.64 | W16: 1033950 | X16: 1096442.6 | Y16: 1262483.9 | Z16: 1263321.5 | AA16: 1708765.2 | AB16: 1226000.6 | AC16: 1261837.1
B17: 6-0-10 FONDO DE DEFENSA NACIONAL | C17: 117803.81 | D17: 158730.77 | E17: 140286.17 | F17: 151895.44 | G17: 177585.27 | H17: 128107.92 | I17: 143799.3 | J17: 133580.68 | K17: 129531.15 | L17: 142479.15 | M17: 141632.73 | N17: 133253.35 | O17: 194615.98 | P17: 198102.69 | Q17: 167615.08 | R17: 135313.87 | S17: 57475.73 | T17: 56660.398 | U17: 5439.3006 | V17: 0 | W17: 0 | X17: 19795.339 | Y17: 115687.8 | Z17: 11723.68 | AA17: 5014.8821 | AB17: 6301.5445 | AC17: 30546
B18: 6-0-13 FONDO ESTUPEFACIENTES - MINSALUD | C18: 11736.586 | D18: 10718.368 | E18: 11370.71 | F18: 12124.652 | G18: 12149.691 | H18: 12092.16 | I18: 13041.962 | J18: 16958.677 | K18: 16434.358 | L18: 19110.163 | M18: 18716.21 | N18: 17210.059 | O18: 18031.266 | P18: 18572.622 | Q18: 22314.09 | R18: 28681.456 | S18: 23696.004 | T18: 25136.58 | U18: 25164.824 | V18: 35269.01 | W18: 36151.162 | X18: 44528.265 | Y18: 49120.611 | Z18: 34763.563 | AA18: 37117.155 | AB18: 39573.499 | AC18: 41654.733
B19: 6-0-14 FONDOS INTERNOS MINISTERIO DEFENSA | C19: 420671.46 | D19: 471616.2 | E19: 411993.75 | F19: 430621.26 | G19: 499058.94 | H19: 366644.57 | I19: 495441.75 | J19: 579004.32 | K19: 448328.67 | L19: 478606.7 | M19: 484274.58 | N19: 473057.93 | O19: 631516.47 | P19: 713241.74 | Q19: 713709.7 | R19: 730196.14 | S19: 609153.05 | T19: 560060.25 | U19: 665418.68 | V19: 689091.79 | W19: 627426.46 | X19: 704277.26 | Y19: 579005.3 | Z19: 527155.27 | AA19: 606876.51 | AB19: 525839.41 | AC19: 513299
B20: 6-0-15 FONDOS INTERNOS POLICIA NACIONAL | C20: 244452.42 | D20: 322363.33 | E20: 252212.65 | F20: 227100.97 | G20: 244663.27 | H20: 232828.84 | I20: 247159.98 | J20: 251850.41 | K20: 264297.41 | L20: 307205.36 | M20: 350342.99 | N20: 306705.69 | O20: 306905.93 | P20: 359098.02 | Q20: 332458.17 | R20: 368384.35 | S20: 316099.81 | T20: 304484.25 | U20: 308871.31 | V20: 263519.51 | W20: 319497.2 | X20: 362853.68 | Y20: 301535.98 | Z20: 312597.86 | AA20: 245139.69 | AB20: 183785 | AC20: 82060
B21: 6-0-17 FONDO ROTATORIO DE MINAS Y ENERGÍA | C21: 1679.362 | D21: 520.01501 | E21: 259.21728 | F21: 152.13516 | G21: 144.20806 | H21: 0 | I21: 131.63612 | J21: 140.73473 | K21: 0 | L21: 137.6643 | M21: 265.9864 | N21: 264.48323 | O21: 265.92906 | P21: 268.69361 | Q21: 236.88825 | R21: 228.52384 | S21: 215.95601 | T21: 197.09761 | U21: 196.75437 | V21: 189.55141 | W21: 459.21012 | X21: 1014.4767 | Y21: 896.81462 | Z21: 0 | AA21: 0 | AB21: 0 | AC21: 0
... B80: TOTAL AFORO FONDOS ESPECIALES DE LA NACIÓN | C80: 9153040.3 | D80: 11369425 | E80: 9403839.1 | F80: 7642186.9 | G80: 9602475.7 | H80: 9129573.4 | I80: 11730059 | J80: 12210063 | K80: 9611329.8 | L80: 13784823 | M80: 19620028 | N80: 16597453 | O80: 17742302 | P80: 26375830 | Q80: 40495188 | R80: 35930824 | S80: 31563234 | T80: 23569904 | U80: 18018532 | V80: 16617806 | W80: 80175928 | X80: 53453018 | Y80: 17463132 | Z80: 17089312 | AA80: 16947325 | AB80: 18397103 | AC80: 17482810
B81: Variación Porcentual | D81: 0.2421474 | E81: -0.17288351 | F81: -0.18733331 | G81: 0.25650888 | H81: -0.049247957 | I81: 0.28484197 | J81: 0.040920826 | K81: -0.21283534 | L81: 0.43422637 | M81: 0.42330651 | N81: -0.15405556 | O81: 0.068977365 | P81: 0.48660695 | Q81: 0.53531429 | R81: -0.11271373 | S81: -0.12155553 | T81: -0.25324811 | U81: -0.23552799 | V81: -0.07773807 | W81: 3.8246999 | X81: -0.33330341 | Y81: -0.67329943 | Z81: -0.0214062 | AA81: -0.0083085182 | AB81: 0.085546126 | AC81: -0.049697671
B82: Fuente: Ministerio de Hacienda y Crédito Público. Ejecución de ingresos y gastos de las entidades que conforman el Presupuesto General de la Nación.
B83: Nota 1/: Información a agosto de 2026.
B85: Deflactor 2026 | C85: ='CUADRO 3B'!C26 -> 0.2679589 | D85: ='CUADRO 3B'!D26 -> 0.28845321 | E85: ='CUADRO 3B'!E26 -> 0.3086214 | F85: ='CUADRO 3B'!F26 -> 0.32865513 | G85: ='CUADRO 3B'!G26 -> 0.34672125 | H85: ='CUADRO 3B'!H26 -> 0.36355514 | I85: ='CUADRO 3B'!I26 -> 0.37983495 | J85: ='CUADRO 3B'!J26 -> 0.40146451 | ... AC85: ='CUADRO 3B'!AC26 -> 1

Sheet CUADRO 4B
B7: Cuadro No. 4B. Recaudo Fondos Especiales de la Nación
B8: Valores en millones de pesos (precios constantes 2026)
B9: CONCEPTO | C9: 2000 | D9: 2001 | E9: 2002 | F9: 2003 | G9: 2004 | H9: 2005 | I9: 2006 | J9: 2007 | K9: 2008 | L9: 2009 | M9: 2010 | N9: 2011 | O9: 2012 | P9: 2013 | Q9: 2014 | R9: 2015 2/ | S9: 2016 2/ | T9: 2017 | U9: 2018 | V9: 2019 | W9: 2020 | X9: 2021 | Y9: 2022 | Z9: 2023 | AA9: 2024 | AB9: 2025 | AC9: 2026 3/
B10: 6-0-02 CONTRIBUCION ENTIDADES VIGILADAS CONTRALORIA GENERAL NACION | C10: 127543.53 | D10: 175739.93 | E10: 183655.88 | F10: 185832.7 | G10: 130704.01 | H10: 159197.59 | I10: 193987.29 | J10: 153872.31 | K10: 156291.17 | L10: 150688.9 | M10: 255715.14 | N10: 258273.17 | O10: 248277.33 | P10: 127597.95 | Q10: 562536.7 | R10: 713621.93 | S10: 742110.49 | T10: 740584.22 | U10: 685519.01 | V10: 758885.81 | W10: 1147194.4 | X10: 1203931.4 | Y10: 1372348.6 | Z10: 957057.82 | AA10: 1688573.2 | AB10: 1359105.4 | AC10: 40132.609
B11: 6-0-03 CONTRIBUCION SUPERINTENDENCIA SUBSIDIO FAMILIAR | C11: 1947.6523 | D11: 11620.562 | E11: 13279.236 | F11: 11080.88 | G11: 12459.003 | H11: 12873.808 | I11: 23777.776 | J11: 31622.811 | K11: 27951.865 | L11: 29825.122 | M11: 29443.375 | N11: 29100.361 | O11: 39654.91 | P11: 65249.787 | Q11: 29888.587 | R11: 14133.698 | S11: 60651.133 | T11: 59075.173 | U11: 42038.502 | V11: 17340.599 | W11: 50245.793 | X11: 67929.859 | Y11: 46788.152 | Z11: 69208.671 | AA11: 68804.355 | AB11: 66573.846 | AC11: 71991.544
B12: 6-0-05 SUPERINTENDENCIA INDUSTRIA Y COMERCIO | C12: 53560.657 | D12: 53554.85 | E12: 58094.76 | F12: 70604.062 | G12: 77372.952 | H12: 74796.258 | I12: 77152.27 | J12: 75931.656 | K12: 0 | L12: 0 | M12: 0 | N12: 0 | O12: 0 | P12: 0 | Q12: 0 | R12: 0 | S12: 0 | T12: 0 | U12: 0 | V12: 0 | W12: 0 | X12: 0 | Y12: 0 | Z12: 0 | AA12: 0 | AB12: 0 | AC12: 0
B13: 6-0-06 SUPERINTENDENCIA NACIONAL DE VALORES | C13: 17156.835 | D13: 20091.525 | E13: 20868.156 | F13: 20248.448 | G13: 27951.466 | H13: 34022.669 | I13: 0 | J13: 0 | K13: 0 | L13: 0 | M13: 0 | N13: 0 | O13: 0 | P13: 0 | Q13: 0 | R13: 0 | S13: 0 | T13: 0 | U13: 0 | V13: 0 | W13: 0 | X13: 0 | Y13: 0 | Z13: 0 | AA13: 0 | AB13: 0 | AC13: 0
B14: 6-0-07 CONTRIBUCION ENTIDADES VIGILADAS SUPERPUERTOS | C14: 28976.642 | D14: 37443.432 | E14: 24930.815 | F14: 1101.3245 | G14: 7068.6534 | H14: 15191.444 | I14: 8034.5048 | J14: 4392.6774 | K14: 8442.0969 | L14: 7674.5005 | M14: 7779.6219 | N14: 7784.6435 | O14: 67598.909 | P14: 10941.559 | Q14: 61870.37 | R14: 54172.587 | S14: 573.57376 | T14: 0 | U14: 39654.449 | V14: 0 | W14: 0 | X14: 0 | Y14: 0 | Z14: 0 | AA14: 0 | AB14: 0 | AC14: 0
B15: 6-0-08 CONTRIBUCION PARA LA DESCENTRALIZACION | C15: 0 | D15: 0 | E15: 0 | F15: 0 | G15: 0 | H15: 0 | I15: 0 | J15: 0 | K15: 0 | L15: 0 | M15: 0 | N15: 0 | O15: 0 | P15: 0 | Q15: 0 | R15: 0 | S15: 0 | T15: 0 | U15: 0 | V15: 0 | W15: 0 | X15: 0 | Y15: 0 | Z15: 0 | AA15: 0 | AB15: 0 | AC15: 0
B16: 6-0-09 FINANCIACION SECTOR JUSTICIA | C16: 305273.47 | D16: 381005.38 | E16: 368558.19 | F16: 311296.41 | G16: 328521.09 | H16: 462626.76 | I16: 499651.27 | J16: 458119.94 | K16: 504563.36 | L16: 773868.2 | M16: 619504.68 | N16: 579674.76 | O16: 641410.44 | P16: 695702.89 | Q16: 754404.4 | R16: 816102.84 | S16: 750425.1 | T16: 674244.73 | U16: 1048101.2 | V16: 1092534 | W16: 1052969.8 | X16: 2031864.7 | Y16: 1688739.4 | Z16: 1374642.1 | AA16: 1388826.5 | AB16: 1496763.7 | AC16: 1054747.8
B17: 6-0-10 FONDO DEFENSA NACIONAL | C17: 113852.34 | D17: 160988.28 | E17: 150196.09 | F17: 138273.62 | G17: 169984.63 | H17: 181767.2 | I17: 185865.53 | J17: 224632.74 | K17: 104104.52 | L17: 148199.66 | M17: 116655.46 | N17: 152429.42 | O17: 233022.06 | P17: 190960.86 | Q17: 146834.28 | R17: 79008.99 | S17: 70336.31 | T17: 44640.273 | U17: 4275.2038 | V17: 13894.658 | W17: 8161.7751 | X17: 12851.272 | Y17: 9964.2257 | Z17: 6433.3255 | AA17: 8158.9615 | AB17: 23070.591 | AC17: 6068.517
B18: 6-0-13 FONDO ESTUPEFACIENTES - MINSALUD | C18: 21243.333 | D18: 26218.426 | E18: 26158.449 | F18: 31897.128 | G18: 33890.753 | H18: 30096.52 | I18: 34948.793 | J18: 34663.408 | K18: 35680.88 | L18: 26983.816 | M18: 17599.26 | N18: 17222.534 | O18: 19574.804 | P18: 25319.872 | Q18: 26015.584 | R18: 22155.49 | S18: 28648.456 | T18: 28524.172 | U18: 41931.471 | V18: 47922.999 | W18: 44740.808 | X18: 35054.831 | Y18: 35757.547 | Z18: 32139.516 | AA18: 37488.261 | AB18: 42272.548 | AC18: 23973.562
B19: 6-0-14 FONDOS INTERNOS MINISTERIO DEFENSA | C19: 429163.58 | D19: 405501.85 | E19: 442739.6 | F19: 417908.98 | G19: 500982.57 | H19: 443548.65 | I19: 399359.26 | J19: 439779.04 | K19: 436957.06 | L19: 463681.25 | M19: 426991.15 | N19: 501212.38 | O19: 546707.77 | P19: 654858.83 | Q19: 638486.91 | R19: 604421.85 | S19: 632385.52 | T19: 588097.59 | U19: 710465.37 | V19: 692934.35 | W19: 604846.21 | X19: 615721.23 | Y19: 615859.02 | Z19: 582384.85 | AA19: 594598.82 | AB19: 663861.95 | AC19: 481726.13
B20: 6-0-15 FONDOS INTERNOS POLICIA NACIONAL | C20: 246392.1 | D20: 259770.2 | E20: 232444.64 | F20: 267717.88 | G20: 229621.66 | H20: 250394.54 | I20: 277371.49 | J20: 327479.81 | K20: 261957.62 | L20: 306219.75 | M20: 322025.72 | N20: 424607.82 | O20: 416631.82 | P20: 401416.31 | Q20: 398280.91 | R20: 381798.24 | S20: 350716.84 | T20: 327780.55 | U20: 338221.45 | V20: 312962.38 | W20: 244820.99 | X20: 357142.22 | Y20: 2367249.4 | Z20: 278862.69 | AA20: 257877.69 | AB20: 279862.03 | AC20: 155516.02
B21: 6-0-17 FONDO ROTATORIO MINISTERIO MINAS Y ENERGIA | C21: 45.729987 | D21: 191.26037 | E21: 154.58919 | F21: 1213.6367 | G21: 40.054888 | H21: 69.564661 | I21: 858.60939 | J21: 2764.7947 | K21: 3487.6889 | L21: 75.011053 | M21: 475.25423 | N21: 13.078143 | O21: 217.86607 | P21: 220.31688 | Q21: 196.16619 | R21: 248.26571 | S21: 208.60617 | T21: 350498.53 | U21: 1092.9117 | V21: 6358.848 | W21: 2970.3134 | X21: 19.975962 | Y21: 2438.9861 | Z21: 64.372952 | AA21: 0.037333011 | AB21: 0 | AC21: 0
... B80: TOTAL RECAUDO FONDOS ESPECIALES DE LA NACIÓN | C80: 10427755 | D80: 6941452.6 | E80: 7980875.5 | F80: 9483874.5 | G80: 9078212.8 | H80: 10461845 | I80: 11057776 | J80: 12492329 | K80: 10237843 | L80: 9295746.5 | M80: 10381206 | N80: 11163470 | O80: 12455857 | P80: 20277973 | Q80: 37646318 | R80: 33700787 | S80: 30965426 | T80: 24635291 | U80: 18576272 | V80: 18154743 | W80: 51886346 | X80: 60497986 | Y80: 20956299 | Z80: 19797892 | AA80: 19575333 | AB80: 21087321 | AC80: 12874398
B81: Variación Porcentual | D81: -0.33432912 | E81: 0.14974141 | F81: 0.18832507 | G81: -0.04277384 | H81: 0.15241239 | I81: 0.05696231 | J81: 0.12973251 | K81: -0.18046958 | L81: -0.092021037 | M81: 0.11676948 | N81: 0.075353854 | O81: 0.11576928 | P81: 0.62798697 | Q81: 0.85651291 | R81: -0.10480522 | S81: -0.081166103 | T81: -0.20442587 | U81: -0.24594875 | V81: -0.022691834 | W81: 1.8580051 | X81: 0.16597122 | Y81: -0.65360336 | Z81: -0.055277275 | AA81: -0.011241584 | AB81: 0.077239497 | AC81: -0.38947208
B82: Fuente: Ministerio de Hacienda y Crédito Público. Ejecución de ingresos y gastos de las entidades que conforman el Presupuesto General de la Nación.
B83: Nota 1/: Información a agosto de 2026.
B84: Nota 2/: En las vigencias 2015-2016 la suma del recaudo de la Sobretasa Impuesto sobre la Renta para la Equidad CREE y del Fondo especial Impuesto para la Renta CREE es el registrado en el SIIF.
B87: Deflactor 2026 | C87: ='CUADRO 4A'!C85 -> 0.2679589 | D87: ='CUADRO 4A'!D85 -> 0.28845321 | E87: ='CUADRO 4A'!E85 -> 0.3086214 | F87: ='CUADRO 4A'!F85 -> 0.32865513 | G87: ='CUADRO 4A'!G85 -> 0.34672125 | H87: ='CUADRO 4A'!H85 -> 0.36355514 | I87: ='CUADRO 4A'!I85 -> 0.37983495 | J87: ='CUADRO 4A'!J85 -> 0.40146451 | ... AC87: ='CUADRO 4A'!AC85 -> 1

Sheet CUADRO 5A
B7: Cuadro No. 5A. Aforo Contribuciones Parafiscales de la Nación
B8: Valores en millones de pesos (precios constantes 2026)
B9: CONCEPTO | C9: 2000 | D9: 2001 | E9: 2002 | F9: 2003 | G9: 2004 | H9: 2005 | I9: 2006 | J9: 2007 | K9: 2008 | L9: 2009 | M9: 2010 | N9: 2011 | O9: 2012 | P9: 2013 | Q9: 2014 | R9: 2015 | S9: 2016 | T9: 2017 | U9: 2018 | V9: 2019 | W9: 2020 | X9: 2021 | Y9: 2022 | Z9: 2023 | AA9: 2024 | AB9: 2025 | AC9: 2026 3/
B10: 5-0-01 FONDO DE PRESTACIONES SOCIALES DEL MAGISTERIO | C10: 2834563.8 | D10: 3624768.2 | E10: 1210061.7 | F10: 2505648 | G10: 1393800.5 | H10: 1482858 | I10: 1576827.9 | J10: 1552073.8 | K10: 1692812.4 | L10: 1893718.4 | M10: 2530567.1 | N10: 1901895.5 | O10: 2139802.2 | P10: 2407778.3 | Q10: 2490405.1 | R10: 2486730 | S10: 2668879.1 | T10: 2729411 | U10: 3077857 | V10: 3201530.8 | W10: 3403619.7 | X10: 3477952.8 | Y10: 3107112.9 | Z10: 3074397.1 | AA10: 3369444.2 | AB10: 4179494.2 | AC10: 4143020
B11: 5-0-02 CONTRIBUCIÓN ESPECTÁCULOS PÚBLICOS (ART. 7 LEY 1493 DE 2011) | C11: 0 | D11: 0 | E11: 0 | F11: 0 | G11: 0 | H11: 0 | I11: 0 | J11: 0 | K11: 0 | L11: 0 | M11: 0 | N11: 0 | O11: 20687.785 | P11: 40588.159 | Q11: 17619.787 | R11: 22003.418 | S11: 34678.358 | T11: 36314.161 | U11: 44074.424 | V11: 41960.089 | W11: 24029.955 | X11: 23532.136 | Y11: 12399.027 | Z11: 99651.279 | AA11: 93103.496 | AB11: 95429.751 | AC11: 120000
B12: TOTAL AFORO CONTRIBUCIONES PARAFISCALES DE LA NACIÓN | C12: 2834563.8 | D12: 3624768.2 | E12: 1210061.7 | F12: 2505648 | G12: 1393800.5 | H12: 1482858 | I12: 1576827.9 | J12: 1552073.8 | K12: 1692812.4 | L12: 1893718.4 | M12: 2530567.1 | N12: 1901895.5 | O12: 2160490 | P12: 2448366.5 | Q12: 2508024.8 | R12: 2508733.4 | S12: 2703557.5 | T12: 2765725.2 | U12: 3121931.4 | V12: 3243490.9 | W12: 3427649.7 | X12: 3501484.9 | Y12: 3119512 | Z12: 3174048.4 | AA12: 3462547.7 | AB12: 4274924 | AC12: 4263020
B13: Variación Porcentual | D13: 0.27877461 | E13: -0.66616854 | F13: 1.070678 | G13: -0.4437365 | H13: 0.063895394 | I13: 0.0633708 | J13: -0.015698665 | K13: 0.090677781 | L13: 0.11868183 | M13: 0.33629532 | N13: -0.24843111 | O13: 0.1359667 | P13: 0.13324595 | Q13: 0.024366598 | R13: 0.00028252236 | S13: 0.07765833 | T13: 0.022994792 | U13: 0.12879306 | V13: 0.038937273 | W13: 0.056777943 | X13: 0.021541074 | Y13: -0.10908885 | Z13: 0.017482372 | AA13: 0.090893159 | AB13: 0.23461807 | AC13: -0.0027845945
B14: Fuente: Ministerio de Hacienda y Crédito Público. Ejecución de ingresos y gastos de las entidades que conforman el Presupuesto General de la Nación.
B15: Nota 1/: Información a agosto de 2026.
B17: Deflactor 2026 | C17: ='CUADRO 4B'!C87 -> 0.2679589 | D17: ='CUADRO 4B'!D87 -> 0.28845321 | E17: ='CUADRO 4B'!E87 -> 0.3086214 | F17: ='CUADRO 4B'!F87 -> 0.32865513 | G17: ='CUADRO 4B'!G87 -> 0.34672125 | H17: ='CUADRO 4B'!H87 -> 0.36355514 | I17: ='CUADRO 4B'!I87 -> 0.37983495 | J17: ='CUADRO 4B'!J87 -> 0.40146451 | ... AC17: ='CUADRO 4B'!AC87 -> 1

Sheet CUADRO 5B
B7: Cuadro No. 5B. Recaudo Contribuciones Parafiscales de la Nación
B8: Valores en millones de pesos (precios constantes 2026)
B9: CONCEPTO | C9: 2000 | D9: 2001 | E9: 2002 | F9: 2003 | G9: 2004 | H9: 2005 | I9: 2006 | J9: 2007 | K9: 2008 | L9: 2009 | M9: 2010 | N9: 2011 | O9: 2012 | P9: 2013 | Q9: 2014 | R9: 2015 | S9: 2016 | T9: 2017 | U9: 2018 | V9: 2019 | W9: 2020 | X9: 2021 | Y9: 2022 | Z9: 2023 | AA9: 2024 | AB9: 2025 | AC9: 2026 3/
B10: 5-0-01 FONDO DE PRESTACIONES SOCIALES DEL MAGISTERIO | C10: 0 | D10: 0 | E10: 2123550 | F10: 0 | G10: 0 | H10: 0 | I10: 0 | J10: 1558520.4 | K10: 1486361.4 | L10: 477117.11 | M10: 0 | N10: 2262965.7 | O10: 1291702.2 | P10: 3566755.2 | Q10: 3879090.4 | R10: 2575378.5 | S10: 2801825.5 | T10: 2886380.4 | U10: 3184164.5 | V10: 3231780.9 | W10: 3322084.3 | X10: 3305722.2 | Y10: 3346478.6 | Z10: 2899348.8 | AA10: 3872892 | AB10: 4051698.7 | AC10: 2792034.5
B11: 5-0-02 CONTRIBUCIÓN ESPECTÁCULOS PÚBLICOS (ART. 7 LEY 1493 DE 2011) | C11: 0 | D11: 0 | E11: 0 | F11: 0 | G11: 0 | H11: 0 | I11: 0 | J11: 0 | K11: 0 | L11: 0 | M11: 0 | N11: 0 | O11: 21671.882 | P11: 28373.564 | Q11: 25812.221 | R11: 33873.22 | S11: 30235.868 | T11: 36997.546 | U11: 31071.858 | V11: 43672.858 | W11: 10360.293 | X11: 8514.8691 | Y11: 79082.988 | Z11: 97630.721 | AA11: 102136.3 | AB11: 115324.71 | AC11: 94597.849
B12: TOTAL RECAUDO CONTRIBUCIONES PARAFISCALES DE LA NACIÓN | C12: 0 | D12: 0 | E12: 2123550 | F12: 0 | G12: 0 | H12: 0 | I12: 0 | J12: 1558520.4 | K12: 1486361.4 | L12: 477117.11 | M12: 0 | N12: 2262965.7 | O12: 1313374.1 | P12: 3595128.7 | Q12: 3904902.6 | R12: 2609251.7 | S12: 2832061.4 | T12: 2923377.9 | U12: 3215236.3 | V12: 3275453.8 | W12: 3332444.6 | X12: 3314237 | Y12: 3425561.6 | Z12: 2996979.5 | AA12: 3975028.3 | AB12: 4167023.4 | AC12: 2886632.3
B13: Variación Porcentual | F13: -1 | K13: -0.046299678 | L13: -0.67900329 | M13: -1 | O13: -0.41962263 | P13: 1.7373228 | Q13: 0.086164897 | R13: -0.33180109 | S13: 0.085392185 | T13: 0.032243839 | U13: 0.099836026 | V13: 0.018728769 | W13: 0.017399365 | X13: -0.0054637221 | Y13: 0.033589802 | Z13: -0.12511294 | AA13: 0.32634483 | AB13: 0.048300312 | AC13: -0.30726755
B14: Fuente: Ministerio de Hacienda y Crédito Público. Ejecución de ingresos y gastos de las entidades que conforman el Presupuesto General de la Nación.
B15: Nota 1/: Información a agosto de 2026.
B17: Deflactor 2026 | C17: ='CUADRO 5A'!C17 -> 0.2679589 | D17: ='CUADRO 5A'!D17 -> 0.28845321 | E17: ='CUADRO 5A'!E17 -> 0.3086214 | F17: ='CUADRO 5A'!F17 -> 0.32865513 | G17: ='CUADRO 5A'!G17 -> 0.34672125 | H17: ='CUADRO 5A'!H17 -> 0.36355514 | I17: ='CUADRO 5A'!I17 -> 0.37983495 | J17: ='CUADRO 5A'!J17 -> 0.40146451 | ... AC17: ='CUADRO 5A'!AC17 -> 1

Sheet CUADRO 6A
B7: Cuadro No. 6A. Aforo Ingresos de los Establecimientos Públicos
B8: Valores en millones de pesos (precios constantes 2026)
B9: CONCEPTO | C9: 2000 | D9: 2001 | E9: 2002 | F9: 2003 | G9: 2004 | H9: 2005 | I9: 2006 | J9: 2007 | K9: 2008 | L9: 2009 | M9: 2010 | N9: 2011 | O9: 2012 | P9: 2013 | Q9: 2014 | R9: 2015 | S9: 2016 | T9: 2017 | U9: 2018 | V9: 2019 | W9: 2020 | X9: 2021 | Y9: 2022 | Z9: 2023 | AA9: 2024 | AB9: 2025 | AC9: 2026 3/
B10: 3-1-01-1 INGRESOS CORRIENTES | C10: 7476043.2 | D10: 8236888.3 | E10: 9338843.2 | F10: 8182077.4 | G10: 14836750 | H10: 14608349 | I10: 9457359.4 | J10: 8984104.2 | K10: 10123372 | L10: 13094260 | M10: 11920322 | N10: 12004402 | O10: 12159931 | P10: 13260388 | Q10: 13434021 | R10: 12627926 | S10: 12139954 | T10: 12731482 | U10: 11658194 | V10: 12532629 | W10: 12754650 | X10: 15821409 | Y10: 14486558 | Z10: 12922324 | AA10: 15155861 | AB10: 13414592 | AC10: 14510812
B11: 3-1-01-1-01 INGRESOS TRIBUTARIOS | C11: 257072.66 | D11: 270806.27 | E11: 274982.21 | F11: 200060.09 | G11: 253603.84 | H11: 281912.26 | I11: 335679.3 | J11: 393350.88 | K11: 366366.25 | L11: 348256.95 | M11: 462443.64 | N11: 0 | O11: 0 | P11: 26078.095 | Q11: 0 | R11: 0 | S11: 0 | T11: 0 | U11: 0 | V11: 0 | W11: 0 | X11: 0 | Y11: 0 | Z11: 0 | AA11: 0 | AB11: 0 | AC11: 0
B12: 3-1-01-1-01-1 IMPUESTOS | C12: 5363.1508 | D12: 36728.66 | E12: 41067.793 | F12: 21159.941 | G12: 21728.529 | H12: 32750.823 | I12: 40417.555 | J12: 35959.83 | K12: 32476.181 | L12: 0 | M12: 0 | N12: 0 | O12: 0 | P12: 0 | Q12: 0 | R12: 0 | S12: 0 | T12: 0 | U12: 0 | V12: 0 | W12: 0 | X12: 0 | Y12: 0 | Z12: 0 | AA12: 0 | AB12: 0 | AC12: 0
B13: 3-1-01-1-01-2 CONTRIBUCIONES | C13: 251709.51 | D13: 234077.61 | E13: 233914.41 | F13: 178900.15 | G13: 231875.31 | H13: 249161.44 | I13: 295261.75 | J13: 357391.05 | K13: 333890.06 | L13: 348256.95 | M13: 462443.64 | N13: 0 | O13: 0 | P13: 26078.095 | Q13: 0 | R13: 0 | S13: 0 | T13: 0 | U13: 0 | V13: 0 | W13: 0 | X13: 0 | Y13: 0 | Z13: 0 | AA13: 0 | AB13: 0 | AC13: 0
B14: 3-1-01-1-02 INGRESOS NO TRIBUTARIOS | C14: 7197088.6 | D14: 7825255.6 | E14: 8942825.1 | F14: 7873741.9 | G14: 14485231 | H14: 14229514 | I14: 9023966.6 | J14: 8495076.1 | K14: 9668122.4 | L14: 12632823 | M14: 11338439 | N14: 11843384 | O14: 12027719 | P14: 13087518 | Q14: 13284564 | R14: 12484592 | S14: 12004191 | T14: 12581450 | U14: 11499280 | V14: 12532629 | W14: 12754650 | X14: 15821409 | Y14: 14486558 | Z14: 12922324 | AA14: 15155861 | AB14: 13414592 | AC14: 14510812
B15: 3-1-01-1-02-03 OPERACIONES COMERCIALES | C15: 1146798.2 | D15: 1097129.7 | E15: 1299320.8 | F15: 1432467.4 | G15: 1337727.8 | H15: 1816969.4 | I15: 1836465.4 | J15: 1690649.8 | K15: 1706278.3 | L15: 2231831.2 | M15: 2342460.5 | N15: 2514627.2 | O15: 2566591.9 | P15: 1697646.6 | Q15: 1894449.1 | R15: 1807744.7 | S15: 1544695.8 | T15: 1250228.8 | U15: 1064226.4 | V15: 0 | W15: 0 | X15: 0 | Y15: 0 | Z15: 0 | AA15: 0 | AB15: 0 | AC15: 0
B16: 3-1-01-1-02-05 APORTES DE AFILIADOS | C16: 577574.7 | D16: 466940.71 | E16: 527716.47 | F16: 514612.49 | G16: 507736.05 | H16: 475822.93 | I16: 470806.55 | J16: 460760.96 | K16: 518027.61 | L16: 558189.41 | M16: 563766.2 | N16: 575521.29 | O16: 592058.3 | P16: 593760.73 | Q16: 487443.4 | R16: 499433.66 | S16: 578366.2 | T16: 558296.69 | U16: 611104.33 | V16: 0 | W16: 0 | X16: 0 | Y16: 0 | Z16: 0 | AA16: 0 | AB16: 0 | AC16: 0
B17: 3-1-01-1-02-06 APORTES DE OTRAS ENTIDADES | C17: 408966.63 | D17: 521704.73 | E17: 557748.84 | F17: 520389.55 | G17: 798996.01 | H17: 1276531.2 | I17: 1025064.7 | J17: 830290.42 | K17: 1081084.3 | L17: 1018274.7 | M17: 956633.15 | N17: 859353.34 | O17: 266295.47 | P17: 211817.04 | Q17: 156094.17 | R17: 230640.74 | S17: 160374.25 | T17: 176053.1 | U17: 152288.82 | V17: 0 | W17: 0 | X17: 0 | Y17: 0 | Z17: 0 | AA17: 0 | AB17: 0 | AC17: 0
B18: 3-1-01-1-02-1 CONTRIBUCIONES | C18: 776992.23 | D18: 762134.69 | E18: 873381.56 | F18: 747039.02 | G18: 739280.47 | H18: 679224.06 | I18: 901516.34 | J18: 812980.97 | K18: 822963.32 | L18: 882400.41 | M18: 802347.55 | N18: 1017995.1 | O18: 2700448.5 | P18: 4172171.3 | Q18: 6991008.8 | R18: 5792793.8 | S18: 5187018.9 | T18: 4410409.3 | U18: 5980396.2 | V18: 1604803.5 | W18: 2266695.5 | X18: 3146204.6 | Y18: 2301742.3 | Z18: 2312920.4 | AA18: 2262491.3 | AB18: 2013506.3 | AC18: 2447799.4
B19: 3-1-01-1-02-2 TASAS Y DERECHOS ADMINISTRATIVOS | C19: 0 | D19: 0 | E19: 0 | F19: 0 | G19: 0 | H19: 0 | I19: 0 | J19: 0 | K19: 0 | L19: 0 | M19: 0 | N19: 0 | O19: 0 | P19: 0 | Q19: 0 | R19: 0 | S19: 0 | T19: 0 | U19: 0 | V19: 4697187 | W19: 5496045.8 | X19: 6138542.7 | Y19: 4754289.7 | Z19: 5314830.8 | AA19: 5941171.5 | AB19: 4901962.8 | AC19: 5233595.8
B20: 3-1-01-1-02-3 MULTAS, SANCIONES E INTERESES DE MORA | C20: 0 | D20: 0 | E20: 0 | F20: 0 | G20: 0 | H20: 0 | I20: 0 | J20: 0 | K20: 0 | L20: 0 | M20: 0 | N20: 0 | O20: 0 | P20: 0 | Q20: 0 | R20: 0 | S20: 0 | T20: 0 | U20: 0 | V20: 359005.03 | W20: 272795.92 | X20: 306205.87 | Y20: 289003.66 | Z20: 272801.22 | AA20: 269867.37 | AB20: 315453.86 | AC20: 448395.51
B21: 3-1-01-1-02-4 APORTES PATRONALES | C21: 297949.94 | D21: 505022 | E21: 430583.05 | F21: 503781.94 | G21: 447171.24 | H21: 426056.04 | I21: 43221.786 | J21: 46847.805 | K21: 39932.555 | L21: 61393.661 | M21: 79314.521 | N21: 85732.517 | O21: 93907.703 | P21: 32281.979 | Q21: 35654.503 | R21: 19648.081 | S21: 15316.176 | T21: 22474.642 | U21: 20123.457 | V21: 0 | W21: 0 | X21: 0 | Y21: 0 | Z21: 0 | AA21: 0 | AB21: 0 | AC21: 0
... B61: TOTAL INGRESOS DE LOS ESTABLECIMIENTOS PUBLICOS | C61: 15599519 | D61: 16525322 | E61: 16380349 | F61: 14897595 | G61: 22269158 | H61: 21359872 | I61: 18357614 | J61: 19036149 | K61: 20381805 | L61: 25438571 | M61: 27715653 | N61: 27324625 | O61: 27405551 | P61: 29251365 | Q61: 22346619 | R61: 22478122 | S61: 23161101 | T61: 24348599 | U61: 22189764 | V61: 23104422 | W61: 22667171 | X61: 27154282 | Y61: 24209935 | Z61: 25532363 | AA61: 30072269 | AB61: 27915958 | AC61: 30225513
B62: Variación Porcentual | D62: 0.059348131 | E62: -0.0087727704 | F62: -0.090520279 | G62: 0.49481561 | H62: -0.040831609 | I62: -0.14055599 | J62: 0.036962044 | K62: 0.070689509 | L62: 0.24810198 | M62: 0.089512933 | N62: -0.014108556 | O62: 0.0029616524 | P62: 0.06735184 | Q62: -0.23604869 | R62: 0.005884699 | S62: 0.030384161 | T62: 0.051271259 | U62: -0.088663622 | V62: 0.041219822 | W62: -0.018925019 | X62: 0.19795636 | Y62: -0.10843027 | Z62: 0.054623344 | AA62: 0.17780988 | AB62: -0.071704326 | AC62: 0.082732428
B63: Fuente: Ministerio de Hacienda y Crédito Público. Ejecución de ingresos y gastos de las entidades que conforman el Presupuesto General de la Nación.
B64: Nota 1/: Información a agosto de 2026.
B66: Deflactor 2026 | C66: ='CUADRO 5B'!C17 -> 0.2679589 | D66: ='CUADRO 5B'!D17 -> 0.28845321 | E66: ='CUADRO 5B'!E17 -> 0.3086214 | F66: ='CUADRO 5B'!F17 -> 0.32865513 | G66: ='CUADRO 5B'!G17 -> 0.34672125 | H66: ='CUADRO 5B'!H17 -> 0.36355514 | I66: ='CUADRO 5B'!I17 -> 0.37983495 | J66: ='CUADRO 5B'!J17 -> 0.40146451 | ... AC66: ='CUADRO 5B'!AC17 -> 1

Sheet CUADRO 6B
B7: Cuadro No. 6B. Recaudo Ingresos de los Establecimientos Públicos
B8: Valores en millones de pesos (precios constantes 2026)
B9: CONCEPTO | C9: 2000 | D9: 2001 | E9: 2002 | F9: 2003 | G9: 2004 | H9: 2005 | I9: 2006 | J9: 2007 | K9: 2008 | L9: 2009 | M9: 2010 | N9: 2011 | O9: 2012 | P9: 2013 | Q9: 2014 | R9: 2015 | S9: 2016 | T9: 2017 | U9: 2018 | V9: 2019 | W9: 2020 | X9: 2021 | Y9: 2022 | Z9: 2023 | AA9: 2024 | AB9: 2025 | AC9: 2026 3/
B10: 3-1-01-1 INGRESOS CORRIENTES | C10: 7193195.7 | D10: 7752057 | E10: 12994278 | F10: 8469336.4 | G10: 14686180 | H10: 15329479 | I10: 9864134.1 | J10: 9277415.3 | K10: 11491423 | L10: 12017309 | M10: 11048422 | N10: 8652518.7 | O10: 12170048 | P10: 15199761 | Q10: 13741824 | R10: 13702558 | S10: 13683953 | T10: 13230691 | U10: 14254880 | V10: 14935090 | W10: 12921527 | X10: 15458295 | Y10: 19159404 | Z10: 16428413 | AA10: 17461645 | AB10: 16454703 | AC10: 11325875
B11: 3-1-01-1-01 INGRESOS TRIBUTARIOS | C11: 220459.72 | D11: 214454.5 | E11: 257435.38 | F11: 215821.78 | G11: 276466.88 | H11: 280402.44 | I11: 300812.66 | J11: 381742.2 | K11: 362216.29 | L11: 323891.98 | M11: 445909.1 | N11: 0 | O11: 0 | P11: 0 | Q11: 0 | R11: 0 | S11: 0 | T11: 0 | U11: 0 | V11: 0 | W11: 0 | X11: 0 | Y11: 0 | Z11: 0 | AA11: 0 | AB11: 0 | AC11: 0
B12: 3-1-01-1-01-1 IMPUESTOS | C12: 27284.486 | D12: 45023.265 | E12: 28516.912 | F12: 38496.322 | G12: 47303.185 | H12: 53742.915 | I12: 41945.495 | J12: 52319.398 | K12: 37814.15 | L12: 17454.608 | M12: 0 | N12: 0 | O12: 0 | P12: 0 | Q12: 0 | R12: 0 | S12: 0 | T12: 0 | U12: 0 | V12: 0 | W12: 0 | X12: 0 | Y12: 0 | Z12: 0 | AA12: 0 | AB12: 0 | AC12: 0
B13: 3-1-01-1-01-2 CONTRIBUCIONES | C13: 193175.23 | D13: 169431.24 | E13: 228918.47 | F13: 177325.46 | G13: 229163.69 | H13: 226659.52 | I13: 258867.17 | J13: 329422.8 | K13: 324402.14 | L13: 306437.38 | M13: 445909.1 | N13: 0 | O13: 0 | P13: 0 | Q13: 0 | R13: 0 | S13: 0 | T13: 0 | U13: 0 | V13: 0 | W13: 0 | X13: 0 | Y13: 0 | Z13: 0 | AA13: 0 | AB13: 0 | AC13: 0
B14: 3-1-01-1-02 INGRESOS NO TRIBUTARIOS | C14: 6967809.8 | D14: 7426516.6 | E14: 12632735 | F14: 8160092.5 | G14: 14318751 | H14: 14957911 | I14: 9472365.4 | J14: 8797272.9 | K14: 11030449 | L14: 11582139 | M14: 10475891 | N14: 8524746.1 | O14: 12034231 | P14: 15058256 | Q14: 13599759 | R14: 13561517 | S14: 13546922 | T14: 13083944 | U14: 14104745 | V14: 14935090 | W14: 12921527 | X14: 15458295 | Y14: 19159404 | Z14: 16428413 | AA14: 17461645 | AB14: 16454703 | AC14: 11325875
B15: 3-1-01-1-02-03 OPERACIONES COMERCIALES | C15: 997926.83 | D15: 1175989.7 | E15: 1371862 | F15: 1695675 | G15: 1026964.1 | H15: 1393239.5 | I15: 1436745.1 | J15: 1280254.3 | K15: 1391206.6 | L15: 1708471.6 | M15: 1765970.9 | N15: 1179490.5 | O15: 1457509.3 | P15: 1812790.7 | Q15: 1514022.9 | R15: 1371906.4 | S15: 934244.62 | T15: 1118544.1 | U15: 1031587.7 | V15: 0 | W15: 0 | X15: 0 | Y15: 0 | Z15: 0 | AA15: 0 | AB15: 0 | AC15: 0
B16: 3-1-01-1-02-05 APORTES DE AFILIADOS | C16: 697440.56 | D16: 889550.9 | E16: 615914.61 | F16: 462253.5 | G16: 532257.69 | H16: 498293.34 | I16: 442549.06 | J16: 491892.55 | K16: 516688.78 | L16: 571481.08 | M16: 569756.38 | N16: 498066.93 | O16: 607369.34 | P16: 546962.29 | Q16: 578922.2 | R16: 573205.63 | S16: 590677.29 | T16: 646176.31 | U16: 625243.73 | V16: 0 | W16: 0 | X16: 0 | Y16: 0 | Z16: 0 | AA16: 0 | AB16: 0 | AC16: 0
B17: 3-1-01-1-02-06 APORTES DE OTRAS ENTIDADES | C17: 338807.38 | D17: 394487.77 | E17: 417174.66 | F17: 501732.41 | G17: 761433.65 | H17: 1318924.3 | I17: 975683.32 | J17: 815165.01 | K17: 1200540.6 | L17: 720395.39 | M17: 647745 | N17: 270974.11 | O17: 611067.19 | P17: 325268.01 | Q17: 240155.15 | R17: 187810.13 | S17: 320268.83 | T17: 229791.97 | U17: 193756.26 | V17: 0 | W17: 0 | X17: 0 | Y17: 0 | Z17: 0 | AA17: 0 | AB17: 0 | AC17: 0
B18: 3-1-01-1-02-1 CONTRIBUCIONES | C18: 595002.35 | D18: 722287 | E18: 789276.38 | F18: 767105.03 | G18: 952242.66 | H18: 1055771.1 | I18: 899061.93 | J18: 890690.52 | K18: 804445.08 | L18: 809732.73 | M18: 719554.36 | N18: 3881286.6 | O18: 6464476.3 | P18: 8976346.2 | Q18: 8306117.1 | R18: 7482413.1 | S18: 8162788.5 | T18: 7646389.7 | U18: 8644998.1 | V18: 3318496.5 | W18: 2978820.1 | X18: 4109425.6 | Y18: 7147150 | Z18: 5427458.5 | AA18: 5099185 | AB18: 4348794.9 | AC18: 3064999.7
B19: 3-1-01-1-02-2 TASAS Y DERECHOS ADMINISTRATIVOS | C19: 0 | D19: 0 | E19: 0 | F19: 0 | G19: 0 | H19: 0 | I19: 0 | J19: 0 | K19: 0 | L19: 0 | M19: 0 | N19: 0 | O19: 0 | P19: 0 | Q19: 0 | R19: 0 | S19: 0 | T19: 0 | U19: 0 | V19: 5962408.8 | W19: 5170704.9 | X19: 5681411.7 | Y19: 5675600.5 | Z19: 5331430.2 | AA19: 6087544.6 | AB19: 5863025.4 | AC19: 4193990.2
B20: 3-1-01-1-02-3 MULTAS, SANCIONES E INTERESES DE MORA | C20: 0 | D20: 0 | E20: 0 | F20: 0 | G20: 0 | H20: 0 | I20: 0 | J20: 0 | K20: 0 | L20: 0 | M20: 0 | N20: 0 | O20: 0 | P20: 0 | Q20: 0 | R20: 0 | S20: 0 | T20: 0 | U20: 0 | V20: 416989.33 | W20: 465812.97 | X20: 436955.38 | Y20: 393248.23 | Z20: 372837.56 | AA20: 391311.13 | AB20: 522039.21 | AC20: 300183.32
B21: 3-1-01-1-02-4 APORTES PATRONALES | C21: 30843.432 | D21: 55907.605 | E21: 307519.82 | F21: 414911.09 | G21: 539109.05 | H21: 584529.12 | I21: 47796.194 | J21: 58326.501 | K21: 63977.971 | L21: 71572.845 | M21: 79436.918 | N21: 14982.279 | O21: 75382.322 | P21: 22219.011 | Q21: 20780.326 | R21: 4999.5376 | S21: 23520.625 | T21: 23287.749 | U21: 15474.978 | V21: 0 | W21: 0 | X21: 0 | Y21: 0 | Z21: 0 | AA21: 0 | AB21: 0 | AC21: 0
... B44: 3-2 FONDOS ESPECIALES ESTABLECIMIENTOS PÚBLICOS | C44: 0 | D44: 135472.74 | E44: 108380.8 | F44: 398041.25 | G44: 105034.51 | H44: 126499.23 | I44: 106041.87 | J44: 114788.28 | K44: 118563.52 | L44: 105701.67 | M44: 227998.46 | N44: 99303.261 | O44: 273567.51 | P44: 580747.27 | Q44: 658229.21 | R44: 645529.43 | S44: 682188.51 | T44: 841076.03 | U44: 942739.21 | V44: 952060.87 | W44: 879643.39 | X44: 898795.19 | Y44: 1115070 | Z44: 1206041.7 | AA44: 1266622.3 | AB44: 2014206.6 | AC44: 1180074.4
B45: 3-2 FONDOS ESPECIALES ESTABLECIMIENTOS PÚBLICOS | C45: #VALUE! | D45: 135472.74 | E45: 108380.8 | F45: 398041.25 | G45: 105034.51 | H45: 126499.23 | I45: 106041.87 | J45: 114788.28 | K45: 118563.52 | L45: 105701.67 | M45: 227998.46 | N45: 99303.261 | O45: 273567.51 | P45: 580747.27 | Q45: 658229.21 | R45: 645529.43 | S45: 682188.51 | T45: 841076.03 | U45: 942739.21 | V45: 0 | W45: 0 | X45: 0 | Y45: 0 | Z45: 0 | AA45: 0 | AB45: 0 | AC45: 0
B46: 3-2-01 FONDO DE REPARACIÓN DE VICTIMAS | C46: 0 | D46: 0 | E46: 0 | F46: 0 | G46: 0 | H46: 0 | I46: 0 | J46: 0 | K46: 0 | L46: 0 | M46: 0 | N46: 0 | O46: 0 | P46: 0 | Q46: 0 | R46: 0 | S46: 0 | T46: 0 | U46: 0 | V46: 1206.5066 | W46: 6650.7939 | X46: 15100.02 | Y46: 35847.527 | Z46: 12113.912 | AA46: 25434.176 | AB46: 611604.38 | AC46: 11284.149
B47: 3-2-02 FONDO EMPRENDER | C47: 0 | D47: 0 | E47: 0 | F47: 0 | G47: 0 | H47: 0 | I47: 0 | J47: 0 | K47: 0 | L47: 0 | M47: 0 | N47: 0 | O47: 0 | P47: 0 | Q47: 0 | R47: 0 | S47: 0 | T47: 0 | U47: 0 | V47: 183538.98 | W47: 212559.93 | X47: 227248.75 | Y47: 238073.64 | Z47: 317181.7 | AA47: 388400.14 | AB47: 494013 | AC47: 508412.1
B48: 3-2-03 FONDO NACIONAL DE SEGURIDAD VIAL | C48: 0 | D48: 0 | E48: 0 | F48: 0 | G48: 0 | H48: 0 | I48: 0 | J48: 0 | K48: 0 | L48: 0 | M48: 0 | N48: 0 | O48: 0 | P48: 0 | Q48: 0 | R48: 0 | S48: 0 | T48: 0 | U48: 0 | V48: 188832.85 | W48: 201918.74 | X48: 208334.05 | Y48: 311794.1 | Z48: 290259.82 | AA48: 292410.27 | AB48: 299467.31 | AC48: 207572.83
B49: 3-2-05 FONDO VIVIENDA - SENA | C49: 0 | D49: 0 | E49: 0 | F49: 0 | G49: 0 | H49: 0 | I49: 0 | J49: 0 | K49: 0 | L49: 0 | M49: 0 | N49: 0 | O49: 0 | P49: 0 | Q49: 0 | R49: 0 | S49: 0 | T49: 0 | U49: 0 | V49: 72736.805 | W49: 95751.527 | X49: 83230.418 | Y49: 103257.06 | Z49: 120453.09 | AA49: 116524.75 | AB49: 114030.12 | AC49: 95967.785
B50: 3-2-06 FONDO VIVIENDA - SUPERINTENDENCIA NOTARIADO Y REGISTRO | C50: 0 | D50: 0 | E50: 0 | F50: 0 | G50: 0 | H50: 0 | I50: 0 | J50: 0 | K50: 0 | L50: 0 | M50: 0 | N50: 0 | O50: 0 | P50: 0 | Q50: 0 | R50: 0 | S50: 0 | T50: 0 | U50: 0 | V50: 812.23899 | W50: 407.65865 | X50: 1052.4907 | Y50: 1072.321 | Z50: 415.87508 | AA50: 1024.3003 | AB50: 204.71975 | AC50: 263.90261
B51: 3-2-07 FONDO INDUSTRIA DE LA CONSTRUCCION FIC | C51: 0 | D51: 0 | E51: 0 | F51: 0 | G51: 0 | H51: 0 | I51: 0 | J51: 0 | K51: 0 | L51: 0 | M51: 0 | N51: 0 | O51: 0 | P51: 0 | Q51: 0 | R51: 0 | S51: 0 | T51: 0 | U51: 0 | V51: 169987.4 | W51: 137205.64 | X51: 152046.74 | Y51: 216864.61 | Z51: 235142.85 | AA51: 217027.23 | AB51: 265200.46 | AC51: 166959.61
B52: 3-2-08 FONDO NOTARIAS DECRETO 1672 DE 1997 | C52: 0 | D52: 0 | E52: 0 | F52: 0 | G52: 0 | H52: 0 | I52: 0 | J52: 0 | K52: 0 | L52: 0 | M52: 0 | N52: 0 | O52: 0 | P52: 0 | Q52: 0 | R52: 0 | S52: 0 | T52: 0 | U52: 0 | V52: 74475.539 | W52: 61956.539 | X52: 75384.996 | Y52: 79250.948 | Z52: 74711.792 | AA52: 60660.748 | AB52: 63704.351 | AC52: 44043.684
B53: 3-2-09 FONDOS INPEC | C53: 0 | D53: 0 | E53: 0 | F53: 0 | G53: 0 | H53: 0 | I53: 0 | J53: 0 | K53: 0 | L53: 0 | M53: 0 | N53: 0 | O53: 0 | P53: 0 | Q53: 0 | R53: 0 | S53: 0 | T53: 0 | U53: 0 | V53: 154251.13 | W53: 130507.51 | X53: 116565.12 | Y53: 119558.63 | Z53: 123878.55 | AA53: 127383.81 | AB53: 131350.35 | AC53: 83908.642
B54: 3-2-10 FONDO CONTRA LA EXPLOTACIÓN SEXUAL DE MENORES | C54: 0 | D54: 0 | E54: 0 | F54: 0 | G54: 0 | H54: 0 | I54: 0 | J54: 0 | K54: 0 | L54: 0 | M54: 0 | N54: 0 | O54: 0 | P54: 0 | Q54: 0 | R54: 0 | S54: 0 | T54: 0 | U54: 0 | V54: 240.20305 | W54: 245.85966 | X54: 50.646429 | Y54: 230.37102 | Z54: 417.08078 | AA54: 236.04854 | AB54: 26.052601 | AC54: 0.1009
B55: 3-2-11 FONDO DE CURADORES URBANOS | C55: 0 | D55: 0 | E55: 0 | F55: 0 | G55: 0 | H55: 0 | I55: 0 | J55: 0 | K55: 0 | L55: 0 | M55: 0 | N55: 0 | O55: 0 | P55: 0 | Q55: 0 | R55: 0 | S55: 0 | T55: 0 | U55: 0 | V55: 9017.3976 | W55: 3840.9544 | X55: 321.64661 | Y55: 0 | Z55: 0 | AA55: 10.658343 | AB55: 0.14196098 | AC55: 0
B56: 3-2-12 FONDO PARA LA ADMINISTRACIÓN DE BIENES DE LA FISCALIA | C56: 0 | D56: 0 | E56: 0 | F56: 0 | G56: 0 | H56: 0 | I56: 0 | J56: 0 | K56: 0 | L56: 0 | M56: 0 | N56: 0 | O56: 0 | P56: 0 | Q56: 0 | R56: 0 | S56: 0 | T56: 0 | U56: 0 | V56: 96961.811 | W56: 28598.236 | X56: 19460.309 | Y56: 9120.8057 | Z56: 31467.038 | AA56: 37510.15 | AB56: 34605.666 | AC56: 61661.589
B57: 3-3 CONTRIBUCIONES PARAFISCALES DE LOS ESTABLECIMIENTOS PÚBLICOS | C57: 3926282.2 | D57: 5092490.2 | E57: 5161597.2 | F57: 5243079.6 | G57: 5521487.1 | H57: 5637987.4 | I57: 6640005.3 | J57: 6971739.3 | K57: 7493104.2 | L57: 8303191.4 | M57: 8793329.5 | N57: 5932731.7 | O57: 10064331 | P57: 7367149.2 | Q57: 5364842.1 | R57: 5338033 | S57: 5415938 | T57: 5567781.5 | U57: 5840022.8 | V57: 5856792.3 | W57: 5883173.1 | X57: 5951564.9 | Y57: 5923593.1 | Z57: 6156067.1 | AA57: 6495473.2 | AB57: 6727454.1 | AC57: 4312199.5
... B61: TOTAL INGRESOS DE LOS ESTABLECIMIENTOS PUBLICOS | C61: 12776890 | D61: 15002918 | E61: 19379453 | F61: 15716531 | G61: 22407953 | H61: 22641646 | I61: 19445350 | J61: 20586402 | K61: 22466353 | L61: 25861707 | M61: 27132060 | N61: 17922583 | O61: 27107998 | P61: 28226446 | Q61: 24913967 | R61: 24771771 | S61: 25648431 | T61: 26764256 | U61: 25059342 | V61: 25873119 | W61: 23958403 | X61: 27833404 | Y61: 30455581 | Z61: 29380319 | AA61: 33246141 | AB61: 32703589 | AC61: 21475807
B62: Variación Porcentual | D62: 0.17422297 | E62: 0.29171224 | F62: -0.18901058 | G62: 0.42575692 | H62: 0.010429014 | I62: -0.14116889 | J62: 0.058679947 | K62: 0.091320058 | L62: 0.15113059 | M62: 0.049121026 | N62: -0.33943154 | O62: 0.51250506 | P62: 0.041258964 | Q62: -0.11735374 | R62: -0.0057074612 | S62: 0.035389466 | T62: 0.043504597 | U62: -0.06370116 | V62: 0.032474014 | W62: -0.074004075 | X62: 0.16173871 | Y62: 0.094209733 | Z62: -0.035305934 | AA62: 0.13157862 | AB62: -0.016319232 | AC62: -0.34331957
B63: Fuente: Ministerio de Hacienda y Crédito Público. Ejecución de ingresos y gastos de las entidades que conforman el Presupuesto General de la Nación.
B64: Nota 1/: Información a agosto de 2026.
B66: Deflactor 2026 | C66: ='CUADRO 6A'!C66 -> 0.2679589 | D66: ='CUADRO 6A'!D66 -> 0.28845321 | E66: ='CUADRO 6A'!E66 -> 0.3086214 | F66: ='CUADRO 6A'!F66 -> 0.32865513 | G66: ='CUADRO 6A'!G66 -> 0.34672125 | H66: ='CUADRO 6A'!H66 -> 0.36355514 | I66: ='CUADRO 6A'!I66 -> 0.37983495 | J66: ='CUADRO 6A'!J66 -> 0.40146451 | ... AC66: ='CUADRO 6A'!AC66 -> 1

Sheet CUADRO 7A
B7: Cuadro No. 7A. Detalle de la composición de los ingresos del Presupuesto General de la Nación (Aforo)
B8: Valores en millones de pesos (precios constantes 2026)
B9: CONCEPTO | C9: 2000 | D9: 2001 | E9: 2002 | F9: 2003 | G9: 2004 | H9: 2005 1/ | I9: 2006 | J9: 2007 | K9: 2008 | L9: 2009 | M9: 2010 | N9: 2011 | O9: 2012 | P9: 2013 2/ | Q9: 2014 | R9: 2015 | S9: 2016 | T9: 2017 | U9: 2018 | V9: 2019 | W9: 2020 | X9: 2021 | Y9: 2022 | Z9: 2023 | AA9: 2024 | AB9: 2025 | AC9: 2026 3/
B10: I - INGRESOS DEL PRESUPUESTO NACIONAL | C10: 1.7321454e+08 | D10: 2.0102172e+08 | E10: 1.9993007e+08 | F10: 2.033984e+08 | G10: 2.133874e+08 | H10: 2.3166686e+08 | I10: 2.6050828e+08 | J10: 2.7284308e+08 | K10: 2.6945999e+08 | L10: 2.9671281e+08 | M10: 3.014904e+08 | N10: 2.9334465e+08 | O10: 3.1522393e+08 | P10: 3.5925166e+08 | Q10: 3.6325514e+08 | R10: 3.5817177e+08 | S10: 3.4170055e+08 | T10: 3.576432e+08 | U10: 3.5439668e+08 | V10: 3.6637134e+08 | W10: 4.5065667e+08 | X10: 4.7135396e+08 | Y10: 4.2760357e+08 | Z10: 4.7058173e+08 | AA10: 4.9949494e+08 | AB10: 5.1336045e+08 | AC10: 5.2080904e+08
B11: 1 INGRESOS CORRIENTES DE LA NACIÓN | C11: 73334541 | D11: 88501202 | E11: 94394807 | F11: 97036048 | G11: 1.0610378e+08 | H11: 1.0726505e+08 | I11: 1.2193845e+08 | J11: 1.3468984e+08 | K11: 1.5317134e+08 | L11: 1.7108577e+08 | M11: 1.5642917e+08 | N11: 1.5918611e+08 | O11: 1.8515826e+08 | P11: 2.0718154e+08 | Q11: 2.0332604e+08 | R11: 2.0272537e+08 | S11: 2.0307294e+08 | T11: 2.0845988e+08 | U11: 2.2296795e+08 | V11: 2.2429594e+08 | W11: 2.076347e+08 | X11: 2.199687e+08 | Y11: 2.1890166e+08 | Z11: 3.2314442e+08 | AA11: 3.2207267e+08 | AB11: 3.2461473e+08 | AC11: 3.2281869e+08
B12: 1-0-00-1-01 INGRESOS TRIBUTARIOS | C12: 70875500 | D12: 85979524 | E12: 92538973 | F12: 96523843 | G12: 1.0552261e+08 | H12: 1.0666829e+08 | I12: 1.2137152e+08 | J12: 1.3412408e+08 | K12: 1.5260226e+08 | L12: 1.7021376e+08 | M12: 1.5531151e+08 | N12: 1.5826654e+08 | O12: 1.8396258e+08 | P12: 2.0612858e+08 | Q12: 2.022299e+08 | R12: 2.0103671e+08 | S12: 2.0218106e+08 | T12: 2.0730549e+08 | U12: 2.2177348e+08 | V12: 2.2223074e+08 | W12: 2.0663246e+08 | X12: 2.1792785e+08 | Y12: 2.1698652e+08 | Z12: 3.2142573e+08 | AA12: 3.2035709e+08 | AB12: 3.2326476e+08 | AC12: 3.2146262e+08
B13: 1-0-00-1-01-1 IMPUESTOS DIRECTOS | C13: 25803584 | D13: 34578023 | E13: 39045794 | F13: 40541872 | G13: 46068189 | H13: 44700622 | I13: 51084964 | J13: 58962690 | K13: 61072453 | L13: 71646996 | M13: 65819002 | N13: 70860662 | O13: 89727762 | P13: 98196243 | Q13: 96680679 | R13: 93048783 | S13: 85539345 | T13: 93038816 | U13: 97893880 | V13: 1.0154916e+08 | W13: 1.0018105e+08 | X13: 1.0562559e+08 | Y13: 1.0390014e+08 | Z13: 1.7429659e+08 | AA13: 1.6348664e+08 | AB13: 1.5846384e+08 | AC13: 165244304
B14: 1-0-00-1-01-1-01 IMPUESTO SOBRE LA RENTA Y COMPLEMENTARIOS | C14: 25803584 | D14: 34578023 | E14: 36952141 | F14: 35651672 | G14: 44802561 | H14: 43427212 | I14: 49866361 | J14: 56065796 | K14: 54179671 | L14: 66966913 | M14: 61130167 | N14: 64059038 | O14: 80890147 | P14: 89770811 | Q14: 88566939 | R14: 77029823 | S14: 69570370 | T14: 88355443 | U14: 97893880 | V14: 98609560 | W14: 98874647 | X14: 1.0394662e+08 | Y14: 1.0294219e+08 | Z14: 1.6980594e+08 | AA14: 1.5846132e+08 | AB14: 1.5442554e+08 | AC14: 151060894
B15: 1-0-00-1-01-1-02 REGIMEN IMPOSITIVO DE SUSTITUCION | C15: 0 | D15: 0 | E15: 0 | F15: 0 | G15: 0 | H15: 0 | I15: 0 | J15: 0 | K15: 0 | L15: 0 | M15: 0 | N15: 0 | O15: 0 | P15: 0 | Q15: 0 | R15: 0 | S15: 0 | T15: 0 | U15: 0 | V15: 0 | W15: 0 | X15: 0 | Y15: 0 | Z15: 0 | AA15: 0 | AB15: 0 | AC15: 0
B16: 1-0-00-1-01-1-04 IMPUESTO PARA PRESERVAR LA SEGURIDAD DEMOCRÁTICA | C16: 0 | D16: 0 | E16: 2093652.6 | F16: 4890200 | G16: 0 | H16: 0 | I16: 0 | J16: 0 | K16: 0 | L16: 0 | M16: 0 | N16: 0 | O16: 0 | P16: 0 | Q16: 0 | R16: 0 | S16: 0 | T16: 0 | U16: 0 | V16: 0 | W16: 0 | X16: 0 | Y16: 0 | Z16: 0 | AA16: 0 | AB16: 0 | AC16: 0
B17: 1-0-00-1-01-1-05 IMPUESTO AL PATRIMONIO | C17: 0 | D17: 0 | E17: 0 | F17: 0 | G17: 1265627.6 | H17: 1273410.7 | I17: 1218603 | J17: 2896893.7 | K17: 6892781.8 | L17: 4680082.6 | M17: 4688834.6 | N17: 5418560.9 | O17: 7072923.9 | P17: 6679861.2 | Q17: 6729961.9 | R17: 0 | S17: 0 | T17: 0 | U17: 0 | V17: 1244275.7 | W17: 1306399.2 | X17: 1336523.8 | Y17: 0 | Z17: 2080544 | AA17: 2197123.5 | AB17: 1494452.2 | AC17: 11109335
B18: 1-0-00-1-01-1-06 SOBRETASA IMPUESTO AL PATRIMONIO | C18: 0 | D18: 0 | E18: 0 | F18: 0 | G18: 0 | H18: 0 | I18: 0 | J18: 0 | K18: 0 | L18: 0 | M18: 0 | N18: 1383063.3 | O18: 1764690.8 | P18: 1745570.9 | Q18: 1383777.8 | R18: 0 | S18: 0 | T18: 0 | U18: 0 | V18: 0 | W18: 0 | X18: 0 | Y18: 0 | Z18: 0 | AA18: 0 | AB18: 0 | AC18: 0
B19: 1-0-00-1-01-1-08 IMPUESTO A LA RIQUEZA | C19: 0 | D19: 0 | E19: 0 | F19: 0 | G19: 0 | H19: 0 | I19: 0 | J19: 0 | K19: 0 | L19: 0 | M19: 0 | N19: 0 | O19: 0 | P19: 0 | Q19: 0 | R19: 8896284.6 | S19: 7505603.5 | T19: 4683372.4 | U19: 0 | V19: 139981.02 | W19: 0 | X19: 0 | Y19: 0 | Z19: 0 | AA19: 25969.288 | AB19: 0 | AC19: 0
B20: 1-0-00-1-01-1-08 SOBRETASA IMPUESTO SOBRE LA RENTA PARA LA EQUIDAD-CREE | C20: 0 | D20: 0 | E20: 0 | F20: 0 | G20: 0 | H20: 0 | I20: 0 | J20: 0 | K20: 0 | L20: 0 | M20: 0 | N20: 0 | O20: 0 | P20: 0 | Q20: 0 | R20: 7122675.2 | S20: 8463371.2 | T20: 0 | U20: 0 | V20: 0 | W20: 0 | X20: 0 | Y20: 0 | Z20: 0 | AA20: 0 | AB20: 0 | AC20: 0
B21: 1-0-00-1-01-1-10 IMPUESTO DE NORMALIZACIÓN TRIBUTARIA | C21: 0 | D21: 0 | E21: 0 | F21: 0 | G21: 0 | H21: 0 | I21: 0 | J21: 0 | K21: 0 | L21: 0 | M21: 0 | N21: 0 | O21: 0 | P21: 0 | Q21: 0 | R21: 0 | S21: 0 | T21: 0 | U21: 0 | V21: 1555344.7 | W21: 0 | X21: 0 | Y21: 461218.94 | Z21: 10381.319 | AA21: 0 | AB21: 0 | AC21: 0
... B184: TOTAL AFORO INGRESOS DEL PGN | C184: 1.8881406e+08 | D184: 2.1754705e+08 | E184: 2.1631042e+08 | F184: 2.1829599e+08 | G184: 2.3565656e+08 | H184: 2.5302673e+08 | I184: 2.7886589e+08 | J184: 2.9187923e+08 | K184: 2.8984179e+08 | L184: 3.2215139e+08 | M184: 3.2920606e+08 | N184: 3.2066928e+08 | O184: 3.4262948e+08 | P184: 3.8850303e+08 | Q184: 3.8560175e+08 | R184: 3.8064989e+08 | S184: 3.6486165e+08 | T184: 3.819918e+08 | U184: 3.7658644e+08 | V184: 3.8947576e+08 | W184: 4.7332384e+08 | X184: 4.9850824e+08 | Y184: 4.518135e+08 | Z184: 4.9611409e+08 | AA184: 5.2956721e+08 | AB184: 5.412764e+08 | AC184: 5.5103455e+08
B185: Variación Porcentual | D185: 0.15217609 | E185: -0.0056843881 | F185: 0.0091792614 | G185: 0.079527638 | H185: 0.073709686 | I185: 0.10212028 | J185: 0.046665234 | K185: -0.0069804203 | L185: 0.11147321 | M185: 0.021898617 | N185: -0.025931422 | O185: 0.068482404 | P185: 0.13388676 | Q185: -0.0074678257 | R185: -0.012841914 | S185: -0.041477064 | T185: 0.046949709 | U185: -0.014150446 | V185: 0.034226723 | W185: 0.21528444 | X185: 0.053207549 | Y185: -0.093668931 | Z185: 0.098050607 | AA185: 0.067430296 | AB185: 0.02211087 | AC185: 0.018028031
B186: Fuente: Ministerio de Hacienda y Crédito Público. Ejecución de ingresos y gastos de las entidades que conforman el Presupuesto General de la Nación.
B187: Nota 1/: Los ingresos del Presupuesto Nacional del año 2005 no incluyen ingresos por $1,486 mm de la Ley de Financiamiento que el Congreso de la República no aprobó.
B188: Nota 2/: Los ingresos del Presupuesto Nacional del año 2013 no incluyen la sustitución de ingresos CREE contenidos en los Decretos 850 y 939 de 2013, los cuales no fueron modificados dentro de los ingresos de los Establecimientos Públicos.
B189: Nota 3/: Información a agosto de 2026.
B190: Nota 4/: El Impuesto Sobre las Ventas incluye el IVA Interno y Externo.
B191: Deflactor 2026 | C191: ='CUADRO 6B'!C66 -> 0.2679589 | D191: ='CUADRO 6B'!D66 -> 0.28845321 | E191: ='CUADRO 6B'!E66 -> 0.3086214 | F191: ='CUADRO 6B'!F66 -> 0.32865513 | G191: ='CUADRO 6B'!G66 -> 0.34672125 | H191: ='CUADRO 6B'!H66 -> 0.36355514 | I191: ='CUADRO 6B'!I66 -> 0.37983495 | J191: ='CUADRO 6B'!J66 -> 0.40146451 | ... AC191: ='CUADRO 6B'!AC66 -> 1

Sheet CUADRO 7B
B7: Cuadro No. 7B. Detalle de la composición de los ingresos del Presupuesto General de la Nación (Recaudo)
B8: Valores en millones de pesos (precios constantes 2026)
B9: CONCEPTO | C9: 2000 | D9: 2001 | E9: 2002 | F9: 2003 | G9: 2004 | H9: 2005 | I9: 2006 | J9: 2007 | K9: 2008 | L9: 2009 | M9: 2010 | N9: 2011 | O9: 2012 | P9: 2013 | Q9: 2014 | R9: 2015 2/ | S9: 2016 2/ | T9: 2017 | U9: 2018 | V9: 2019 | W9: 2020 | X9: 2021 | Y9: 2022 | Z9: 2023 | AA9: 2024 | AB9: 2025 | AC9: 2026 3/
B10: I - INGRESOS DEL PRESUPUESTO NACIONAL | C10: 1.6362061e+08 | D10: 1.9991605e+08 | E10: 1.7493035e+08 | F10: 2.0068126e+08 | G10: 1.9458441e+08 | H10: 2.359972e+08 | I10: 2.4527402e+08 | J10: 2.3042443e+08 | K10: 2.6007739e+08 | L10: 2.7193928e+08 | M10: 2.485576e+08 | N10: 2.8128894e+08 | O10: 2.9173334e+08 | P10: 3.3306661e+08 | Q10: 3.3501873e+08 | R10: 3.3477501e+08 | S10: 3.175807e+08 | T10: 3.3532083e+08 | U10: 3.3130398e+08 | V10: 3.456533e+08 | W10: 4.2088847e+08 | X10: 4.3806655e+08 | Y10: 3.9181822e+08 | Z10: 4.3890648e+08 | AA10: 4.1353701e+08 | AB10: 4.7890583e+08 | AC10: 3.6192318e+08
B11: 1 INGRESOS CORRIENTES DE LA NACIÓN 1/ | C11: 75110538 | D11: 87924663 | E11: 88863859 | F11: 96430872 | G11: 1.0650031e+08 | H11: 1.1709867e+08 | I11: 1.3561157e+08 | J11: 1.4392966e+08 | K11: 1.5041033e+08 | L11: 1.4887745e+08 | M11: 1.4931256e+08 | N11: 1.7933129e+08 | O11: 1.9955534e+08 | P11: 2.0051036e+08 | Q11: 1.8872649e+08 | R11: 1.9620929e+08 | S11: 1.8927269e+08 | T11: 2.1384036e+08 | U11: 2.141509e+08 | V11: 2.379833e+08 | W11: 2.0289747e+08 | X11: 2.3544369e+08 | Y11: 2.732606e+08 | Z11: 3.0972079e+08 | AA11: 2.7546069e+08 | AB11: 2.8914818e+08 | AC11: 2.0161065e+08
B12: 1-0-00-1-01 INGRESOS TRIBUTARIOS | C12: 73308893 | D12: 85982731 | E12: 87802746 | F12: 95457815 | G12: 1.0595355e+08 | H12: 1.1632169e+08 | I12: 1.3500412e+08 | J12: 1.4297567e+08 | K12: 1.4884958e+08 | L12: 1.4779782e+08 | M12: 1.4793453e+08 | N12: 1.7812393e+08 | O12: 1.970837e+08 | P12: 1.9851478e+08 | Q12: 1.8750308e+08 | R12: 1.9496117e+08 | S12: 1.8814051e+08 | T12: 2.0476077e+08 | U12: 2.128166e+08 | V12: 2.3568612e+08 | W12: 2.0035955e+08 | X12: 2.3414872e+08 | Y12: 2.7186671e+08 | Z12: 3.0822404e+08 | AA12: 2.7362142e+08 | AB12: 2.8832706e+08 | AC12: 2.011547e+08
B13: 1-0-00-1-01-1 IMPUESTOS DIRECTOS | C13: 26509755 | D13: 33289202 | E13: 36795483 | F13: 39435204 | G13: 45089675 | H13: 48992122 | I13: 56827029 | J13: 61557188 | K13: 63959466 | L13: 68354408 | M13: 61966876 | N13: 79882328 | O13: 98994107 | P13: 99499465 | Q13: 81356876 | R13: 87906718 | S13: 87256685 | T13: 94346259 | U13: 98553527 | V13: 1.1312007e+08 | W13: 97280217 | X13: 1.0751619e+08 | Y13: 1.2358692e+08 | Z13: 1.6579383e+08 | AA13: 1.3343431e+08 | AB13: 1.3752028e+08 | AC13: 1.0055353e+08
B14: 1-0-00-1-01-1-01 IMPUESTO SOBRE LA RENTA Y COMPLEMENTARIOS | C14: 26509755 | D14: 33289202 | E14: 34710948 | F14: 35666556 | G14: 44371076 | H14: 47745273 | I14: 56796623 | J14: 58564550 | K14: 56531961 | L14: 63777005 | M14: 57633635 | N14: 70915767 | O14: 90337263 | P14: 90850668 | Q14: 73256102 | R14: 71028276 | S14: 69735400 | T14: 87969255 | U14: 97726121 | V14: 1.0984512e+08 | W14: 94519457 | X14: 1.0537084e+08 | Y14: 1.2230732e+08 | Z14: 1.6356427e+08 | AA14: 1.3044208e+08 | AB14: 1.3444656e+08 | AC14: 93156678
B15: 1-0-00-1-01-1-02 REGIMEN IMPOSITIVO DE SUSTITUCION | C15: 0 | D15: 0 | E15: 0 | F15: 0 | G15: 0 | H15: 0 | I15: 0 | J15: 0 | K15: 0 | L15: 0 | M15: 0 | N15: 0 | O15: 0 | P15: 0 | Q15: 0 | R15: 0 | S15: 0 | T15: 0 | U15: 0 | V15: 0 | W15: 0 | X15: 0 | Y15: 0 | Z15: 0 | AA15: 0 | AB15: 0 | AC15: 0
B16: 1-0-00-1-01-1-04 IMPUESTO PARA PRESERVAR LA SEGURIDAD DEMOCRÁTICA | C16: 0 | D16: 0 | E16: 2084535.7 | F16: 3768648.7 | G16: 718599.19 | H16: 20862.763 | I16: 7785.7486 | J16: 23868.22 | K16: 21361.668 | L16: 6134.2983 | M16: 6559.8191 | N16: 5681.2619 | O16: 5374.247 | P16: 8445.8777 | Q16: 334.10099 | R16: 1350.5395 | S16: 288.54252 | T16: 298.20879 | U16: 43.155691 | V16: 1576.7951 | W16: 0 | X16: 0 | Y16: 0 | Z16: 0 | AA16: 0 | AB16: 0 | AC16: 0
B17: 1-0-00-1-01-1-05 IMPUESTO AL PATRIMONIO | C17: 0 | D17: 0 | E17: 0 | F17: 0 | G17: 0 | H17: 1225986.6 | I17: 22620.4 | J17: 2968770 | K17: 7406143.4 | L17: 4571269.3 | M17: 4326681 | N17: 8960879.5 | O17: 8651469.4 | P17: 6924307.1 | Q17: 6466698 | R17: 210264.78 | S17: 59902.824 | T17: 33801.055 | U17: 29788.176 | V17: 1337381.5 | W17: 1422478 | X17: 1433761.7 | Y17: 93923.493 | Z17: 1420007.6 | AA17: 1634665.6 | AB17: 1316125.9 | AC17: 6064823.4
B18: 1-0-00-1-01-1-06 SOBRETASA IMPUESTO AL PATRIMONIO | C18: 0 | D18: 0 | E18: 0 | F18: 0 | G18: 0 | H18: 0 | I18: 0 | J18: 0 | K18: 0 | L18: 0 | M18: 0 | N18: 0 | O18: 0 | P18: 1716042.6 | Q18: 1633742.2 | R18: 31915.419 | S18: 6312.709 | T18: 2604.6389 | U18: 2483.4441 | V18: 1665.7935 | W18: 0 | X18: 0 | Y18: 0 | Z18: 0 | AA18: 0 | AB18: 0 | AC18: 0
B19: 1-0-00-1-01-1-08 IMPUESTO A LA RIQUEZA | C19: 0 | D19: 0 | E19: 0 | F19: 0 | G19: 0 | H19: 0 | I19: 0 | J19: 0 | K19: 0 | L19: 0 | M19: 0 | N19: 0 | O19: 0 | P19: 0 | Q19: 0 | R19: 9512236.6 | S19: 7628167 | T19: 6340299.8 | U19: 795091.1 | V19: 109212.87 | W19: 40250.756 | X19: 72499.597 | Y19: 18054.313 | Z19: 12349.297 | AA19: 6529.6392 | AB19: 9042.0833 | AC19: 3076.5516
B20: 1-0-00-1-01-1-08 SOBRETASA IMPUESTO SOBRE LA RENTA PARA LA EQUIDAD-CREE | C20: 0 | D20: 0 | E20: 0 | F20: 0 | G20: 0 | H20: 0 | I20: 0 | J20: 0 | K20: 0 | L20: 0 | M20: 0 | N20: 0 | O20: 0 | P20: 0 | Q20: 0 | R20: 7122675.6 | S20: 9826613.8 | T20: 0 | U20: 0 | V20: 0 | W20: 0 | X20: 0 | Y20: 0 | Z20: 0 | AA20: 0 | AB20: 0 | AC20: 0
B21: 1-0-00-1-01-1-10 IMPUESTO DE NORMALIZACIÓN TRIBUTARIA | C21: 0 | D21: 0 | E21: 0 | F21: 0 | G21: 0 | H21: 0 | I21: 0 | J21: 0 | K21: 0 | L21: 0 | M21: 0 | N21: 0 | O21: 0 | P21: 0 | Q21: 0 | R21: 0 | S21: 0 | T21: 0 | U21: 0 | V21: 1751802.2 | W21: 951686.63 | X21: 202238.25 | Y21: 307029.84 | Z21: 6786.9586 | AA21: 969.88433 | AB21: 1272.7583 | AC21: 319692.65
... B167: 3-2 FONDOS ESPECIALES ESTABLECIMIENTOS PÚBLICOS | C167: 0 | D167: 135472.74 | E167: 108380.8 | F167: 398041.25 | G167: 105034.51 | H167: 126499.23 | I167: 106041.87 | J167: 114788.28 | K167: 118563.52 | L167: 105701.67 | M167: 227998.46 | N167: 99303.261 | O167: 273567.51 | P167: 580747.27 | Q167: 658229.21 | R167: 645529.43 | S167: 682188.51 | T167: 841076.03 | U167: 942739.21 | V167: 952060.87 | W167: 879643.39 | X167: 898795.19 | Y167: 1115070 | Z167: 1206041.7 | AA167: 1266622.3 | AB167: 2014206.6 | AC167: 1180074.4
B168: 3-2 FONDOS ESPECIALES ESTABLECIMIENTOS PÚBLICOS | C168: #VALUE! | D168: 135472.74 | E168: 108380.8 | F168: 398041.25 | G168: 105034.51 | H168: 126499.23 | I168: 106041.87 | J168: 114788.28 | K168: 118563.52 | L168: 105701.67 | M168: 227998.46 | N168: 99303.261 | O168: 273567.51 | P168: 580747.27 | Q168: 658229.21 | R168: 645529.43 | S168: 682188.51 | T168: 841076.03 | U168: 942739.21 | V168: 0 | W168: 0 | X168: 0 | Y168: 0 | Z168: 0 | AA168: 0 | AB168: 0 | AC168: 0
B169: 3-2-01 FONDO DE REPARACIÓN DE VICTIMAS | C169: 0 | D169: 0 | E169: 0 | F169: 0 | G169: 0 | H169: 0 | I169: 0 | J169: 0 | K169: 0 | L169: 0 | M169: 0 | N169: 0 | O169: 0 | P169: 0 | Q169: 0 | R169: 0 | S169: 0 | T169: 0 | U169: 0 | V169: 1206.5066 | W169: 6650.7939 | X169: 15100.02 | Y169: 35847.527 | Z169: 12113.912 | AA169: 25434.176 | AB169: 611604.38 | AC169: 11284.149
B170: 3-2-02 FONDO EMPRENDER | C170: 0 | D170: 0 | E170: 0 | F170: 0 | G170: 0 | H170: 0 | I170: 0 | J170: 0 | K170: 0 | L170: 0 | M170: 0 | N170: 0 | O170: 0 | P170: 0 | Q170: 0 | R170: 0 | S170: 0 | T170: 0 | U170: 0 | V170: 183538.98 | W170: 212559.93 | X170: 227248.75 | Y170: 238073.64 | Z170: 317181.7 | AA170: 388400.14 | AB170: 494013 | AC170: 508412.1
B171: 3-2-03 FONDO NACIONAL DE SEGURIDAD VIAL | C171: 0 | D171: 0 | E171: 0 | F171: 0 | G171: 0 | H171: 0 | I171: 0 | J171: 0 | K171: 0 | L171: 0 | M171: 0 | N171: 0 | O171: 0 | P171: 0 | Q171: 0 | R171: 0 | S171: 0 | T171: 0 | U171: 0 | V171: 188832.85 | W171: 201918.74 | X171: 208334.05 | Y171: 311794.1 | Z171: 290259.82 | AA171: 292410.27 | AB171: 299467.31 | AC171: 207572.83
B172: 3-2-05 FONDO VIVIENDA - SENA | C172: 0 | D172: 0 | E172: 0 | F172: 0 | G172: 0 | H172: 0 | I172: 0 | J172: 0 | K172: 0 | L172: 0 | M172: 0 | N172: 0 | O172: 0 | P172: 0 | Q172: 0 | R172: 0 | S172: 0 | T172: 0 | U172: 0 | V172: 72736.805 | W172: 95751.527 | X172: 83230.418 | Y172: 103257.06 | Z172: 120453.09 | AA172: 116524.75 | AB172: 114030.12 | AC172: 95967.785
B173: 3-2-06 FONDO VIVIENDA - SUPERINTENDENCIA NOTARIADO Y REGISTRO | C173: 0 | D173: 0 | E173: 0 | F173: 0 | G173: 0 | H173: 0 | I173: 0 | J173: 0 | K173: 0 | L173: 0 | M173: 0 | N173: 0 | O173: 0 | P173: 0 | Q173: 0 | R173: 0 | S173: 0 | T173: 0 | U173: 0 | V173: 812.23899 | W173: 407.65865 | X173: 1052.4907 | Y173: 1072.321 | Z173: 415.87508 | AA173: 1024.3003 | AB173: 204.71975 | AC173: 263.90261
B174: 3-2-07 FONDO INDUSTRIA DE LA CONSTRUCCION FIC | C174: 0 | D174: 0 | E174: 0 | F174: 0 | G174: 0 | H174: 0 | I174: 0 | J174: 0 | K174: 0 | L174: 0 | M174: 0 | N174: 0 | O174: 0 | P174: 0 | Q174: 0 | R174: 0 | S174: 0 | T174: 0 | U174: 0 | V174: 169987.4 | W174: 137205.64 | X174: 152046.74 | Y174: 216864.61 | Z174: 235142.85 | AA174: 217027.23 | AB174: 265200.46 | AC174: 166959.61
B175: 3-2-08 FONDO NOTARIAS DECRETO 1672 DE 1997 | C175: 0 | D175: 0 | E175: 0 | F175: 0 | G175: 0 | H175: 0 | I175: 0 | J175: 0 | K175: 0 | L175: 0 | M175: 0 | N175: 0 | O175: 0 | P175: 0 | Q175: 0 | R175: 0 | S175: 0 | T175: 0 | U175: 0 | V175: 74475.539 | W175: 61956.539 | X175: 75384.996 | Y175: 79250.948 | Z175: 74711.792 | AA175: 60660.748 | AB175: 63704.351 | AC175: 44043.684
B176: 3-2-09 FONDOS INPEC | C176: 0 | D176: 0 | E176: 0 | F176: 0 | G176: 0 | H176: 0 | I176: 0 | J176: 0 | K176: 0 | L176: 0 | M176: 0 | N176: 0 | O176: 0 | P176: 0 | Q176: 0 | R176: 0 | S176: 0 | T176: 0 | U176: 0 | V176: 154251.13 | W176: 130507.51 | X176: 116565.12 | Y176: 119558.63 | Z176: 123878.55 | AA176: 127383.81 | AB176: 131350.35 | AC176: 83908.642
B177: 3-2-10 FONDO CONTRA LA EXPLOTACIÓN SEXUAL DE MENORES | C177: 0 | D177: 0 | E177: 0 | F177: 0 | G177: 0 | H177: 0 | I177: 0 | J177: 0 | K177: 0 | L177: 0 | M177: 0 | N177: 0 | O177: 0 | P177: 0 | Q177: 0 | R177: 0 | S177: 0 | T177: 0 | U177: 0 | V177: 240.20305 | W177: 245.85966 | X177: 50.646429 | Y177: 230.37102 | Z177: 417.08078 | AA177: 236.04854 | AB177: 26.052601 | AC177: 0.1009
B178: 3-2-11 FONDO DE CURADORES URBANOS | C178: 0 | D178: 0 | E178: 0 | F178: 0 | G178: 0 | H178: 0 | I178: 0 | J178: 0 | K178: 0 | L178: 0 | M178: 0 | N178: 0 | O178: 0 | P178: 0 | Q178: 0 | R178: 0 | S178: 0 | T178: 0 | U178: 0 | V178: 9017.3976 | W178: 3840.9544 | X178: 321.64661 | Y178: 0 | Z178: 0 | AA178: 10.658343 | AB178: 0.14196098 | AC178: 0
B179: 3-2-12 FONDO PARA LA ADMINISTRACIÓN DE BIENES DE LA FISCALIA | C179: 0 | D179: 0 | E179: 0 | F179: 0 | G179: 0 | H179: 0 | I179: 0 | J179: 0 | K179: 0 | L179: 0 | M179: 0 | N179: 0 | O179: 0 | P179: 0 | Q179: 0 | R179: 0 | S179: 0 | T179: 0 | U179: 0 | V179: 96961.811 | W179: 28598.236 | X179: 19460.309 | Y179: 9120.8057 | Z179: 31467.038 | AA179: 37510.15 | AB179: 34605.666 | AC179: 61661.589
B180: 3-3 CONTRIBUCIONES PARAFISCALES DE LOS ESTABLECIMIENTOS PÚBLICOS | C180: 3926282.2 | D180: 5092490.2 | E180: 5161597.2 | F180: 5243079.6 | G180: 5521487.1 | H180: 5637987.4 | I180: 6640005.3 | J180: 6971739.3 | K180: 7493104.2 | L180: 8303191.4 | M180: 8793329.5 | N180: 5932731.7 | O180: 10064331 | P180: 7367149.2 | Q180: 5364842.1 | R180: 5338033 | S180: 5415938 | T180: 5567781.5 | U180: 5840022.8 | V180: 5856792.3 | W180: 5883173.1 | X180: 5951564.9 | Y180: 5923593.1 | Z180: 6156067.1 | AA180: 6495473.2 | AB180: 6727454.1 | AC180: 4312199.5
... B184: TOTAL RECAUDO INGRESOS DEL PGN | C184: 1.763975e+08 | D184: 2.1491896e+08 | E184: 1.943098e+08 | F184: 2.163978e+08 | G184: 2.1699237e+08 | H184: 2.5863884e+08 | I184: 2.6471937e+08 | J184: 2.5101083e+08 | K184: 2.8254374e+08 | L184: 2.9780098e+08 | M184: 2.7568966e+08 | N184: 2.9921152e+08 | O184: 3.1884134e+08 | P184: 3.6129306e+08 | Q184: 3.599327e+08 | R184: 3.5954679e+08 | S184: 3.4322913e+08 | T184: 3.6208508e+08 | U184: 3.5636332e+08 | V184: 3.7152642e+08 | W184: 4.4484687e+08 | X184: 4.6589996e+08 | Y184: 4.222738e+08 | Z184: 4.682868e+08 | AA184: 4.4678315e+08 | AB184: 5.1160942e+08 | AC184: 3.6192318e+08
B185: Variación Porcentual | D185: 0.21837875 | E185: -0.095892717 | F185: 0.11367411 | G185: 0.0027475911 | H185: 0.19192599 | I185: 0.023509709 | J185: -0.051785179 | K185: 0.12562371 | L185: 0.053999575 | M185: -0.074248645 | N185: 0.085320056 | O185: 0.065605143 | P185: 0.13314373 | Q185: -0.0037652632 | R185: -0.0010721755 | S185: -0.045383956 | T185: 0.054936929 | U185: -0.01580227 | V185: 0.042549566 | W185: 0.19734922 | X185: 0.047326585 | Y185: -0.093638458 | Z185: 0.10896483 | AA185: -0.045919834 | AB185: 0.14509561 | AC185: -0.29257913
B186: Fuente: Ministerio de Hacienda y Crédito Público. Ejecución de ingresos y gastos de las entidades que conforman el Presupuesto General de la Nación.
B187: Nota 1/: La fuente de los datos de los Ingresos Corrientes de la Nación en las vigencias 2000-2021 es el Plan Financiero y el flujo de caja de la Dirección General de Crédito Público y Tesoro Nacional- DGCPTN. En las vigencias 2022-2025 es el Sistema Integrado de Información Financiera-SIIF.
B188: Nota 2/: En las vigencias 2015-2016 la suma del recaudo de la Sobretasa Impuesto sobre la Renta para la Equidad CREE y del Fondo especial Impuesto para la Renta CREE es el registrado en el SIIF.
B189: Nota 3/: Información a agosto de 2026
B190: Nota 4/: El Impuesto sobre las Ventas solo incluye el IVA Interno.
B191: Nota 5/: El Impuesto sobre Aduanas y Recargos incluye el IVA Externo y Aranceles.
B192: =#REF! -> #REF! | C192: ='CUADRO 7A'!C191 -> 0.2679589 | D192: ='CUADRO 7A'!D191 -> 0.28845321 | E192: ='CUADRO 7A'!E191 -> 0.3086214 | F192: ='CUADRO 7A'!F191 -> 0.32865513 | G192: ='CUADRO 7A'!G191 -> 0.34672125 | H192: ='CUADRO 7A'!H191 -> 0.36355514 | I192: ='CUADRO 7A'!I191 -> 0.37983495 | J192: ='CUADRO 7A'!J191 -> 0.40146451 | ... AC192: ='CUADRO 7A'!AC191 -> 1

Sheet GRÁFICO 1
A1: AFORO
B3: =+'CUADRO 1A'!C9 -> 2000 | C3: =+'CUADRO 1A'!D9 -> 2001 | D3: =+'CUADRO 1A'!E9 -> 2002 | E3: =+'CUADRO 1A'!F9 -> 2003 | F3: =+'CUADRO 1A'!G9 -> 2004 | G3: =+'CUADRO 1A'!H9 -> 2005 1/ | H3: =+'CUADRO 1A'!I9 -> 2006 | I3: =+'CUADRO 1A'!J9 -> 2007 | ... AB3: =+'CUADRO 1A'!AC9 -> 2026 3/
A4: Ingresos Nación | B4: ='CUADRO 1A'!C10/1000 -> 173.21454 | C4: ='CUADRO 1A'!D10/1000 -> 201.02172 | D4: ='CUADRO 1A'!E10/1000 -> 199.93007 | E4: ='CUADRO 1A'!F10/1000 -> 203.3984 | F4: ='CUADRO 1A'!G10/1000 -> 213.3874 | G4: ='CUADRO 1A'!H10/1000 -> 231.66686 | H4: ='CUADRO 1A'!I10/1000 -> 260.50828 | I4: ='CUADRO 1A'!J10/1000 -> 272.84308 | ... AB4: ='CUADRO 1A'!AC10/1000 -> 520.80904
A5: Ingresos Estapúblicos | B5: ='CUADRO 1A'!C15/1000 -> 15.599519 | C5: ='CUADRO 1A'!D15/1000 -> 16.525322 | D5: ='CUADRO 1A'!E15/1000 -> 16.380349 | E5: ='CUADRO 1A'!F15/1000 -> 14.897595 | F5: ='CUADRO 1A'!G15/1000 -> 22.269158 | G5: ='CUADRO 1A'!H15/1000 -> 21.359872 | H5: ='CUADRO 1A'!I15/1000 -> 18.357614 | I5: ='CUADRO 1A'!J15/1000 -> 19.036149 | ... AB5: ='CUADRO 1A'!AC15/1000 -> 30.225513
A6: Total Ingresos PGN | B6: ='CUADRO 1A'!C20/1000 -> 188.81406 | C6: ='CUADRO 1A'!D20/1000 -> 217.54705 | D6: ='CUADRO 1A'!E20/1000 -> 216.31042 | E6: ='CUADRO 1A'!F20/1000 -> 218.29599 | F6: ='CUADRO 1A'!G20/1000 -> 235.65656 | G6: ='CUADRO 1A'!H20/1000 -> 253.02673 | H6: ='CUADRO 1A'!I20/1000 -> 278.86589 | I6: ='CUADRO 1A'!J20/1000 -> 291.87923 | ... AB6: ='CUADRO 1A'!AC20/1000 -> 551.03455
D9: Gráfico No. 1. Aforo Ingresos del PGN
D11: (Precios Constantes 2026)
A46: Fuente: Ministerio de Hacienda y Crédito Público. Ejecución de ingresos y gastos de las entidades que conforman el Presupuesto General de la Nación.
A47: Nota 1/: En ingresos del presupuesto nacional 2005 no incluye ingresos por $1,486 mm de la Ley de Financiamiento que el Congreso de la República no aprobó.
A48: Nota 2/: En ingresos del presupuesto nacional 2013 Incluye sustitución de ingresos CREE contenidos en los Decretos 850 y 939 de 2013. Los cuales no fueron modificados en ingresos estapúblicos.
A49: Nota 3/: Información a agosto de 2026.

Sheet GRÁFICO 2
A1: RECAUDO
B3: =+'CUADRO 1B'!C9 -> 2000 | C3: =+'CUADRO 1B'!D9 -> 2001 | D3: =+'CUADRO 1B'!E9 -> 2002 | E3: =+'CUADRO 1B'!F9 -> 2003 | F3: =+'CUADRO 1B'!G9 -> 2004 | G3: =+'CUADRO 1B'!H9 -> 2005 | H3: =+'CUADRO 1B'!I9 -> 2006 | I3: =+'CUADRO 1B'!J9 -> 2007 | ... AB3: =+'CUADRO 1B'!AC9 -> 2026 3/
A4: Ingresos Nación | B4: ='CUADRO 1B'!C10/1000 -> 163.62061 | C4: ='CUADRO 1B'!D10/1000 -> 199.91605 | D4: ='CUADRO 1B'!E10/1000 -> 174.93035 | E4: ='CUADRO 1B'!F10/1000 -> 200.68126 | F4: ='CUADRO 1B'!G10/1000 -> 194.58441 | G4: ='CUADRO 1B'!H10/1000 -> 235.9972 | H4: ='CUADRO 1B'!I10/1000 -> 245.27402 | I4: ='CUADRO 1B'!J10/1000 -> 230.42443 | ... AB4: ='CUADRO 1B'!AC10/1000 -> 340.44737
A5: Ingresos Estapúblicos | B5: =+'CUADRO 1B'!C15/1000 -> 12.77689 | C5: =+'CUADRO 1B'!D15/1000 -> 15.002918 | D5: =+'CUADRO 1B'!E15/1000 -> 19.379453 | E5: =+'CUADRO 1B'!F15/1000 -> 15.716531 | F5: =+'CUADRO 1B'!G15/1000 -> 22.407953 | G5: =+'CUADRO 1B'!H15/1000 -> 22.641646 | H5: =+'CUADRO 1B'!I15/1000 -> 19.44535 | I5: =+'CUADRO 1B'!J15/1000 -> 20.586402 | ... AB5: =+'CUADRO 1B'!AC15/1000 -> 21.475807
A6: Total Ingresos PGN | B6: =+'CUADRO 1B'!C20/1000 -> 176.3975 | C6: =+'CUADRO 1B'!D20/1000 -> 214.91896 | D6: =+'CUADRO 1B'!E20/1000 -> 194.3098 | E6: =+'CUADRO 1B'!F20/1000 -> 216.3978 | F6: =+'CUADRO 1B'!G20/1000 -> 216.99237 | G6: =+'CUADRO 1B'!H20/1000 -> 258.63884 | H6: =+'CUADRO 1B'!I20/1000 -> 264.71937 | I6: =+'CUADRO 1B'!J20/1000 -> 251.01083 | ... AB6: =+'CUADRO 1B'!AC20/1000 -> 361.92318
A7: Porcentaje de Ejecución | B7: =+'CUADRO 1B'!C20/'CUADRO 1A'!C20*100 -> 93.423922 | C7: =+'CUADRO 1B'!D20/'CUADRO 1A'!D20*100 -> 98.791948 | D7: =+'CUADRO 1B'!E20/'CUADRO 1A'!E20*100 -> 89.829144 | E7: =+'CUADRO 1B'!F20/'CUADRO 1A'!F20*100 -> 99.130447 | F7: =+'CUADRO 1B'!G20/'CUADRO 1A'!G20*100 -> 92.079919 | G7: =+'CUADRO 1B'!H20/'CUADRO 1A'!H20*100 -> 102.21799 | H7: =+'CUADRO 1B'!I20/'CUADRO 1A'!I20*100 -> 94.927124 | I7: =+'CUADRO 1B'!J20/'CUADRO 1A'!J20*100 -> 85.99818 | ... AB7: =+'CUADRO 1B'!AC20/'CUADRO 1A'!AC20*100 -> 65.680669
D10: Gráfico No. 2. Recaudo Ingresos del PGN
D12: =+'GRÁFICO 1'!D11 -> (Precios Constantes 2026)
A44: =+'CUADRO 1B'!#REF! -> #REF!
A45: =+'CUADRO 1B'!#REF! -> #REF!
A46: =+'CUADRO 1B'!#REF! -> #REF!
A48: Fuente: Ministerio de Hacienda y Crédito Público. Ejecución de ingresos y gastos de las entidades que conforman el Presupuesto General de la Nación.
A49: Nota 1/: 2000-2021 fuente Ingresos corrientes de la nación Plan Financiero y flujo de caja DGCPTN; y 2022-2025 Sistema Integrado de Información Financiera-SIIF.
A50: Nota 2/: 2015-2016 la suma del recaudo de la Sobretasa Impuesto sobre la Renta para la Equidad CREE y el Fondo especial Impuesto para la Renta CREE es el registrado en el SIIF.
A51: Nota 3/: Información a agosto de 2026.

Sheet GRÁFICO 3
A1: AFORO
B3: =+'CUADRO 1A'!C9 -> 2000 | C3: =+'CUADRO 1A'!D9 -> 2001 | D3: =+'CUADRO 1A'!E9 -> 2002 | E3: =+'CUADRO 1A'!F9 -> 2003 | F3: =+'CUADRO 1A'!G9 -> 2004 | G3: =+'CUADRO 1A'!H9 -> 2005 1/ | H3: =+'CUADRO 1A'!I9 -> 2006 | I3: =+'CUADRO 1A'!J9 -> 2007 | ... Z3: =+'CUADRO 1A'!AA9 -> 2024 | AA3: 2025 | AB3: 2026 3/ | AD3: =ISNUMBER(AB3) -> FALSE
A4: ='CUADRO 1A'!B11 -> Ingresos Corrientes de la Nación | B4: ='CUADRO 1A'!C11/1000 -> 73.334541 | C4: ='CUADRO 1A'!D11/1000 -> 88.501202 | D4: ='CUADRO 1A'!E11/1000 -> 94.394807 | E4: ='CUADRO 1A'!F11/1000 -> 97.036048 | F4: ='CUADRO 1A'!G11/1000 -> 106.10378 | G4: ='CUADRO 1A'!H11/1000 -> 107.26505 | H4: ='CUADRO 1A'!I11/1000 -> 121.93845 | I4: ='CUADRO 1A'!J11/1000 -> 134.68984 | ... AB4: ='CUADRO 1A'!AC11/1000 -> 322.81869
A5: ='CUADRO 1A'!B12 -> Recursos de Capital de la Nación | B5: ='CUADRO 1A'!C12/1000 -> 87.892395 | C5: ='CUADRO 1A'!D12/1000 -> 97.526329 | D5: ='CUADRO 1A'!E12/1000 -> 94.921367 | E5: ='CUADRO 1A'!F12/1000 -> 96.214516 | F5: ='CUADRO 1A'!G12/1000 -> 96.287345 | G5: ='CUADRO 1A'!H12/1000 -> 113.78937 | H5: ='CUADRO 1A'!I12/1000 -> 125.26293 | I5: ='CUADRO 1A'!J12/1000 -> 124.3911 | ... AB5: ='CUADRO 1A'!AC12/1000 -> 176.24452
A6: ='CUADRO 1A'!B13 -> Contribuciones Parafiscales de la Nación | B6: ='CUADRO 1A'!C13/1000 -> 2.8345638 | C6: ='CUADRO 1A'!D13/1000 -> 3.6247682 | D6: ='CUADRO 1A'!E13/1000 -> 1.2100617 | E6: ='CUADRO 1A'!F13/1000 -> 2.505648 | F6: ='CUADRO 1A'!G13/1000 -> 1.3938005 | G6: ='CUADRO 1A'!H13/1000 -> 1.482858 | H6: ='CUADRO 1A'!I13/1000 -> 1.5768279 | I6: ='CUADRO 1A'!J13/1000 -> 1.5520738 | ... AB6: ='CUADRO 1A'!AC13/1000 -> 4.26302
A7: ='CUADRO 1A'!B14 -> Fondos Especiales de la Nación | B7: ='CUADRO 1A'!C14/1000 -> 9.1530403 | C7: ='CUADRO 1A'!D14/1000 -> 11.369425 | D7: ='CUADRO 1A'!E14/1000 -> 9.4038391 | E7: ='CUADRO 1A'!F14/1000 -> 7.6421869 | F7: ='CUADRO 1A'!G14/1000 -> 9.6024757 | G7: ='CUADRO 1A'!H14/1000 -> 9.1295734 | H7: ='CUADRO 1A'!I14/1000 -> 11.730059 | I7: ='CUADRO 1A'!J14/1000 -> 12.210063 | ... AB7: ='CUADRO 1A'!AC14/1000 -> 17.48281
A8: Total Aforo Ingresos de la Nación | B8: ='CUADRO 1A'!C10/1000 -> 173.21454 | C8: ='CUADRO 1A'!D10/1000 -> 201.02172 | D8: ='CUADRO 1A'!E10/1000 -> 199.93007 | E8: ='CUADRO 1A'!F10/1000 -> 203.3984 | F8: ='CUADRO 1A'!G10/1000 -> 213.3874 | G8: ='CUADRO 1A'!H10/1000 -> 231.66686 | H8: ='CUADRO 1A'!I10/1000 -> 260.50828 | I8: ='CUADRO 1A'!J10/1000 -> 272.84308 | ... AB8: ='CUADRO 1A'!AC10/1000 -> 520.80904
D11: Gráfico No. 3. Aforo Ingresos del Presupuesto Nacional
D13: =+'GRÁFICO 2'!D12 -> (Precios Constantes 2026)
A47: Fuente: Ministerio de Hacienda y Crédito Público. Ejecución de ingresos y gastos de las entidades que conforman el Presupuesto General de la Nación.
A48: Nota 1/: En ingresos del presupuesto nacional 2005 no incluye ingresos por $1,486 mm de la Ley de Financiamiento que el Congreso de la República no aprobó.
A49: Nota 2/: En ingresos del presupuesto nacional 2013 Incluye sustitución de ingresos CREE contenidos en los Decretos 850 y 939 de 2013. Los cuales no fueron modificados en ingresos estapúblicos.
A50: Nota 3/: Información a agosto de 2026.

Sheet GRÁFICO 4
A1: RECAUDO
B3: =+'CUADRO 1B'!C9 -> 2000 | C3: =+'CUADRO 1B'!D9 -> 2001 | D3: =+'CUADRO 1B'!E9 -> 2002 | E3: =+'CUADRO 1B'!F9 -> 2003 | F3: =+'CUADRO 1B'!G9 -> 2004 | G3: =+'CUADRO 1B'!H9 -> 2005 | H3: =+'CUADRO 1B'!I9 -> 2006 | I3: =+'CUADRO 1B'!J9 -> 2007 | ... AB3: =+'CUADRO 1B'!AC9 -> 2026 3/
A4: ='CUADRO 1B'!B11 -> Ingresos Corrientes de la Nación 1/ | B4: ='CUADRO 1B'!C11/1000 -> 75.110538 | C4: ='CUADRO 1B'!D11/1000 -> 87.924663 | D4: ='CUADRO 1B'!E11/1000 -> 88.863859 | E4: ='CUADRO 1B'!F11/1000 -> 96.430872 | F4: ='CUADRO 1B'!G11/1000 -> 106.50031 | G4: ='CUADRO 1B'!H11/1000 -> 117.09867 | H4: ='CUADRO 1B'!I11/1000 -> 135.61157 | I4: ='CUADRO 1B'!J11/1000 -> 143.92966 | ... AB4: ='CUADRO 1B'!AC11/1000 -> 201.61065
A5: ='CUADRO 1B'!B12 -> Recursos de Capital de la Nación | B5: ='CUADRO 1B'!C12/1000 -> 78.082315 | C5: ='CUADRO 1B'!D12/1000 -> 105.04993 | D5: ='CUADRO 1B'!E12/1000 -> 75.962065 | E5: ='CUADRO 1B'!F12/1000 -> 94.766517 | F5: ='CUADRO 1B'!G12/1000 -> 79.005894 | G5: ='CUADRO 1B'!H12/1000 -> 108.43668 | H5: ='CUADRO 1B'!I12/1000 -> 98.604676 | I5: ='CUADRO 1B'!J12/1000 -> 72.443915 | ... AB5: ='CUADRO 1B'!AC12/1000 -> 123.07569
A6: ='CUADRO 1B'!B13 -> Contribuciones Parafiscales de la Nación | B6: ='CUADRO 1B'!C13/1000 -> 0 | C6: ='CUADRO 1B'!D13/1000 -> 0 | D6: ='CUADRO 1B'!E13/1000 -> 2.12355 | E6: ='CUADRO 1B'!F13/1000 -> 0 | F6: ='CUADRO 1B'!G13/1000 -> 0 | G6: ='CUADRO 1B'!H13/1000 -> 0 | H6: ='CUADRO 1B'!I13/1000 -> 0 | I6: ='CUADRO 1B'!J13/1000 -> 1.5585204 | ... AB6: ='CUADRO 1B'!AC13/1000 -> 2.8866323
A7: ='CUADRO 1B'!B14 -> Fondos Especiales de la Nación | B7: ='CUADRO 1B'!C14/1000 -> 10.427755 | C7: ='CUADRO 1B'!D14/1000 -> 6.9414526 | D7: ='CUADRO 1B'!E14/1000 -> 7.9808755 | E7: ='CUADRO 1B'!F14/1000 -> 9.4838745 | F7: ='CUADRO 1B'!G14/1000 -> 9.0782128 | G7: ='CUADRO 1B'!H14/1000 -> 10.461845 | H7: ='CUADRO 1B'!I14/1000 -> 11.057776 | I7: ='CUADRO 1B'!J14/1000 -> 12.492329 | ... AB7: ='CUADRO 1B'!AC14/1000 -> 12.874398
A8: Total Recaudo Ingresos de la Nación | B8: ='CUADRO 1B'!C10/1000 -> 163.62061 | C8: ='CUADRO 1B'!D10/1000 -> 199.91605 | D8: ='CUADRO 1B'!E10/1000 -> 174.93035 | E8: ='CUADRO 1B'!F10/1000 -> 200.68126 | F8: ='CUADRO 1B'!G10/1000 -> 194.58441 | G8: ='CUADRO 1B'!H10/1000 -> 235.9972 | H8: ='CUADRO 1B'!I10/1000 -> 245.27402 | I8: ='CUADRO 1B'!J10/1000 -> 230.42443 | ... AB8: ='CUADRO 1B'!AC10/1000 -> 340.44737
A9: Porcentaje de Ejecución | B9: ='CUADRO 1B'!C10/'CUADRO 1A'!C10*100 -> 94.461244 | C9: ='CUADRO 1B'!D10/'CUADRO 1A'!D10*100 -> 99.449971 | D9: ='CUADRO 1B'!E10/'CUADRO 1A'!E10*100 -> 87.495765 | E9: ='CUADRO 1B'!F10/'CUADRO 1A'!F10*100 -> 98.664132 | F9: ='CUADRO 1B'!G10/'CUADRO 1A'!G10*100 -> 91.188334 | G9: ='CUADRO 1B'!H10/'CUADRO 1A'!H10*100 -> 101.86921 | H9: ='CUADRO 1B'!I10/'CUADRO 1A'!I10*100 -> 94.152102 | I9: ='CUADRO 1B'!J10/'CUADRO 1A'!J10*100 -> 84.453094 | ... AB9: ='CUADRO 1B'!AC10/'CUADRO 1A'!AC10*100 -> 65.368944
D12: Gráfico No. 4. Recaudo Ingresos del Presupuesto Nacional
D14: ='GRÁFICO 3'!D13 -> (Precios Constantes 2026)
A46: Fuente: Ministerio de Hacienda y Crédito Público. Ejecución de ingresos y gastos de las entidades que conforman el Presupuesto General de la Nación.
A47: Nota 1/: 2000-2021 fuente Ingresos corrientes de la nación Plan Financiero y flujo de caja DGCPTN; y 2022-2025 Sistema Integrado de Información Financiera-SIIF.
A48: Nota 2/: 2015-2016 la suma del recaudo de la Sobretasa Impuesto sobre la Renta para la Equidad CREE y el Fondo especial Impuesto para la Renta CREE es el registrado en el SIIF.
A49: Nota 3/: Información a agosto de 2026.

Sheet Recursos Capital (Recaudo)
B2: Composición Detallada de los Recursos de Capital de la Nación (Recaudo)
B3: Miles de millones de pesos
B5: Concepto | C5: 2000 | D5: 2001 | E5: 2002 | F5: 2003 | G5: 2004 | H5: 2005 | I5: 2006 | J5: 2007 | K5: 2008 | L5: 2009 | M5: 2010 | N5: 2011 | O5: 2012 | P5: 2013 | Q5: 2014 | R5: 2015 | S5: 2016 | T5: 2017 | U5: 2018 | V5: 2019 | W5: 2020 | X5: 2021 | Y5: 2022 | Z5: 2023*
B6: Crédito externo | C6: 5526.3608 | D6: 12237.621 | E6: 4730.9157 | F6: 12977.044 | G6: 7120.5702 | H6: 6581.6335 | I6: 10191.114 | J6: 2572.4349 | K6: 6101.185 | L6: 12210.878 | M6: 6523.9724 | N6: 5665.6418 | O6: 4477.9076 | P6: 7525.991 | Q6: 10884.49 | R6: 18755.785 | S6: 14434.814 | T6: 15135.012 | U6: 11720 | V6: 12376.266 | W6: 38751.921 | X6: 32347.815 | Y6: 20734.185 | Z6: 27170.051
B7: Crédito interno | C7: 12148.204 | D7: 14001.599 | E7: 13457.358 | F7: 13049.158 | G7: 16817.222 | H7: 27983.251 | I7: 22973.223 | J7: 19112.943 | K7: 23646.334 | L7: 25910.149 | M7: 27623.522 | N7: 29503.059 | O7: 25266.879 | P7: 30377.516 | Q7: 30030.451 | R7: 30350.262 | S7: 36575.643 | T7: 37287.248 | U7: 39000 | V7: 25569.238 | W7: 40533.516 | X7: 38928.224 | Y7: 36500.937 | Z7: 38460.718
B8: Recuperación de Cartera | C8: 218.51131 | D8: 446.62643 | E8: 292.18884 | F8: 242.34082 | G8: 445.06803 | H8: 203.83601 | I8: 228.57123 | J8: 223.66783 | K8: 188.18108 | L8: 198.42838 | M8: 185.38574 | N8: 222.65494 | O8: 286.67753 | P8: 254.89868 | Q8: 244.34629 | R8: 214.74732 | S8: 356.7536 | T8: 356.60281 | U8: 201.11782 | V8: 421.96476 | W8: 323.31229 | X8: 222.15688 | Y8: 2078.6959 | Z8: 2676.3554
B9: Rendimientos Financieros | C9: 828.26435 | D9: 532.32296 | E9: 732.24326 | F9: 555.81493 | G9: 537.27009 | H9: 757.74359 | I9: 1336.7543 | J9: 1293.5577 | K9: 1319.0641 | L9: 956.048 | M9: 501.62538 | N9: 882.43467 | O9: 1040.4862 | P9: 620.0033 | Q9: 1058.7184 | R9: 1681.0184 | S9: 3532.1205 | T9: 3683.9093 | U9: 1930.9021 | V9: 4594.1954 | W9: 2420.8411 | X9: 1990.5223 | Y9: 438.51232 | Z9: 980.70774
B10: Excedentes Financieros Entidades Descentralizadas | C10: 1565.3094 | D10: 2768.6458 | E10: 2724.4797 | F10: 3079.6224 | G10: 2545.1014 | H10: 2227.3576 | I10: 3858.8955 | J10: 6994.2747 | K10: 6815.7033 | L10: 9373.3035 | M10: 5241.7409 | N10: 6796.7245 | O10: 7991.0905 | P10: 14203.676 | Q10: 12005.316 | R10: 5743.219 | S10: 1627.6125 | T10: 2450.7755 | U10: 2988.6401 | V10: 15104.489 | W10: 15638.904 | X10: 9068.2904 | Y10: 11701.928 | Z10: 20303.405
B11: Recursos del Balamce
B12: Disposición de Activos | M12: 533.34275 | N12: 19.208987 | O12: 872.01698 | P12: 37.01121 | Q12: 33.042678 | R12: 0 | S12: 0 | T12: 10.868182 | U12: 0 | V12: 0 | W12: 53.637271 | X12: 13635.227 | Y12: 168.96001 | Z12: 0.26503468
B13: Reintegros y Recursos No Apropiados | M13: 308.24164 | O13: 449.44966 | P13: 567.72075 | Q13: 538.7689 | R13: 403.18545 | S13: 3430.1965 | T13: 1079.7822 | U13: 3432.8696 | V13: 1229.0396 | W13: 856.19623 | X13: 1283.6077 | Y13: 1748.1625 | Z13: 1115.0018
B14: Otros | C14: 1070.7678 | D14: 172.2284 | E14: 5514.6791 | F14: 1500.5399 | G14: 2108.6755 | H14: 1923.0909 | I14: 382.25991 | J14: 8462.0546 | K14: 3488.7822 | L14: 2045.2653 | M14: =3316.91275605157-308.241636247787 -> 3008.6711 | N14: 1145.301 | O14: =534.282730601479-449.449664191886 -> 84.833066 | P14: =1864.24096574276-567.720752158315 -> 1296.5202 | Q14: =2286.02988577349-538.768904309 -> 1747.261 | R14: =3108.42511059541-403.185452632744 -> 2705.2397 | S14: 0 | T14: =4245.55587422701-1079.78220668702 -> 3165.7737 | U14: =12411.861962555-3432.86961269841 -> 8978.9923 | V14: =3973.66744257045-1229.03962455847 -> 2744.6278 | W14: =2033.84817822897-856.196226397667 -> 1177.652 | X14: =1441.8652484282-1283.60766139223 -> 158.25759 | Y14: 136.59916 | Z14: 42.145556
B15: RECURSOS DE CAPITAL DE LA NACION | C15: =SUM(C6:C14) -> 21357.418 | D15: =SUM(D6:D14) -> 30159.044 | E15: =SUM(E6:E14) -> 27451.865 | F15: =SUM(F6:F14) -> 31404.52 | G15: =SUM(G6:G14) -> 29573.907 | H15: =SUM(H6:H14) -> 39676.913 | I15: =SUM(I6:I14) -> 38970.817 | J15: =SUM(J6:J14) -> 38658.933 | ... Z15: =SUM(Z6:Z14) -> 90748.65
B16: =+#REF! -> #REF!
B17: Fuente: Dirección General del Presupuesto Público Nacional

Sheet Fondos Especiales (Recaudo)
A1: Composición Detallada de la Contribuciones Parafiscales y los Fondos Especiales de la Nación (Recaudo)
A2: Miles de millones de pesos
A4: Nombre Contribución Parafiscal o Fondo Especial | B4: 2000 | C4: 2001 | D4: 2002 | E4: 2003 | F4: 2004 | G4: 2005 | H4: 2006 | I4: 2007 | J4: 2008 | K4: 2009 | L4: 2010 | M4: 2011 | N4: 2012 | O4: 2013 | P4: 2014 | Q4: 2015 | R4: 2016 | S4: 2017 | T4: 2018 | U4: 2019 | V4: 2020 | W4: 2021 | X4: 2022 | Y4: 2023*
A5: NUMERAL 0001 FONDO DE PRESTACIONES SOCIALES DEL MAGISTERIO | D5: 320.50038 | E5: 691.26481 | F5: 442.73717 | G5: 0 | H5: 594.07684 | I5: 675.27261 | J5: 773.66758 | K5: 898.21584 | L5: 1190.4936 | M5: 1019.2197 | N5: 1079.7347 | O5: 1211.6348 | P5: 1981.3981 | Q5: 1404.5337 | R5: 1615.8928 | S5: 1732.7425 | T5: 1972.2933 | U5: 2209.5285 | V5: 2170.3034 | W5: 2280.9844 | X5: 1995.0537 | Y5: 2473.0706 | Z5: 1000000000
A6: NUMERAL 0002 CONTRIBUCIÓN ESPECTACULOS PÚBLICOS (Art. 7 Ley 1493 de 2011) | D6: 0 | E6: 0 | F6: 0 | G6: 0 | H6: 0 | I6: 0 | J6: 0 | K6: 0 | L6: 0 | M6: 0 | N6: 0 | O6: 13.981203 | P6: 13.184608 | Q6: 18.473431 | R6: 17.437889 | S6: 22.210248 | T6: 19.246121 | U6: 28.079215 | V6: 6.7683351 | W6: 5.8753527 | X6: 44.279767 | Y6: 83.276515
A7: CONTRIBUCIONES PARAFISCALES DE LA NACIÓN | B7: =SUM(B5:B6) -> 0 | C7: =SUM(C5:C6) -> 0 | D7: =SUM(D5:D6) -> 320.50038 | E7: =SUM(E5:E6) -> 691.26481 | F7: =SUM(F5:F6) -> 442.73717 | G7: =SUM(G5:G6) -> 0 | H7: =SUM(H5:H6) -> 594.07684 | I7: =SUM(I5:I6) -> 675.27261 | ... Y7: =SUM(Y5:Y6) -> 2556.3471
A8: NUMERAL 0002 CONTRIB.ENTIDADES VIGILADAS CONTRALORIA GENERAL NACION | B8: 34.176423 | C8: 50.692746 | D8: 68.031556 | E8: 127.26802 | F8: 158.13379 | G8: 57.877103 | H8: 191.59002 | I8: 182.41787 | J8: 197.77867 | K8: 224.99681 | L8: 116.69893 | M8: 294.79733 | N8: 343.5733 | O8: 62.874468 | P8: 314.19938 | Q8: 163.86321 | R8: 214.86131 | S8: 122.38635 | T8: 156.42146 | U8: 115.55149 | V8: 218.91346 | W8: 205.23974 | X8: 266.54128 | Y8: 64.165384
A9: NUMERAL 0003 CONTRIB. SUPERINTENDENCIA SUBSIDIO FAMILIAR | B9: 0.52189076 | C9: 3.3519884 | D9: 4.1036428 | E9: 3.6910805 | F9: 4.2841178 | G9: 4.6803392 | H9: 134.58434 | I9: 12.695436 | J9: 143.59439 | K9: 67.444508 | L9: 18.427601 | M9: 33.727729 | N9: 182.80187 | O9: 32.152129 | P9: 15.266772 | Q9: 29.331866 | R9: 34.979242 | S9: 35.463817 | T9: 26.038936 | U9: 11.149039 | V9: 32.825361 | W9: 46.872344 | X9: 36.520041 | Y9: 59.033232
A10: NUMERAL 0004 CONTRIB.SUPERINTENDENCIA BANCARIA | B10: 0 | C10: 0 | D10: 0 | E10: 0 | F10: 0 | G10: 0 | H10: 0 | I10: 0 | J10: 0 | K10: 0 | L10: 0 | M10: 0 | N10: 0 | O10: 0 | P10: 0 | Q10: 0 | R10: 0 | S10: 0 | T10: 0 | U10: 0 | V10: 0 | W10: 0 | X10: 0 | Y10: 0
A11: NUMERAL 0005 SUPERINTENDENCIA INDUSTRIA Y COMERCIO | B11: 14.352055 | C11: 15.448069 | D11: 17.903946 | E11: 23.197492 | F11: 26.776556 | G11: 27.192564 | H11: 23.83914 | I11: 24.643565 | J11: 0 | K11: 0 | L11: 0 | M11: 0 | N11: 0 | O11: 0 | P11: 0 | Q11: 0 | R11: 0 | S11: 0 | T11: 0 | U11: 0 | V11: 0 | W11: 0 | X11: 0 | Y11: 0
A12: NUMERAL 0006 SUPERINTENDENCIA NACIONAL DE VALORES | B12: 4.5973266 | C12: 5.7954649 | D12: 6.5325783 | E12: 6.8995735 | F12: 9.8273282 | G12: 12.369116 | H12: 11.805132 | I12: 0 | J12: 0 | K12: 0 | L12: 0 | M12: 0 | N12: 0 | O12: 0 | P12: 0 | Q12: 0 | R12: 0 | S12: 0 | T12: 0 | U12: 0 | V12: 0 | W12: 0 | X12: 0 | Y12: 0
A13: NUMERAL 0007 CONTRIB.ENTIDADES VIGILADAS SUPERPUERTOS | B13: 7.7645491 | C13: 10.800678 | D13: 8.2990746 | E13: 1.8627011 | F13: 2.9231103 | G13: 5.5229276 | H13: 7.046967 | I13: 2.4875109 | J13: 1.4942458 | K13: 3.3838997 | L13: 3.5390316 | M13: 3.6732896 | N13: 32.67576 | O13: 5.3915028 | P13: 0 | Q13: 0 | R13: 0 | S13: 0 | T13: 0 | U13: 0 | V13: 0 | W13: 0 | X13: 0 | Y13: 0
A14: NUMERAL 0008 CONTRIBUCION PARA LA DESCENTRALIZACION | B14: 0 | C14: 0 | D14: 0 | E14: 0 | F14: 0 | G14: 0 | H14: 0 | I14: 0 | J14: 0 | K14: 0 | L14: 0 | M14: 0 | N14: 0 | O14: 0 | P14: 0 | Q14: 0 | R14: 0 | S14: 0 | T14: 0 | U14: 0 | V14: 0 | W14: 0 | X14: 1318.1293 | Y14: 0
A15: NUMERAL 0009 FINANCIACION SECTOR JUSTICIA | B15: 81.800744 | C15: 109.90223 | D15: 70.713705 | E15: 68.012701 | F15: 78.64671 | G15: 168.19034 | H15: 169.45046 | I15: 173.00586 | J15: 198.72195 | K15: 325.8921 | L15: 256.69024 | M15: 226.23738 | N15: 354.09441 | O15: 343.79349 | P15: 379.33557 | Q15: 450.51715 | R15: 345.95715 | S15: 404.76042 | T15: 649.20105 | U15: 702.43849 | V15: 687.90062 | W15: 1402.0088 | X15: 7.7774803 | Y15: 1172.5346
A16: NUMERAL 0010 FONDO DEFENSA NACIONAL | B16: 30.507748 | C16: 46.437588 | D16: 46.353727 | E16: 45.444334 | F16: 58.937282 | G16: 66.082399 | H16: 70.598223 | I16: 90.182071 | J16: 45.001718 | K16: 65.345333 | L16: 53.067793 | M16: 71.926415 | N16: 112.63751 | O16: 94.085142 | P16: 74.981299 | Q16: 43.089118 | R16: 40.56496 | S16: 26.798305 | T16: 2.6480905 | U16: 8.9334915 | V16: 5.3320526 | W16: 8.8675178 | X16: 27.910209 | Y16: 5.4874626
A17: NUMERAL 0013 FONDO ESTUPEFACIENTES - MINSALUD | B17: 5.6923401 | C17: 7.5627893 | D17: 7.9536341 | E17: 8.9906065 | F17: 7.6204451 | G17: 10.941745 | H17: 0 | I17: 13.916128 | J17: 15.42393 | K17: 11.897912 | L17: 8.006088 | M17: 8.1266862 | N17: 9.4620107 | O17: 12.476482 | P17: 13.288484 | Q17: 12.082935 | R17: 16.522383 | S17: 17.123539 | T17: 25.97264 | U17: 30.811819 | V17: 29.228977 | W17: 24.188217 | X17: 480.70382 | Y17: 27.414188
A18: NUMERAL 0014 FONDOS INTERNOS MINISTERIO DEFENSA | B18: 114.9982 | C18: 116.96831 | D18: 138.73139 | E18: 137.34793 | F18: 173.96261 | G18: 161.25439 | H18: 152.43911 | I18: 176.88091 | J18: 189.58877 | K18: 201.42845 | L18: 194.53187 | M18: 235.5428 | N18: 264.26656 | O18: 322.68467 | P18: 326.14171 | Q18: 329.63343 | R18: 364.71479 | S18: 353.04484 | T18: 440.06711 | U18: 445.51819 | V18: 395.14343 | W18: 424.85437 | X18: 1847.7337 | Y18: 496.75943
A19: NUMERAL 0015 FONDOS INTERNOS POLICIA NACIONAL | B19: 66.022958 | C19: 74.931548 | D19: 71.73739 | E19: 87.986857 | F19: 79.618646 | G19: 91.03222 | H19: 105.35539 | I19: 132.27479 | J19: 113.23767 | K19: 135.02077 | L19: 146.51624 | M19: 200.32137 | N19: 200.03115 | O19: 197.79971 | P19: 203.43747 | Q19: 208.14393 | R19: 202.26842 | S19: 196.77216 | T19: 209.49654 | U19: 201.21738 | V19: 159.9405 | W19: 246.43203 | X19: 1.9037271 | Y19: 237.86277
... A22: NUMERAL 0019 ESCUELAS INDUSTRIALES E INSTITUTOS TECNICOS | B22: 54.456151 | C22: 69.835435 | D22: 66.468885 | E22: 74.747436 | F22: 98.124141 | G22: 107.00611 | H22: 133.70575 | I22: 163.80253 | J22: 148.12886 | K22: 168.77612 | L22: 163.39953 | M22: 171.79841 | N22: 182.80585 | O22: 204.82409 | P22: 218.60852 | Q22: 236.68093 | R22: 299.63723 | S22: 301.6627 | T22: 317.31029 | U22: 325.71932 | V22: 347.6339 | W22: 362.82609 | X22: 0 | Y22: 455.2251
A23: NUMERAL 0020 JUNTA CENTRAL DE CONTADORES | B23: 0.78893201 | C23: 1.2861657 | D23: 1.6560176 | E23: 1.9327484 | F23: 0.15389011 | G23: 0 | H23: 0 | I23: 0.002886536 | J23: 0 | K23: 0 | L23: 0 | M23: 0 | N23: 0 | O23: 0 | P23: 0 | Q23: 0 | R23: 0 | S23: 0 | T23: 0 | U23: 0 | V23: 0 | W23: 0 | X23: 2512.624
A24: NUMERAL 0021 FONDO DE RECURSOS SOAT Y FONSAT (ANTES FOSYGA) | B24: 1174.2661 | C24: 256.74394 | D24: 569.20985 | E24: 1115.1786 | F24: 1269.0102 | G24: 1163.8488 | H24: 1284.7744 | I24: 1838.2656 | J24: 553.82288 | K24: 379.56219 | L24: 874.71909 | M24: 2042.8508 | N24: 1755.3011 | O24: 1839.2263 | P24: 1211.3481 | Q24: 1358.3421 | R24: 1453.2684 | S24: 904.82507 | T24: 1610.4228 | U24: 1924.9507 | V24: 1920.5067 | W24: 2118.759 | X24: 1972.6056 | Y24: 2222.2119
A25: NUMERAL 0022 FONDO DE SOLIDARIDAD PENSIONAL | B25: 188.08739 | C25: 242.50831 | D25: 283.91622 | E25: 407.14455 | F25: 409.88352 | G25: 374.24254 | H25: 263.58275 | I25: 294.59982 | J25: 324.76626 | K25: 357.39108 | L25: 361.61307 | M25: 786.25205 | N25: 451.05599 | O25: 1492.2262 | P25: 1061.6156 | Q25: 929.66908 | R25: 905.15339 | S25: 888.80268 | T25: 1443.2971 | U25: 1439.0002 | V25: 980.92015 | W25: 2429.9017 | X25: 0 | Y25: 2527.9582
A26: NUMERAL 0023 COMISION DE REGULACION DE COMUNICACIONES | B26: 5.1285539 | C26: 4.9975033 | D26: 4.6752148 | E26: 2.1220512 | F26: 6.0083409 | G26: 6.7195398 | H26: 7.5208288 | I26: 6.6926962 | J26: 7.4440292 | K26: 8.6726581 | L26: 15.805566 | M26: 16.581146 | N26: 23.410644 | O26: 16.372656 | P26: 19.989484 | Q26: 26.803722 | R26: 30.530364 | S26: 29.805771 | T26: 29.384936 | U26: 29.501468 | V26: 0 | W26: 0 | X26: 31.154009 | Y26: 0
A27: NUMERAL 0024 COMISION DE REGULACION DE ENERGIA Y GAS | B27: 0 | C27: 0 | D27: 8.098477 | E27: 0 | F27: 0 | G27: 5.5223673 | H27: 3.5038147 | I27: 4.4302031 | J27: 16.904245 | K27: 15.1505 | L27: 13.796886 | M27: 12.657913 | N27: 16.261497 | O27: 17.360857 | P27: 22.358298 | Q27: 17.542276 | R27: 14.000821 | S27: 19.926598 | T27: 17.838488 | U27: 13.207349 | V27: 38.347323 | W27: 29.745714 | X27: 23.873654 | Y27: 36.956489
A28: NUMERAL 0025 COMISION DE REGULACION DE AGUA POTABLE | B28: 4.7619545 | C28: 2.8513821 | D28: 6.9794633 | E28: 2.9255397 | F28: 3.3767342 | G28: 7.6881818 | H28: 13.855062 | I28: 10.350744 | J28: 9.8236193 | K28: 10.712954 | L28: 11.269456 | M28: 11.526795 | N28: 11.332364 | O28: 12.405024 | P28: 10.88947 | Q28: 13.118819 | R28: 14.00276 | S28: 14.864558 | T28: 16.518952 | U28: 18.307243 | V28: 21.802504 | W28: 23.140892 | X28: 0 | Y28: 27.978715
A29: NUMERAL 0028 SUPERINTENDENCIA DE SERVICIOS PÚBLICOS | B29: 0 | C29: 0 | D29: 0 | E29: 0 | F29: 0 | G29: 0 | H29: 0 | I29: 0 | J29: 0 | K29: 0 | L29: 0 | M29: 0 | N29: 0 | O29: 0 | P29: 0 | Q29: 0 | R29: 0 | S29: 0 | T29: 0 | U29: 0 | V29: 0 | W29: 0 | X29: 0.048424739 | Y29: 0
A30: NUMERAL 0029 FONDO DE RIESGOS PROFESIONALES(ART.87 DTO129) | B30: 7.9950575 | C30: 8.8028738 | D30: 8.0924726 | E30: 8.8978529 | F30: 9.3076488 | G30: 11.787473 | H30: 8.3640428 | I30: 9.9249632 | J30: 11.19666 | K30: 19.539205 | L30: 12.607462 | M30: 0 | N30: 17.281358 | O30: 0 | P30: 0 | Q30: 0 | R30: 0 | S30: 0 | T30: 0 | U30: 0 | V30: 0 | W30: 0 | X30: 0 | Y30: 0
A31: NUMERAL 0031 INSTITUTO DE ESTUDIOS DEL MINISTERIO PUBLICO | B31: 1.7367898 | C31: 1.6597064 | D31: 2.1954076 | E31: 2.9364894 | F31: 3.5186186 | G31: 4.5809448 | H31: 5.5356252 | I31: 7.1825976 | J31: 5.146502 | K31: 0.025407861 | L31: 0.33508649 | M31: 0.54425884 | N31: 0.59123947 | O31: 0.85788861 | P31: 0.76360942 | Q31: 0.87898894 | R31: 0.77603336 | S31: 0.62293694 | T31: 0.3007879 | U31: 0.087525501 | V31: 0.02714274 | W31: 0.019919145 | X31: 1149.8716 | Y31: 0.53758737
A32: NUMERAL 0032 FONDO DE BIENESTAR DE LA CONTRALORIA GENERAL REPUBLICA | B32: 0 | C32: 0 | D32: 11.301396 | E32: 0 | F32: 0 | G32: 0 | H32: 0 | I32: 0 | J32: 0 | K32: 0 | L32: 0 | M32: 0 | N32: 0 | O32: 0 | P32: 0 | Q32: 0 | R32: 0 | S32: 0 | T32: 0 | U32: 0 | V32: 0 | W32: 0 | X32: 1167.1498
A33: NUMERAL 0033 FONDO SALUD FUERZAS MILITARES | B33: 136.79821 | C33: 170.0283 | D33: 175.3555 | E33: 197.16089 | F33: 236.9689 | G33: 255.95425 | H33: 297.97312 | I33: 333.85941 | J33: 387.99706 | K33: 441.41269 | L33: 472.87832 | M33: 477.42925 | N33: 522.98137 | O33: 557.75476 | P33: 593.09228 | Q33: 642.33468 | R33: 718.13542 | S33: 779.49758 | T33: 884.03416 | U33: 908.29912 | V33: 992.80791 | W33: 1027.8669 | X33: 92.561144 | Y33: 1326.5198
A34: NUMERAL 0034 FONDO DE SALUD POLICIA NACIONAL | B34: 131.69139 | C34: 173.62334 | D34: 165.87763 | E34: 181.96734 | F34: 271.13094 | G34: 259.39853 | H34: 306.09472 | I34: 371.70643 | J34: 401.08342 | K34: 429.79053 | L34: 472.25712 | M34: 477.08867 | N34: 581.81178 | O34: 604.16739 | P34: 645.71284 | Q34: 660.12332 | R34: 738.82972 | S34: 849.26885 | T34: 878.77388 | U34: 957.70179 | V34: 1016.027 | W34: 1060.9374 | X34: 27.082321 | Y34: 1354.327
A35: NUMERAL 0035 FONDO COMPENSACION AMBIENTAL | B35: 0 | C35: 13.896434 | D35: 15.596 | E35: 17.020033 | F35: 25.215871 | G35: 26.063864 | H35: 29.72897 | I35: 34.473019 | J35: 38.981601 | K35: 26.675043 | L35: 37.709329 | M35: 27.655553 | N35: 42.529944 | O35: 41.759067 | P35: 34.549801 | Q35: 56.692251 | R35: 56.595523 | S35: 59.122522 | T35: 49.652338 | U35: 63.581481 | V35: 64.784661 | W35: 72.734007 | X35: 27.009364 | Y35: 98.010413
A36: NUMERAL 0036 PENSIONES EPSA-CVC | B36: 0 | C36: 0 | D36: 15.963742 | E36: -1.477951 | F36: -10.299376 | G36: 0 | H36: 0 | I36: 18.217701 | J36: 12.622254 | K36: 20.416538 | L36: 20.08621 | M36: 21.261054 | N36: 22.241058 | O36: 21.623236 | P36: 0 | Q36: 17.773585 | R36: 18.905716 | S36: 25.26752 | T36: 25.539427 | U36: 25.627701 | V36: 27.269355 | W36: 26.201744 | X36: 550.99229 | Y36: 4.2351938
A37: NUMERAL 0039 FONDO SOLIDARIDAD PARA SUBSIDIOS Y REDISTRIBUCION INGRESOS | B37: 6.987681 | C37: 25.460367 | D37: 75.725665 | E37: 90.413243 | F37: 114.98503 | G37: 122.28618 | H37: 166.60757 | I37: 203.65705 | J37: 567.80027 | K37: 73.441128 | L37: 149.3258 | M37: 144.37275 | N37: 150.42344 | O37: 105.10034 | P37: 67.345818 | Q37: 24.009754 | R37: 28.967214 | S37: 146.6486 | T37: 16.207989 | U37: 14.892635 | V37: 9.3881136 | W37: 6.5497816 | X37: 30.150738 | Y37: 26.129038
A38: NUMERAL 0040 FONDO SEGURIDAD Y CONVIVENCIA CIUDADANA | B38: 23.726303 | C38: 28.326179 | D38: 26.484156 | E38: 27.971512 | F38: 73.589627 | G38: 35.577188 | H38: 0.037259393 | I38: 95.700311 | J38: 91.105803 | K38: 126.06972 | L38: 149.1112 | M38: 64.149922 | N38: 230.03284 | O38: 230.71716 | P38: 262.75107 | Q38: 274.10935 | R38: 267.03263 | S38: 295.20117 | T38: 259.86734 | U38: 256.67469 | V38: 223.75717 | W38: 356.24517 | X38: 43.939278 | Y38: 1374.1172
A39: NUMERAL 0041 FONDO SUBSIDIO SOBRETASA GASOLINA LEY 488/98 | B39: 0 | C39: 0 | D39: 0.008799743 | E39: 74.921646 | F39: 31.088828 | G39: 13.328798 | H39: 13.140341 | I39: 14.595661 | J39: 14.175751 | K39: 14.111577 | L39: 14.791983 | M39: 15.800296 | N39: 15.448035 | O39: 15.349449 | P39: 16.059402 | Q39: 17.996253 | R39: 21.690381 | S39: 22.939908 | T39: 21.937904 | U39: 21.848034 | V39: 19.785663 | W39: 26.497872 | X39: 19.515434 | Y39: 32.217295
A40: NUMERAL 0042 FONDO PENSIONES SUPERINTENDENCIAS, CARBOCOL Y CAMINOS VECINALES | B40: 0 | C40: 0 | D40: 6.2645 | E40: 0 | F40: 0 | G40: 0 | H40: 0 | I40: 10.30126 | J40: 11.34482 | K40: 9.2228836 | L40: 12.843224 | M40: 13.505825 | N40: 13.491502 | O40: 7.2688898 | P40: 5.2995789 | Q40: 36.187507 | R40: 37.280695 | S40: 17.730889 | T40: 42.417567 | U40: 42.633655 | V40: 41.488372 | W40: 42.71884 | X40: 300.06959 | Y40: 6.265297
A41: NUMERAL 0043 UNIDAD ADMINISTRATIVA ESPECIAL DE COMERCIO EXTERIOR | B41: 0 | C41: 13.428017 | D41: 13.838858 | E41: 20.948247 | F41: 23.061014 | G41: 12.62418 | H41: 12.024759 | I41: 13.907064 | J41: 13.18909 | K41: 14.313053 | L41: 17.250358 | M41: 16.948925 | N41: 14.697062 | O41: 14.204736 | P41: 14.864049 | Q41: 15.387586 | R41: 21.74761 | S41: 19.455558 | T41: 17.26838 | U41: 16.766148 | V41: 15.524758 | W41: 18.038828 | X41: 365.66961 | Y41: 21.828815
A42: NUMERAL 0046 FONDO SOBRETASA AL ACPM (LEY 488/98) | B42: 0 | C42: 0 | D42: 59.301897 | E42: 0 | F42: 37.471673 | G42: 122.83037 | H42: 160.78322 | I42: 194.49253 | J42: 224.06787 | K42: 240.37903 | L42: 230.60208 | M42: 294.45599 | N42: 285.6102 | O42: 339.21447 | P42: 289.86244 | Q42: 328.00804 | R42: 298.07779 | S42: 273.18311 | T42: 289.92668 | U42: 299.67534 | V42: 124.2616 | W42: 0.026194 | X42: 0 | Y42: 375.53814
A43: NUMERAL 0047 FONDO PARA DEFENSA DE DERECHOS E INTERESES COLECTIVOS | B43: 0 | C43: 0 | D43: 0 | E43: 0 | F43: 0 | G43: 2.3001825 | H43: 0.30890021 | I43: 0.93176834 | J43: 7.1560567 | K43: 0 | L43: 0 | M43: 0 | N43: 0 | O43: 0 | P43: 0 | Q43: 0 | R43: 0 | S43: 0 | T43: 0 | U43: 0 | V43: 0 | W43: 0 | X43: 82.958211 | Y43: 0
A44: NUMERAL 0048 CONSEJO PROFESIONAL INGENIERÍA Y PROFESIONES AUXILIARES | B44: 1.0361777 | C44: 13.269421 | D44: 1.3579901 | E44: 2.0295548 | F44: 3.0234858 | G44: 0 | H44: 0 | I44: 0 | J44: 0 | K44: 0 | L44: 0 | M44: 0 | N44: 0 | O44: 0 | P44: 0 | Q44: 0 | R44: 0 | S44: 0 | T44: 0 | U44: 0 | V44: 0 | W44: 0 | X44: 0.86796818 | Y44: 0
A45: NUMERAL 0049 FONDO PARA DEFENSA DE DERECHOS E INTERESES COLECTIVOS | B45: 0 | C45: 0 | D45: 6.182685 | E45: 0 | F45: 0 | G45: 0 | H45: 0 | I45: 0 | J45: 0 | K45: 23.437442 | L45: 19.84466 | M45: 5.3083518 | N45: 9.3406445 | O45: 13.673377 | P45: 158.83364 | Q45: 197.33648 | R45: 93.955245 | S45: -9.9486411 | T45: 79.715192 | U45: 33.895813 | V45: 7.4147407 | W45: 363.88716 | X45: 152.52896 | Y45: 310.56219
A46: NUMERAL 0050 FONDO DE INVESTIGACION EN SALUD (Ley643/01) | B46: 0 | C46: 0 | D46: 7 | E46: 0 | F46: 0 | G46: 20.402346 | H46: 29.192064 | I46: 32.03982 | J46: 24.570196 | K46: 33.965218 | L46: 29.971995 | M46: 31.886107 | N46: 28.860124 | O46: 33.970308 | P46: 42.100384 | Q46: 40.250223 | R46: 53.898839 | S46: 54.723461 | T46: 64.12123 | U46: 64.479998 | V46: 52.213252 | W46: 63.223548 | Y46: 96.63245
A47: NUMERAL 0051 FONDO CONSERVACIÓN DE MUSEOS Y TEATROS | B47: 0 | C47: 0 | D47: 0.951 | E47: 0 | F47: 0 | G47: 1.0649608 | H47: 0 | I47: 1.0813264 | J47: 0.43680714 | K47: 0.72975407 | L47: 0.35475629 | M47: 0.33200803 | N47: 1.2171618 | O47: 3.3147011 | P47: 0.34097743 | Q47: 0.42815861 | R47: 0.37149945 | S47: 0.61436195 | T47: 0.69226732 | U47: 0.76047449 | V47: 0.2483884 | W47: 0.39921083 | X47: 182.26413 | Y47: 2.1597443
A48: NUMERAL 0052 FONDO APOYO FINANCIERO ZONAS NO INTERCONECTADAS (FAZNI) | B48: 0 | C48: 0 | D48: 15 | E48: 62.256471 | F48: 134.56531 | G48: 77.362196 | H48: 81.748446 | I48: 71.474125 | J48: 56.349121 | K48: 68.570532 | L48: 64.218379 | M48: 70.815404 | N48: 78.410178 | O48: 78.067977 | P48: 73.352263 | Q48: 78.306465 | R48: 120.41664 | S48: 122.68095 | T48: 102.08969 | U48: 108.33777 | V48: 112.69873 | W48: 115.22221 | X48: 19.680999 | Y48: 195.3862
A49: NUMERAL 0053 FONDO APOYO FINANCIERO ZONAS RURALES INTERCONECTADAS (FAER) | B49: 0 | C49: 0 | D49: 0 | E49: 31.376252 | F49: 39.551024 | G49: 60.07786 | H49: 63.933971 | I49: 69.434697 | J49: 59.789869 | K49: 71.556263 | L49: 68.340766 | M49: 74.000983 | N49: 83.408785 | O49: 81.55379 | P49: 85.919052 | Q49: 91.71848 | R49: 112.66714 | S49: 135.01304 | T49: 122.39905 | U49: 148.21477 | V49: 152.05491 | W49: 155.66909 | X49: 0 | Y49: 222.90331
A50: NUMERAL 0054 FONDO ESCUELA NACIONAL DEL DEPORTE | B50: 0 | C50: 0 | D50: 0 | E50: 0 | F50: 4.8030484 | G50: 0 | H50: 0 | I50: 0 | J50: 0 | K50: 0 | L50: 0 | M50: 0 | N50: 0 | O50: 0 | P50: 0 | Q50: 0 | R50: 0 | S50: 0 | T50: 0 | U50: 0 | V50: 0 | W50: 0 | X50: 175.0758 | Y50: 0
A51: NUMERAL 0055 FONDO RECURSOS MONITOREO Y VIGILANCIA EDUCACION SUPERIOR | B51: 0 | C51: 0 | D51: 0 | E51: 1.7213481 | F51: 4.6504082 | G51: 4.1622778 | H51: 3.3221391 | I51: 4.0420952 | J51: 2.819802 | K51: 4.4229294 | L51: 4.6041193 | M51: 38.843184 | N51: 35.263952 | O51: 65.896623 | P51: 12.529809 | Q51: 12.474606 | R51: 18.562427 | S51: 17.232399 | T51: 19.284454 | U51: 20.58894 | V51: 20.296165 | W51: 25.900078 | X51: 187.52785 | Y51: 24.178813
A52: NUMERAL 0056 FONDO FONPET - MAGISTERIO | B52: 0 | C52: 0 | D52: 0 | E52: 0 | F52: 16.394685 | G52: 0 | H52: 19.978 | I52: 73.084443 | J52: 147.9148 | K52: 145.03723 | L52: 292.79211 | M52: 241.23247 | N52: 137.0906 | O52: 545.9 | P52: 0 | Q52: 1135.877 | R52: 1324.0796 | S52: 1798.8575 | T52: 1793.614 | U52: 1325.3395 | V52: 479.55141 | W52: 107.80971 | X52: 0 | Y52: 1223.8093
A53: NUMERAL 0057 FONDO ESPECIAL DE ENERGÍA SOCIAL (FOES ART.118 DE LA LEY 812 DE 2003). | B53: 0 | C53: 0 | D53: 0 | E53: 0 | F53: 145.24693 | G53: 166.80901 | H53: 114.12483 | I53: 43.502229 | J53: 14.690801 | K53: 24.887198 | L53: 6.2120477 | M53: 10.649763 | N53: 28.007349 | O53: 2.4126719 | P53: 1.8929453 | Q53: 0.62703255 | R53: 99.976224 | S53: 124.40926 | T53: 139.50215 | U53: 129.20819 | V53: 148.1608 | W53: 150.99833 | X53: 0 | Y53: 239.85958
A54: NUMERAL 0059 FONDO DE PUBLICACIONES DE LA CONTRALORIA GENERAL REPUBLICA | B54: 0 | C54: 0 | D54: 0 | E54: 0 | F54: 0 | G54: 0 | H54: 0 | I54: 0.041533617 | J54: 0.008154123 | K54: 0.006300801 | L54: 0.003677593 | M54: 0.002329843 | N54: 0.001226257 | O54: 0.002418909 | P54: 0.002167698 | Q54: 0.002699321 | R54: 0.001783643 | S54: 0.001021805 | T54: 0.001620376 | U54: 0.001078816 | V54: 0.00027 | W54: 0 | X54: 0 | Y54: 0
A55: NUMERAL 0060 FONDO DE PENSIONES FONDO PREVISIÓN SOCIAL DE NOTARIADO Y REGISTRO | B55: 0 | C55: 0 | D55: 0 | E55: 0 | F55: 0 | G55: 0 | H55: 0 | I55: 0 | J55: 0 | K55: 0 | L55: 0 | M55: 0 | N55: 0 | O55: 8.0381991 | P55: 0 | Q55: 0 | R55: 0 | S55: 0 | T55: 0 | U55: 0 | V55: 0 | W55: 0 | X55: 0 | Y55: 0
A56: NUMERAL 0061 FONDO ESPECIAL COMISION NACIONAL DE BUSQUEDA (ART 18 LEY 971/05) | B56: 0 | C56: 0 | D56: 0 | E56: 0 | F56: 0 | G56: 0 | H56: 0 | I56: 0 | J56: 0.012804389 | K56: 0 | L56: 0 | M56: 0 | N56: 0 | O56: 0 | P56: 0 | Q56: 0 | R56: 0 | S56: 0 | T56: 0 | U56: 0 | V56: 0 | W56: 0 | X56: 0 | Y56: 0
A57: NUMERAL 0062 FONDO ESPECIAL CUOTA DE FOMENTO DE GAS NATURAL | B57: 0 | C57: 0 | D57: 0 | E57: 0 | F57: 0 | G57: 0 | H57: 0 | I57: 0 | J57: 15.002448 | K57: 21.221314 | L57: 24.313865 | M57: 22.21287 | N57: 19.498372 | O57: 22.380837 | P57: 26.061786 | Q57: 38.846011 | R57: 51.122171 | S57: 45.420399 | T57: 47.736907 | U57: 52.2468 | V57: 58.706826 | W57: 59.817984 | X57: 71.317939 | Y57: 79.624497
A58: NUMERAL 0063 FONDO ESPECIAL PARA PROGRAMA DE NORMALIZACIÓN DE REDES ELECTRICAS | B58: 0 | C58: 0 | D58: 0 | E58: 0 | F58: 0 | G58: 0 | H58: 0 | I58: 0 | J58: 55.010605 | K58: 57.693751 | L58: 49.05604 | M58: 51.950351 | N58: 59.600449 | O58: 56.376521 | P58: 59.823483 | Q58: 57.444228 | R58: 100.45942 | S58: 116.55623 | T58: 120.77279 | U58: 127.30533 | V58: 120.55535 | W58: 134.56291 | X58: 163.71976 | Y58: 206.62164
... A68: NUMERAL 0073 FONDO DESARROLLO PEQUEÑA Y MEDIANA MINERÍA (ART. 151 LEY 1530 DE 2012) | B68: 0 | C68: 0 | D68: 0 | E68: 0 | F68: 0 | G68: 0 | H68: 0 | I68: 0 | J68: 0 | K68: 0 | L68: 0 | M68: 0 | N68: 0 | O68: 0 | P68: 0 | Q68: 0 | R68: 0 | S68: 0 | T68: 0 | U68: 0 | V68: 0 | W68: 0 | X68: 39.558622 | Y68: 0
A69: NUMERAL 0074 FONDO ESPECIAL DE PENSIONES TELECOM, INRAVISIÓN Y TELEASOCIADAS | B69: 0 | C69: 0 | D69: 0 | E69: 0 | F69: 0 | G69: 0 | H69: 0 | I69: 0 | J69: 0 | K69: 0 | L69: 0 | M69: 0 | N69: 0 | O69: 0 | P69: 0 | Q69: 397.18213 | R69: 708.55288 | S69: 779.54569 | T69: 804.64785 | U69: 827.07568 | V69: 840.32438 | W69: 841.81352 | Y69: 141.66358
A70: NUMERAL 0075 FONDO NACIONAL DE LAS UNIVERSIDADES ESTATALES DE COLOMBIA | B70: 0 | C70: 0 | D70: 0 | E70: 0 | F70: 0 | G70: 0 | H70: 0 | I70: 0 | J70: 0 | K70: 0 | L70: 0 | M70: 0 | N70: 0 | O70: 0 | P70: 0 | Q70: 45.954042 | R70: 70.413489 | S70: 93.666877 | T70: 87.466552 | U70: 107.70387 | V70: 98.219686 | W70: 96.658641 | X70: 861.34383 | Y70: 241.23891
A71: NUMERAL 0077 FONDO DE ENERGÍAS NO CONVENCIONALES Y GESTIÓN EFICIENTE DE LA ENERGÍA | B71: 0 | C71: 0 | D71: 0 | E71: 0 | F71: 0 | G71: 0 | H71: 0 | I71: 0 | J71: 0 | K71: 0 | L71: 0 | M71: 0 | N71: 0 | O71: 0 | P71: 0 | Q71: 0 | R71: 0 | S71: 0 | T71: 26.4023 | U71: 62.13201 | V71: 29.386748 | W71: 30.394858 | X71: 156.91952 | Y71: 51.11591
A72: NUMERAL 0078 UNIDAD ADMINISTRATIVA ESPECIAL DE GESTIÓN DE RESTITUCIÓN DE TIERRAS DESPOJADAS | B72: 0 | C72: 0 | D72: 0 | E72: 0 | F72: 0 | G72: 0 | H72: 0 | I72: 0 | J72: 0 | K72: 0 | L72: 0 | M72: 0 | N72: 0 | O72: 0 | P72: 0 | Q72: 0 | R72: 0.0254265 | S72: 0.024351944 | T72: 0.0061525 | U72: 0 | V72: 0 | W72: 0 | X72: 0 | Y72: 0
A73: NUMERAL 0079 FONDO DE LA DIRECCION DE CONSULTA PREVIA | B73: 0 | C73: 0 | D73: 0 | E73: 0 | F73: 0 | G73: 0 | H73: 0 | I73: 0 | J73: 0 | K73: 0 | L73: 0 | M73: 0 | N73: 0 | O73: 0 | P73: 0 | Q73: 0 | R73: 0 | S73: 0 | T73: 0 | U73: 0 | V73: 0 | W73: 0 | X73: 0 | Y73: 0
A74: NUMERAL 0080 FONDO PARA EL FORTALECIMIENTO DE LA INSPECCIÓN,VIGILANCIA Y CONTROL DEL TRABAJO Y LA SEGURIDAD SOCIAL-FIVICOT | B74: 0 | C74: 0 | D74: 0 | E74: 0 | F74: 0 | G74: 0 | H74: 0 | I74: 0 | J74: 0 | K74: 0 | L74: 0 | M74: 0 | N74: 0 | O74: 0 | P74: 0 | Q74: 0 | R74: 0 | S74: 0 | T74: 0 | U74: 0 | V74: 0 | W74: 0 | X74: 0 | Y74: 11.353799
A75: NUMERAL 0081 FONDO DE EMERGENCIA ECONOMICA-FOME | B75: 0 | C75: 0 | D75: 0 | E75: 0 | F75: 0 | G75: 0 | H75: 0 | I75: 0 | J75: 0 | K75: 0 | L75: 0 | M75: 0 | N75: 0 | O75: 0 | P75: 0 | Q75: 0 | R75: 0 | S75: 0 | T75: 0 | U75: 0 | V75: 31987.8 | W75: 28805.752 | X75: 0 | Y75: 338.79308
A76: NUMERAL 0084 FONDO PROMOCIÓN DEL PATRIMONIO -FONCULTURA- LEY 2070 DE 2020 | B76: 0 | C76: 0 | D76: 0 | E76: 0 | F76: 0 | G76: 0 | H76: 0 | I76: 0 | J76: 0 | K76: 0 | L76: 0 | M76: 0 | N76: 0 | O76: 0 | P76: 0 | Q76: 0 | R76: 0 | S76: 0 | T76: 0 | U76: 0 | V76: 0 | W76: 0 | X76: 347.28568 | Y76: 0
A77: NUMERAL 0085 FONDO ESPECIAL PARA EL RECAUDO POR MULTAS Y COBRO COACTIVO (ARTÍCULO 6 LEY 2197 DEL 2022) | X77: 0.0021 | Y77: 0.010487763
A78: NUMERAL 0086 FONDO DE LA JUSTICIA PENAL MILITAR Y POLICIAL | Y78: 0.63545478
A79: NUMERAL OTROS INGRESOS POR CLASIFICAR | B79: 5.9553865 | C79: 0 | D79: 0 | E79: 0 | F79: 0 | G79: 0 | H79: 0 | I79: 86.621409 | J79: 0 | K79: 0 | L79: 0 | M79: 0 | N79: 0 | O79: 0 | P79: 87.254393 | Q79: 0 | R79: 0.84837947 | S79: 0 | T79: 24.562237 | U79: 0 | V79: 0 | W79: 0 | X79: 0
A80: FONDOS ESPECIALES DE LA NACIÓN | B80: =SUM(B8:B79) -> 2794.2097 | C80: =SUM(C8:C79) -> 2002.2843 | D80: =SUM(D8:D79) -> 2779.3269 | E80: =SUM(E8:E79) -> 3716.7951 | F80: =SUM(F8:F79) -> 4081.5548 | G80: =SUM(G8:G79) -> 3803.4575 | H80: =SUM(H8:H79) -> 4316.6776 | I80: =SUM(I8:I79) -> 5215.9586 | ... Y80: =SUM(Y8:Y79) -> 16135.411
A81: =+'CUADRO 1A'!#REF! -> #REF!
A82: Fuente: Dirección General del Presupuesto Público Nacional
B84: 2794.2097 | C84: 2002.2843 | D84: 2779.3269 | E84: 3716.7951 | F84: 4081.5548 | G84: 3803.4575 | H84: 4316.6776
B85: =+B80-B84 -> 0 | C85: =+C80-C84 -> 0 | D85: =+D80-D84 -> 0 | E85: =+E80-E84 -> 0 | F85: =+F80-F84 -> 0 | G85: =+G80-G84 -> 0 | H85: =+H80-H84 -> 0
B88: 0 | C88: 0 | D88: 320.50038 | E88: 691.26481 | F88: 442.73717 | G88: 0 | H88: 594.07684
